Workbook

Sheet Cover
B33: Shoals Technologies Group Model
B35: 44862 | D35: TICKER: | G35: SHLS

Sheet TSM (SHLS)
B3: Summary Financials
B5: Ticker | C5: SHLS
B6: Price | C6: 22.21
B7: As Of | C7: =Cover!$B$35 -> 44862
B8: Basic Shares | C8: =112.667006+54.534591 -> 167.2016
D11: Options | E11: WAEP | F11: In / Out | G11: Proceeds | I11: Market Capitalization
B12: RSUs | D12: 1.810853 | F12: =IF(E12>$C$6,0,1) -> 1 | G12: =F12*E12*D12 -> 0 | I12: ="Current Price (as of "&TEXT(C7,"m/d/yy")&")" -> Current Price (as of 10/28/22) | L12: =C6 -> 22.21
B13: PSUs | D13: 0.242907 | F13: =IF(E13>$C$6,0,1) -> 1 | G13: =F13*E13*D13 -> 0 | I13: Target Price Premium | L13: 0
I14: Target Price | L14: =L12*(1+L13) -> 22.21
B15: Total | D15: =SUM(D12:D14) -> 2.05376 | G15: =SUM(G12:G14) -> 0 | I15: Fully-Diluted Shares | L15: =G20 -> 169.25536
B16: Total ITM | D16: =SUMPRODUCT(D12:D14,F12:F14) -> 2.05376 | I16: Implied Equity Value | L16: =L14*L15 -> 3759.1615
I17: Plus: Debt | L17: =189.515+2+85.14 -> 276.655
B18: Shares Repurchased | G18: =G15/C6 -> 0 | I18: Plus: NCI | L18: -6.714
B19: Shares Issues (Dilution) | G19: =D16-G18 -> 2.05376 | I19: Less: Cash & Cash Equivalents | L19: =-10.094 -> -10.094
B20: Fully Diluted Shares Outstanding | G20: =C8+G19 -> 169.25536 | I20: Implied Total Enterprise Value | L20: =SUM(L16:L19) -> 4019.0085

Sheet Model>>
A1: <LEFT BLANK>

Sheet BS
B2: USD in Millions | N2: 2021 | R2: 2022 | V2: 2023
D3: 2019 | E3: 2020 | F3: 2021 | G3: 2022 | H3: 2023 | I3: =H3+1 -> 2024 | J3: =I3+1 -> 2025 | K3: =J3+1 -> 2026 | L3: =K3+1 -> 2027 | N3: Q1 | O3: Q2 | P3: Q3 | Q3: Q4 | R3: Q1 | S3: Q2 | T3: Q3 | U3: Q4 | V3: Q1 | W3: Q2 | X3: Q3 | Y3: Q4
D4: 43818 | E4: =D4+365 -> 44183 | F4: =E4+365 -> 44548 | G4: =F4+365 -> 44913 | H4: =G4+365 -> 45278 | I4: =H4+365 -> 45643 | J4: =I4+365 -> 46008 | K4: =J4+365 -> 46373 | L4: =K4+365 -> 46738 | N4: 44286 | O4: =N4+90 -> 44376 | P4: =O4+90 -> 44466 | Q4: =P4+90 -> 44556 | R4: =Q4+90 -> 44646 | S4: =R4+90 -> 44736 | T4: =S4+90 -> 44826 | U4: =T4+90 -> 44916 | V4: =U4+90 -> 45006 | ... Y4: =X4+90 -> 45276
B5: Balance Sheet | D5: Actual | E5: Actual | F5: Actual | G5: Forecast | H5: Forecast | I5: Forecast | J5: Forecast | K5: Forecast | L5: Forecast | N5: Actual | O5: Actual | P5: Actual | Q5: Actual | R5: Actual | S5: Actual | T5: Forecast | U5: Forecast | V5: Forecast | W5: Forecast | X5: Forecast | Y5: Forecast
B7: Assets:
B9: Current Assets:
B10: Cash and Cash Equivalents | D10: ='BS FY18-20'!C5/1000 -> 7.082 | E10: ='BS FY18-20'!B5/1000 -> 10.073 | F10: =Q10 -> 5.006 | G10: =U10 -> 30.094 | H10: =Y10 -> 70.094 | I10: =+CF!I40 -> 168.66345 | J10: =+CF!J40 -> 293.81621 | K10: =+CF!K40 -> 445.54292 | L10: =+CF!L40 -> 622.87718 | N10: ='BS 1Q21'!B4/1000 -> 4.227 | O10: ='BS 2Q21'!B4/1000 -> 13.171 | P10: ='BS 3Q21'!B4/1000 -> 14.189 | Q10: ='BS FY21'!B5/1000 -> 5.006 | R10: ='BS 1Q22'!B4/1000 -> 2.534 | S10: ='BS 2Q22'!B4/1000 -> 10.094 | T10: =+CF!T40 -> 20.094 | U10: =+CF!U40 -> 30.094 | V10: =+CF!V40 -> 40.094 | W10: =+CF!W40 -> 50.094 | X10: =+CF!X40 -> 60.094 | Y10: =+CF!Y40 -> 70.094
B11: Accounts Receivable, Net | D11: ='BS FY18-20'!C6/1000 -> 27.292 | E11: ='BS FY18-20'!B6/1000 -> 27.004 | F11: =Q11 -> 31.499 | G11: =U11 -> 44.755178 | H11: =Y11 -> 67.132767 | I11: =I62 -> 83.488992 | J11: =J62 -> 104.64716 | K11: =K62 -> 125.57659 | L11: =L62 -> 144.41308 | N11: ='BS 1Q21'!B5/1000 -> 28.138 | O11: ='BS 2Q21'!B5/1000 -> 42.977 | P11: ='BS 3Q21'!B5/1000 -> 44.588 | Q11: ='BS FY21'!B6/1000 -> 31.499 | R11: ='BS 1Q22'!B5/1000 -> 56.887 | S11: ='BS 2Q22'!B5/1000 -> 57.827 | T11: =T62 -> 55.74137 | U11: =U62 -> 44.755178 | V11: =V62 -> 63.32011 | W11: =W62 -> 68.269399 | X11: =X62 -> 83.612055 | Y11: =Y62 -> 67.132767 | Z11: x
B12: Unbilled Receivables, Net | D12: ='BS FY18-20'!C7/1000 -> 2.505 | E12: ='BS FY18-20'!B7/1000 -> 3.794 | F12: =Q12 -> 13.533 | G12: =U12 -> 13.163288 | H12: =Y12 -> 19.744932 | I12: =I65 -> 25.046698 | J12: =J65 -> 31.394149 | K12: =K65 -> 37.672978 | L12: =L65 -> 43.323925 | N12: ='BS 1Q21'!B6/1000 -> 9.995 | O12: ='BS 2Q21'!B6/1000 -> 6.797 | P12: ='BS 3Q21'!B6/1000 -> 10.554 | Q12: ='BS FY21'!B7/1000 -> 13.533 | R12: ='BS 1Q22'!B6/1000 -> 16.149 | S12: ='BS 2Q22'!B6/1000 -> 14.58 | T12: =T65 -> 16.394521 | U12: =U65 -> 13.163288 | V12: =V65 -> 18.623562 | W12: =W65 -> 20.079235 | X12: =X65 -> 24.591781 | Y12: =Y65 -> 19.744932 | Z12: x
B13: Inventory, Net | D13: ='BS FY18-20'!C8/1000 -> 8.834 | E13: ='BS FY18-20'!B8/1000 -> 15.121 | F13: =Q13 -> 38.368 | G13: =U13 -> 52.804932 | H13: =Y13 -> 74.043493 | I13: =I68 -> 62.616744 | J13: =J68 -> 78.799313 | K13: =K68 -> 94.935905 | L13: =L68 -> 109.60953 | N13: ='BS 1Q21'!B7/1000 -> 21.092 | O13: ='BS 2Q21'!B7/1000 -> 21.272 | P13: ='BS 3Q21'!B7/1000 -> 27.832 | Q13: ='BS FY21'!B8/1000 -> 38.368 | R13: ='BS 1Q22'!B7/1000 -> 49.479 | S13: ='BS 2Q22'!B7/1000 -> 64.961 | T13: =T68 -> 62.582466 | U13: =U68 -> 52.804932 | V13: =V68 -> 68.521644 | W13: =W68 -> 73.601639 | X13: =X68 -> 92.219178 | Y13: =Y68 -> 74.043493 | Z13: x
B14: Other Current Assets | D14: ='BS FY18-20'!C9/1000 -> 0.798 | E14: ='BS FY18-20'!B9/1000 -> 0.155 | F14: =Q14 -> 5.042 | G14: =U14 -> 7.2069 | H14: =Y14 -> 10.81035 | I14: =I71 -> 18.334183 | J14: =J71 -> 22.917728 | K14: =K71 -> 27.501274 | L14: =L71 -> 31.626465 | N14: ='BS 1Q21'!B8/1000 -> 6.512 | O14: ='BS 2Q21'!B8/1000 -> 7.292 | P14: ='BS 3Q21'!B8/1000 -> 11.706 | Q14: ='BS FY21'!B9/1000 -> 5.042 | R14: ='BS 1Q22'!B8/1000 -> 12.651 | S14: ='BS 2Q22'!B8/1000 -> 8.827 | T14: =T71 -> 8.976 | U14: =U71 -> 7.2069 | V14: =V71 -> 10.1964 | W14: =W71 -> 11.0235 | X14: =X71 -> 13.464 | Y14: =Y71 -> 10.81035 | Z14: x
B15: Total Current Assets | D15: =SUM(D10:D14) -> 46.511 | E15: =SUM(E10:E14) -> 56.147 | F15: =SUM(F10:F14) -> 93.448 | G15: =SUM(G10:G14) -> 148.0243 | H15: =SUM(H10:H14) -> 241.82554 | I15: =SUM(I10:I14) -> 358.15007 | J15: =SUM(J10:J14) -> 531.57456 | K15: =SUM(K10:K14) -> 731.22968 | L15: =SUM(L10:L14) -> 951.85018 | N15: =SUM(N10:N14) -> 69.964 | O15: =SUM(O10:O14) -> 91.509 | P15: =SUM(P10:P14) -> 108.869 | Q15: =SUM(Q10:Q14) -> 93.448 | R15: =SUM(R10:R14) -> 137.7 | S15: =SUM(S10:S14) -> 156.289 | T15: =SUM(T10:T14) -> 163.78836 | U15: =SUM(U10:U14) -> 148.0243 | ... Y15: =SUM(Y10:Y14) -> 241.82554
B17: Property, Plant and Equipment, Net | D17: ='BS FY18-20'!C11/1000 -> 10.947 | E17: ='BS FY18-20'!B11/1000 -> 12.763 | F17: =Q17 -> 15.574 | G17: =U17 -> 16.056186 | H17: =Y17 -> 15.86486 | I17: =H17+IS!J92-IS!J101 -> 16.00261 | J17: =I17+IS!K92-IS!K101 -> 16.293144 | K17: =J17+IS!L92-IS!L101 -> 16.430893 | L17: =K17+IS!M92-IS!M101 -> 17.102968 | N17: ='BS 1Q21'!B10/1000 -> 13.16 | O17: ='BS 2Q21'!B10/1000 -> 13.622 | P17: ='BS 3Q21'!B10/1000 -> 14.358 | Q17: ='BS FY21'!B11/1000 -> 15.574 | R17: ='BS 1Q22'!B10/1000 -> 16.032 | S17: ='BS 2Q22'!B10/1000 -> 16.83 | T17: =S17+IS!Y92-IS!Y101 -> 16.531548 | U17: =T17+IS!Z92-IS!Z101 -> 16.056186 | V17: =U17+IS!AA92-IS!AA101 -> 15.886714 | W17: =V17+IS!AB92-IS!AB101 -> 15.80271 | X17: =W17+IS!AC92-IS!AC101 -> 15.97089 | Y17: =X17+IS!AD92-IS!AD101 -> 15.86486 | Z17: x
B18: Goodwill | D18: ='BS FY18-20'!C12/1000 -> 50.176 | E18: ='BS FY18-20'!B12/1000 -> 50.176 | F18: =Q18 -> 69.436 | G18: =U18 -> 69.941 | H18: =Y18 -> 69.941 | I18: =H18 -> 69.941 | J18: =I18 -> 69.941 | K18: =J18 -> 69.941 | L18: =K18 -> 69.941 | N18: ='BS 1Q21'!B11/1000 -> 50.176 | O18: ='BS 2Q21'!B11/1000 -> 50.176 | P18: ='BS 3Q21'!B11/1000 -> 69.321 | Q18: ='BS FY21'!B12/1000 -> 69.436 | R18: ='BS 1Q22'!B11/1000 -> 69.436 | S18: ='BS 2Q22'!B11/1000 -> 69.941 | T18: =S18 -> 69.941 | U18: =T18 -> 69.941 | V18: =U18 -> 69.941 | W18: =V18 -> 69.941 | X18: =W18 -> 69.941 | Y18: =X18 -> 69.941 | Z18: x
B19: Intangible Assets, Net | D19: ='BS FY18-20'!C13/1000 -> 79.973 | E19: ='BS FY18-20'!B13/1000 -> 71.988 | F19: =Q19 -> 65.236 | G19: =U19 -> 56.576 | H19: =Y19 -> 48.658 | I19: =H19-IS!J104 -> 41.073 | J19: =I19-IS!K104 -> 33.488 | K19: =J19-IS!L104 -> 25.903 | L19: =K19-IS!M104 -> 18.318 | N19: ='BS 1Q21'!B12/1000 -> 69.992 | O19: ='BS 2Q21'!B12/1000 -> 67.996 | P19: ='BS 3Q21'!B12/1000 -> 67.508 | Q19: ='BS FY21'!B13/1000 -> 65.236 | R19: ='BS 1Q22'!B12/1000 -> 62.966 | S19: ='BS 2Q22'!B12/1000 -> 60.727 | T19: =S19-IS!Y104 -> 58.6515 | U19: =T19-IS!Z104 -> 56.576 | V19: =U19-IS!AA104 -> 54.5965 | W19: =V19-IS!AB104 -> 52.617 | X19: =W19-IS!AC104 -> 50.6375 | Y19: =X19-IS!AD104 -> 48.658 | Z19: x
B20: Deferred Tax Asset | D20: 0 | E20: 0 | F20: =Q20 -> 176.958 | G20: =U20 -> 175.059 | H20: =Y20 -> 175.059 | I20: =H20 -> 175.059 | J20: =I20 -> 175.059 | K20: =J20 -> 175.059 | L20: =K20 -> 175.059 | N20: ='BS 1Q21'!B13/1000 -> 48.492 | O20: ='BS 2Q21'!B13/1000 -> 49.573 | P20: ='BS 3Q21'!B13/1000 -> 121.545 | Q20: ='BS FY21'!B14/1000 -> 176.958 | R20: ='BS 1Q22'!B13/1000 -> 175.539 | S20: ='BS 2Q22'!B13/1000 -> 175.059 | T20: =S20 -> 175.059 | U20: =T20 -> 175.059 | V20: =U20 -> 175.059 | W20: =V20 -> 175.059 | X20: =W20 -> 175.059 | Y20: =X20 -> 175.059 | Z20: x
B21: Other Assets | D21: 0 | E21: ='BS FY18-20'!B14/1000 -> 4.236 | F21: =Q21 -> 5.762 | G21: =U21 -> 17.771 | H21: =Y21 -> 17.771 | I21: =H21 -> 17.771 | J21: =I21 -> 17.771 | K21: =J21 -> 17.771 | L21: =K21 -> 17.771 | N21: ='BS 1Q21'!B14/1000 -> 0.475 | O21: ='BS 2Q21'!B14/1000 -> 0.84 | P21: ='BS 3Q21'!B14/1000 -> 1.204 | Q21: ='BS FY21'!B15/1000 -> 5.762 | R21: ='BS 1Q22'!B14/1000 -> 12.799 | S21: ='BS 2Q22'!B14/1000 -> 17.771 | T21: =S21 -> 17.771 | U21: =T21 -> 17.771 | V21: =U21 -> 17.771 | W21: =V21 -> 17.771 | X21: =W21 -> 17.771 | Y21: =X21 -> 17.771 | Z21: x
B22: Total Assets | D22: =SUM(D15,SUM(D17:D21)) -> 187.607 | E22: =SUM(E15,SUM(E17:E21)) -> 195.31 | F22: =SUM(F15,SUM(F17:F21)) -> 426.414 | G22: =SUM(G15,SUM(G17:G21)) -> 483.42748 | H22: =SUM(H15,SUM(H17:H21)) -> 569.1194 | I22: =SUM(I15,SUM(I17:I21)) -> 677.99668 | J22: =SUM(J15,SUM(J17:J21)) -> 844.12671 | K22: =SUM(K15,SUM(K17:K21)) -> 1036.3346 | L22: =SUM(L15,SUM(L17:L21)) -> 1250.0422 | N22: =SUM(N15,SUM(N17:N21)) -> 252.259 | O22: =SUM(O15,SUM(O17:O21)) -> 273.716 | P22: =SUM(P15,SUM(P17:P21)) -> 382.805 | Q22: =SUM(Q15,SUM(Q17:Q21)) -> 426.414 | R22: =SUM(R15,SUM(R17:R21)) -> 474.472 | S22: =SUM(S15,SUM(S17:S21)) -> 496.617 | T22: =SUM(T15,SUM(T17:T21)) -> 501.7424 | U22: =SUM(U15,SUM(U17:U21)) -> 483.42748 | ... Y22: =SUM(Y15,SUM(Y17:Y21)) -> 569.1194
B24: Liabilities & Equity:
B26: Current Liabilities:
B27: Accounts Payable | D27: ='BS FY18-20'!C18/1000 -> 10.383 | E27: ='BS FY18-20'!B18/1000 -> 14.634 | F27: =Q27 -> 19.985 | G27: =U27 -> 17.601644 | H27: =Y27 -> 24.681164 | I27: =I78 -> 41.744496 | J27: =J78 -> 52.532875 | K27: =K78 -> 63.290603 | L27: =L78 -> 73.07302 | N27: ='BS 1Q21'!B18/1000 -> 12.941 | O27: ='BS 2Q21'!B18/1000 -> 14.224 | P27: ='BS 3Q21'!B18/1000 -> 18.664 | Q27: ='BS FY21'!B19/1000 -> 19.985 | R27: ='BS 1Q22'!B18/1000 -> 17.879 | S27: ='BS 2Q22'!B18/1000 -> 24.258 | T27: =T78 -> 20.860822 | U27: =U78 -> 17.601644 | V27: =V78 -> 22.840548 | W27: =W78 -> 24.53388 | X27: =X78 -> 30.739726 | Y27: =Y78 -> 24.681164 | Z27: x
B28: Accrued Expenses | D28: ='BS FY18-20'!C19/1000 -> 1.264 | E28: ='BS FY18-20'!B19/1000 -> 5.967 | F28: =Q28 -> 9.569 | G28: =U28 -> 16.0615 | H28: =Y28 -> 22.521562 | I28: =I81 -> 55.002548 | J28: =J81 -> 68.753185 | K28: =K81 -> 82.503822 | L28: =L81 -> 94.879396 | N28: ='BS 1Q21'!B19/1000 -> 8.534 | O28: ='BS 2Q21'!B19/1000 -> 9.499 | P28: ='BS 3Q21'!B19/1000 -> 15.112 | Q28: ='BS FY21'!B20/1000 -> 9.569 | R28: ='BS 1Q22'!B19/1000 -> 14.764 | S28: ='BS 2Q22'!B19/1000 -> 25.297 | T28: =T81 -> 19.0355 | U28: =U81 -> 16.0615 | V28: =V81 -> 20.842 | W28: =W81 -> 22.4485 | X28: =X81 -> 28.05 | Y28: =Y81 -> 22.521562 | Z28: x
B29: Payable pursuant to TRA | D29: 0 | E29: 0 | F29: 0 | G29: =U29 -> 3.583 | H29: =Y29 -> 3.583 | I29: =H29 -> 3.583 | J29: =I29 -> 3.583 | K29: =J29 -> 3.583 | L29: =K29 -> 3.583 | N29: 0 | O29: 0 | P29: 0 | Q29: 0 | R29: ='BS 1Q22'!B20/1000 -> 4.065 | S29: ='BS 2Q22'!B20/1000 -> 3.583 | T29: =S29 -> 3.583 | U29: =T29 -> 3.583 | V29: =U29 -> 3.583 | W29: =V29 -> 3.583 | X29: =W29 -> 3.583 | Y29: =X29 -> 3.583 | Z29: x
B30: Long-Term Debt - Current Portion | D30: ='BS FY18-20'!C20/1000 -> 12.894 | E30: ='BS FY18-20'!B20/1000 -> 3.5 | F30: =Q30 -> 2 | G30: =U30 -> 2 | H30: =Y30 -> 2 | I30: =H30 -> 2 | J30: =I30 -> 2 | K30: =J30 -> 2 | L30: =K30 -> 2 | N30: ='BS 1Q21'!B20/1000 -> 3.5 | O30: ='BS 2Q21'!B20/1000 -> 3.5 | P30: ='BS 3Q21'!B20/1000 -> 2 | Q30: ='BS FY21'!B21/1000 -> 2 | R30: ='BS 1Q22'!B21/1000 -> 2 | S30: ='BS 2Q22'!B21/1000 -> 2 | T30: =S30 -> 2 | U30: =T30 -> 2 | V30: =U30 -> 2 | W30: =V30 -> 2 | X30: =W30 -> 2 | Y30: =X30 -> 2 | Z30: x
B31: Total Current Liabilities | D31: =SUM(D27:D30) -> 24.541 | E31: =SUM(E27:E30) -> 24.101 | F31: =SUM(F27:F30) -> 31.554 | G31: =SUM(G27:G30) -> 39.246144 | H31: =SUM(H27:H30) -> 52.785727 | I31: =SUM(I27:I30) -> 102.33004 | J31: =SUM(J27:J30) -> 126.86906 | K31: =SUM(K27:K30) -> 151.37743 | L31: =SUM(L27:L30) -> 173.53542 | N31: =SUM(N27:N30) -> 24.975 | O31: =SUM(O27:O30) -> 27.223 | P31: =SUM(P27:P30) -> 35.776 | Q31: =SUM(Q27:Q30) -> 31.554 | R31: =SUM(R27:R30) -> 38.708 | S31: =SUM(S27:S30) -> 55.138 | T31: =SUM(T27:T30) -> 45.479322 | U31: =SUM(U27:U30) -> 39.246144 | ... Y31: =SUM(Y27:Y30) -> 52.785727
B33: Revolving Line of Credit | D33: ='BS FY18-20'!C22/1000 -> 0 | E33: ='BS FY18-20'!B22/1000 -> 20 | F33: =Q33 -> 55.14 | G33: =U33 -> 66.185077 | H33: =Y33 -> 54.263244 | I33: =IS!J135 -> 0 | J33: =IS!K135 -> 0 | K33: =IS!L135 -> 0 | L33: =IS!M135 -> 0 | N33: ='BS 1Q21'!B22/1000 -> 39 | O33: ='BS 2Q21'!B22/1000 -> 49 | P33: ='BS 3Q21'!B22/1000 -> 60.14 | Q33: ='BS FY21'!B23/1000 -> 55.14 | R33: ='BS 1Q22'!B23/1000 -> 90.14 | S33: ='BS 2Q22'!B23/1000 -> 85.14 | T33: =IS!Y135 -> 85.736197 | U33: =IS!Z135 -> 66.185077 | V33: =IS!AA135 -> 88.033128 | W33: =IS!AB135 -> 84.916633 | X33: =IS!AC135 -> 94.141316 | Y33: =IS!AD135 -> 54.263244 | Z33: x
B34: Long-Term Debt, Less Current Portion | D34: ='BS FY18-20'!C23/1000 -> 13.16 | E34: ='BS FY18-20'!B23/1000 -> 335.332 | F34: =Q34 -> 189.913 | G34: =U34 -> 189.515 | H34: =Y34 -> 189.515 | I34: =+IS!J155 -> 189.515 | J34: =+IS!K155 -> 189.515 | K34: =+IS!L155 -> 189.515 | L34: =+IS!M155 -> 189.515 | N34: ='BS 1Q21'!B23/1000 -> 189.45 | O34: ='BS 2Q21'!B23/1000 -> 188.859 | P34: ='BS 3Q21'!B23/1000 -> 190.136 | Q34: ='BS FY21'!B24/1000 -> 189.913 | R34: ='BS 1Q22'!B24/1000 -> 189.689 | S34: ='BS 2Q22'!B24/1000 -> 189.515 | T34: =+IS!X155 -> 189.515 | U34: =+IS!Y155 -> 189.515 | V34: =+IS!Z155 -> 189.515 | W34: =+IS!AA155 -> 189.515 | X34: =+IS!AB155 -> 189.515 | Y34: =+IS!AC155 -> 189.515 | Z34: x
B35: TRA Liability | D35: 0 | E35: 0 | F35: =Q35 -> 156.374 | G35: =U35 -> 153.591 | H35: =Y35 -> 153.591 | I35: =H35 -> 153.591 | J35: =I35 -> 153.591 | K35: =J35 -> 153.591 | L35: =K35 -> 153.591 | N35: ='BS 1Q21'!B24/1000 -> 41.692 | O35: ='BS 2Q21'!B24/1000 -> 43.356 | P35: ='BS 3Q21'!B24/1000 -> 107.88 | Q35: ='BS FY21'!B25/1000 -> 156.374 | R35: ='BS 1Q22'!B25/1000 -> 152.309 | S35: ='BS 2Q22'!B25/1000 -> 153.591 | T35: =S35 -> 153.591 | U35: =T35 -> 153.591 | V35: =U35 -> 153.591 | W35: =V35 -> 153.591 | X35: =W35 -> 153.591 | Y35: =X35 -> 153.591 | Z35: x
B36: Other Long-term Liabilities | F36: =Q36 -> 0.931 | G36: =U36 -> 4.793 | H36: =Y36 -> 4.793 | I36: =H36 -> 4.793 | J36: =I36 -> 4.793 | K36: =J36 -> 4.793 | L36: =K36 -> 4.793 | N36: 0 | O36: 0 | P36: 0 | Q36: ='BS FY21'!B26/1000 -> 0.931 | R36: ='BS 1Q22'!B26/1000 -> 5.074 | S36: ='BS 2Q22'!B26/1000 -> 4.793 | T36: =S36 -> 4.793 | U36: =T36 -> 4.793 | V36: =U36 -> 4.793 | W36: =V36 -> 4.793 | X36: =W36 -> 4.793 | Y36: =X36 -> 4.793 | Z36: x
B37: $100.0M Revolver | D37: 0 | E37: 0 | F37: =Q37 -> 0 | G37: ='BS FY18-20'!F24/1000 -> 0 | H37: ='BS FY18-20'!G24/1000 -> 0 | I37: ='BS FY18-20'!H24/1000 -> 0 | J37: ='BS FY18-20'!I24/1000 -> 0 | K37: ='BS FY18-20'!J24/1000 -> 0 | L37: ='BS FY18-20'!K24/1000 -> 0 | N37: 0 | O37: 0 | P37: 0 | Q37: 0 | R37: 0 | S37: 0 | T37: 0 | U37: 0 | V37: 0 | W37: 0 | X37: 0 | Y37: 0 | Z37: delete later
B38: Term Loan | D38: 0 | E38: 0 | F38: =Q38 -> 0 | G38: ='BS FY18-20'!F25/1000 -> 0 | H38: ='BS FY18-20'!G25/1000 -> 0 | I38: ='BS FY18-20'!H25/1000 -> 0 | J38: ='BS FY18-20'!I25/1000 -> 0 | K38: ='BS FY18-20'!J25/1000 -> 0 | L38: ='BS FY18-20'!K25/1000 -> 0 | N38: 0 | O38: 0 | P38: 0 | Q38: 0 | R38: 0 | S38: 0 | T38: 0 | U38: 0 | V38: 0 | W38: 0 | X38: 0 | Y38: 0 | Z38: delete later
B39: Total Liabilities | D39: =SUM(D31,SUM(D33:D38)) -> 37.701 | E39: =SUM(E31,SUM(E33:E38)) -> 379.433 | F39: =SUM(F31,SUM(F33:F38)) -> 433.912 | G39: =SUM(G31,SUM(G33:G38)) -> 453.33022 | H39: =SUM(H31,SUM(H33:H38)) -> 454.94797 | I39: =SUM(I31,SUM(I33:I38)) -> 450.22904 | J39: =SUM(J31,SUM(J33:J38)) -> 474.76806 | K39: =SUM(K31,SUM(K33:K38)) -> 499.27643 | L39: =SUM(L31,SUM(L33:L38)) -> 521.43442 | N39: =SUM(N31,SUM(N33:N38)) -> 295.117 | O39: =SUM(O31,SUM(O33:O38)) -> 308.438 | P39: =SUM(P31,SUM(P33:P38)) -> 393.932 | Q39: =SUM(Q31,SUM(Q33:Q38)) -> 433.912 | R39: =SUM(R31,SUM(R33:R38)) -> 475.92 | S39: =SUM(S31,SUM(S33:S38)) -> 488.177 | T39: =SUM(T31,SUM(T33:T38)) -> 479.11452 | U39: =SUM(U31,SUM(U33:U38)) -> 453.33022 | ... Y39: =SUM(Y31,SUM(Y33:Y38)) -> 454.94797
B41: Equity:
B42: Paid-in Capital | F42: =Q42 -> 95.684 | G42: =U42 -> 101.243 | H42: =Y42 -> 101.243 | I42: =H42 -> 101.243 | J42: =I42 -> 101.243 | K42: =J42 -> 101.243 | L42: =K42 -> 101.243 | N42: ='BS 1Q21'!B32/1000 -> 78.073 | O42: ='BS 2Q21'!B32/1000 -> 78.883 | P42: ='BS 3Q21'!B32/1000 -> 92.149 | Q42: ='BS FY21'!B34/1000 -> 95.684 | R42: ='BS 1Q22'!B33/1000 -> 98.376 | S42: ='BS 2Q22'!B33/1000 -> 101.243 | T42: =S42 -> 101.243 | U42: =T42 -> 101.243 | V42: =U42 -> 101.243 | W42: =V42 -> 101.243 | X42: =W42 -> 101.243 | Y42: =X42 -> 101.243 | Z42: x
B43: Other Stockholders Equity | D43: ='BS FY18-20'!C26/1000 -> 149.906 | E43: ='BS FY18-20'!B26/1000 -> -184.123 | F43: =Q43 -> -93.133 | G43: =U43 -> -64.433738 | H43: =Y43 -> 19.640432 | I43: =+H43+IS!J56+CF!I11 -> 133.23664 | J43: =+I43+IS!K56+CF!J11 -> 274.82764 | K43: =+J43+IS!L56+CF!K11 -> 442.52714 | L43: =+K43+IS!M56+CF!L11 -> 634.07673 | N43: =SUM('BS 1Q21'!B33)/1000 -> -98.34 | O43: ='BS 2Q21'!B33/1000 -> -93.782 | P43: ='BS 3Q21'!B33/1000 -> -91.296 | Q43: ='BS FY21'!B35/1000 -> -93.133 | R43: ='BS 1Q22'!B34/1000 -> -90.493 | S43: ='BS 2Q22'!B34/1000 -> -86.091 | T43: =S43+IS!Y56+IS!Y50 -> -71.903115 | U43: =T43+IS!Z56+IS!Z50 -> -64.433738 | V43: =U43+IS!AA56+IS!AA50 -> -45.718746 | W43: =V43+IS!AB56+IS!AB50 -> -25.65353 | X43: =W43+IS!AC56+IS!AC50 -> 2.4163621 | Y43: =X43+IS!AD56+IS!AD50 -> 19.640432 | Z43: x
B44: Total Equity | D44: =SUM(D42:D43) -> 149.906 | E44: =SUM(E42:E43) -> -184.123 | F44: =SUM(F42:F43) -> 2.551 | G44: =SUM(G42:G43) -> 36.809262 | H44: =SUM(H42:H43) -> 120.88343 | I44: =SUM(I42:I43) -> 234.47964 | J44: =SUM(J42:J43) -> 376.07064 | K44: =SUM(K42:K43) -> 543.77014 | L44: =SUM(L42:L43) -> 735.31973 | N44: =SUM(N42:N43) -> -20.267 | O44: =SUM(O42:O43) -> -14.899 | P44: =SUM(P42:P43) -> 0.853 | Q44: =SUM(Q42:Q43) -> 2.551 | R44: =SUM(R42:R43) -> 7.883 | S44: =SUM(S42:S43) -> 15.152 | T44: =SUM(T42:T43) -> 29.339885 | U44: =SUM(U42:U43) -> 36.809262 | ... Y44: =SUM(Y42:Y43) -> 120.88343
B46: Non-Controlling Interest | D46: 0 | E46: 0 | F46: =Q46 -> -10.051 | G46: =U46 -> -6.714 | H46: =Y46 -> -6.714 | I46: =H46 -> -6.714 | J46: =I46 -> -6.714 | K46: =J46 -> -6.714 | L46: =K46 -> -6.714 | N46: ='BS 1Q21'!B35/1000 -> -22.593 | O46: ='BS 2Q21'!B35/1000 -> -19.825 | P46: ='BS 3Q21'!B35/1000 -> -11.982 | Q46: ='BS FY21'!B37/1000 -> -10.051 | R46: ='BS 1Q22'!B36/1000 -> -9.333 | S46: ='BS 2Q22'!B36/1000 -> -6.714 | T46: =S46 -> -6.714 | U46: =T46 -> -6.714 | V46: =U46 -> -6.714 | W46: =V46 -> -6.714 | X46: =W46 -> -6.714 | Y46: =X46 -> -6.714 | Z46: x
B48: Total Liabilities & Equity | D48: =SUM(D39,D44,D46) -> 187.607 | E48: =SUM(E39,E44,E46) -> 195.31 | F48: =SUM(F39,F44,F46) -> 426.412 | G48: =SUM(G39,G44,G46) -> 483.42548 | H48: =SUM(H39,H44,H46) -> 569.1174 | I48: =SUM(I39,I44,I46) -> 677.99468 | J48: =SUM(J39,J44,J46) -> 844.12471 | K48: =SUM(K39,K44,K46) -> 1036.3326 | L48: =SUM(L39,L44,L46) -> 1250.0402 | N48: =SUM(N39,N44,N46) -> 252.257 | O48: =SUM(O39,O44,O46) -> 273.714 | P48: =SUM(P39,P44,P46) -> 382.803 | Q48: =SUM(Q39,Q44,Q46) -> 426.412 | R48: =SUM(R39,R44,R46) -> 474.47 | S48: =SUM(S39,S44,S46) -> 496.615 | T48: =SUM(T39,T44,T46) -> 501.7404 | U48: =SUM(U39,U44,U46) -> 483.42548 | ... Y48: =SUM(Y39,Y44,Y46) -> 569.1174
B50: Check | D50: =D48-D22 -> 0 | E50: =E48-E22 -> 0 | F50: =F48-F22 -> -0.002 | G50: =G48-G22 -> -0.002 | H50: =H48-H22 -> -0.002 | I50: =I48-I22 -> -0.002 | J50: =J48-J22 -> -0.002 | K50: =K48-K22 -> -0.002 | L50: =L48-L22 -> -0.002 | N50: =N48-N22 -> -0.002 | O50: =O48-O22 -> -0.002 | P50: =P48-P22 -> -0.002 | Q50: =Q48-Q22 -> -0.002 | R50: =R48-R22 -> -0.002 | S50: =S48-S22 -> -0.002 | T50: =T48-T22 -> -0.002 | U50: =U48-U22 -> -0.002 | ... Y50: =Y48-Y22 -> -0.002
B55: Net Working Capital Schedule
B57: Memo: Days | D57: 365 | E57: 366 | F57: 365 | G57: 365 | H57: 365 | I57: 366 | J57: 365 | K57: 365 | L57: 365 | N57: =F57/4 -> 91.25 | O57: =N57 -> 91.25 | P57: =O57 -> 91.25 | Q57: =P57 -> 91.25 | R57: =G57/4 -> 91.25 | S57: =R57 -> 91.25 | T57: =S57 -> 91.25 | U57: =T57 -> 91.25 | V57: =H57/4 -> 91.25 | W57: =I57/4 -> 91.5 | X57: =J57/4 -> 91.25 | Y57: =K57/4 -> 91.25
B58: Memo: Revenue | D58: =IS!E9 -> 144.496 | E58: =IS!F9 -> 175.518 | F58: =IS!G9 -> 213.212 | G58: =IS!H9 -> 303.295 | H58: =IS!I9 -> 470.10725 | I58: =IS!J9 -> 611.13943 | J58: =IS!K9 -> 763.92428 | K58: =IS!L9 -> 916.70914 | L58: =IS!M9 -> 1054.2155 | N58: =IS!O9 -> 40.74 | O58: =IS!P9 -> 43.427 | P58: =IS!Q9 -> 52.598 | Q58: =IS!R9 -> 38.753 | R58: =IS!S9 -> 45.604 | S58: =IS!T9 -> 59.722 | T58: =IS!U9 -> 59.84 | U58: =IS!V9 -> 48.046 | ... Y58: =IS!Z9 -> 72.069
B59: Memo: Cost of Revenue | D59: =IS!E12 -> 100.284 | E59: =IS!F12 -> 108.972 | F59: =IS!G12 -> 130.567 | G59: =IS!H12 -> 187.72412 | H59: =IS!I12 -> 293.81703 | I59: =IS!J12 -> 381.96214 | J59: =IS!K12 -> 479.36249 | K59: =IS!L12 -> 577.52676 | L59: =IS!M12 -> 666.79131 | N59: =IS!O12 -> 26.554 | O59: =IS!P12 -> 26.598 | P59: =IS!Q12 -> 31.909 | Q59: =IS!R12 -> 23.911 | R59: =IS!S12 -> 26.83 | S59: =IS!T12 -> 33.543 | T59: =IS!U12 -> 38.071 | U59: =IS!V12 -> 32.123 | ... Y59: =IS!Z12 -> 45.043125
B61: Current Assets:
B62: Accounts Receivable, Net | D62: =D11 -> 27.292 | E62: =E11 -> 27.004 | F62: =F11 -> 31.499 | G62: =U62 -> 44.755178 | H62: =Y62 -> 67.132767 | I62: =I63/I$57*I$58 -> 83.488992 | J62: =J63/J$57*J$58 -> 104.64716 | K62: =K63/K$57*K$58 -> 125.57659 | L62: =L63/L$57*L$58 -> 144.41308 | N62: =N11 -> 28.138 | O62: =O11 -> 42.977 | P62: =P11 -> 44.588 | Q62: =Q11 -> 31.499 | R62: =R11 -> 56.887 | S62: =S11 -> 57.827 | T62: =T63/T$57*T$58 -> 55.74137 | U62: =U63/U$57*U$58 -> 44.755178 | V62: =V63/V$57*V$58 -> 63.32011 | W62: =W63/W$57*W$58 -> 68.269399 | X62: =X63/X$57*X$58 -> 83.612055 | Y62: =Y63/Y$57*Y$58 -> 67.132767
B63: AR Days | D63: =(D62/D$58)*D$57 -> 68.940178 | E63: =(E62/E$58)*E$57 -> 56.310259 | F63: =(F62/F$58)*F$57 -> 53.923489 | G63: =(G62/G$58)*G$57 -> 53.860565 | H63: =(H62/H$58)*H$57 -> 52.123127 | I63: 50 | J63: =I63 -> 50 | K63: =J63 -> 50 | L63: =K63 -> 50 | N63: =(N62/N$58)*N$57 -> 63.023871 | O63: =(O62/O$58)*O$57 -> 90.304448 | P63: =(P62/P$58)*P$57 -> 77.353797 | Q63: =(Q62/Q$58)*Q$57 -> 74.169322 | R63: =(R62/R$58)*R$57 -> 113.82639 | S63: =(S62/S$58)*S$57 -> 88.354606 | T63: 85 | U63: =T63 -> 85 | V63: =U63 -> 85 | W63: =V63 -> 85 | X63: =W63 -> 85 | Y63: =X63 -> 85
B65: Unbilled Receivables, Net | D65: =D12 -> 2.505 | E65: =E12 -> 3.794 | F65: =F12 -> 13.533 | G65: =U65 -> 13.163288 | H65: =Y65 -> 19.744932 | I65: =I66/I57*I58 -> 25.046698 | J65: =J66/J57*J58 -> 31.394149 | K65: =K66/K57*K58 -> 37.672978 | L65: =L66/L57*L58 -> 43.323925 | N65: =N12 -> 9.995 | O65: =O12 -> 6.797 | P65: =P12 -> 10.554 | Q65: =Q12 -> 13.533 | R65: =R12 -> 16.149 | S65: =S12 -> 14.58 | T65: =T66/T$57*T$58 -> 16.394521 | U65: =U66/U$57*U$58 -> 13.163288 | V65: =V66/V$57*V$58 -> 18.623562 | W65: =W66/W$57*W$58 -> 20.079235 | X65: =X66/X$57*X$58 -> 24.591781 | Y65: =Y66/Y$57*Y$58 -> 19.744932
B66: Unbilled Receivables Days | D66: =(D65/D$58)*D$57 -> 6.3276838 | E66: =(E65/E$58)*E$57 -> 7.9114621 | F66: =(F65/F$58)*F$57 -> 23.167294 | G66: =(G65/G$58)*G$57 -> 15.841343 | H66: =(H65/H$58)*H$57 -> 15.330332 | I66: 15 | J66: =I66 -> 15 | K66: =J66 -> 15 | L66: =K66 -> 15 | N66: =(N65/N$58)*N$57 -> 22.386935 | O66: =(O65/O$58)*O$57 -> 14.282042 | P66: =(P65/P$58)*P$57 -> 18.309679 | Q66: =(Q65/Q$58)*Q$57 -> 31.865565 | R66: =(R65/R$58)*R$57 -> 32.312873 | S66: =(S65/S$58)*S$57 -> 22.276967 | T66: 25 | U66: =T66 -> 25 | V66: =U66 -> 25 | W66: =V66 -> 25 | X66: =W66 -> 25 | Y66: =X66 -> 25
B68: Inventory, Net | D68: =D13 -> 8.834 | E68: =E13 -> 15.121 | F68: =F13 -> 38.368 | G68: =U68 -> 52.804932 | H68: =Y68 -> 74.043493 | I68: =I69/I57*I59 -> 62.616744 | J68: =J69/J57*J59 -> 78.799313 | K68: =K69/K57*K59 -> 94.935905 | L68: =L69/L57*L59 -> 109.60953 | N68: =N13 -> 21.092 | O68: =O13 -> 21.272 | P68: =P13 -> 27.832 | Q68: =Q13 -> 38.368 | R68: =R13 -> 49.479 | S68: =S13 -> 64.961 | T68: =T69/T$57*T$59 -> 62.582466 | U68: =U69/U$57*U$59 -> 52.804932 | V68: =V69/V$57*V$59 -> 68.521644 | W68: =W69/W$57*W$59 -> 73.601639 | X68: =X69/X$57*X$59 -> 92.219178 | Y68: =Y69/Y$57*Y$59 -> 74.043493
B69: Inventory Days | D69: =(D68/D$59)*D$57 -> 32.152786 | E69: =(E68/E$59)*E$57 -> 50.786312 | F69: =(F68/F$59)*F$57 -> 107.25773 | G69: =(G68/G$59)*G$57 -> 102.67087 | H69: =(H68/H$59)*H$57 -> 91.981989 | I69: 60 | J69: =I69 -> 60 | K69: =J69 -> 60 | L69: =K69 -> 60 | N69: =(N68/N$59)*N$57 -> 72.480417 | O69: =(O68/O$59)*O$57 -> 72.978043 | P69: =(P68/P$59)*P$57 -> 79.591024 | Q69: =(Q68/Q$59)*Q$57 -> 146.42131 | R69: =(R68/R$59)*R$57 -> 168.28024 | S69: =(S68/S$59)*S$57 -> 176.71917 | T69: 150 | U69: =T69 -> 150 | V69: =U69 -> 150 | W69: =V69 -> 150 | X69: =W69 -> 150 | Y69: =X69 -> 150
B71: Other Current Assets | D71: =D14 -> 0.798 | E71: =E14 -> 0.155 | F71: =F14 -> 5.042 | G71: =U71 -> 7.2069 | H71: =Y71 -> 10.81035 | I71: =I72*I58 -> 18.334183 | J71: =J72*J58 -> 22.917728 | K71: =K72*K58 -> 27.501274 | L71: =L72*L58 -> 31.626465 | N71: =N14 -> 6.512 | O71: =O14 -> 7.292 | P71: =P14 -> 11.706 | Q71: =Q14 -> 5.042 | R71: =R14 -> 12.651 | S71: =S14 -> 8.827 | T71: =T72*T58 -> 8.976 | U71: =U72*U58 -> 7.2069 | V71: =V72*V58 -> 10.1964 | W71: =W72*W58 -> 11.0235 | X71: =X72*X58 -> 13.464 | Y71: =Y72*Y58 -> 10.81035
B72: % of Revenue | D72: =D71/D58 -> 0.0055226442 | E72: =E71/E58 -> 0.00088310031 | F72: =F71/F58 -> 0.023647825 | G72: =G71/G58 -> 0.023762014 | H72: =H71/H58 -> 0.022995497 | I72: 0.03 | J72: =I72 -> 0.03 | K72: =J72 -> 0.03 | L72: =K72 -> 0.03 | N72: =N71/N58 -> 0.15984291 | O72: =O71/O58 -> 0.16791397 | P72: =P71/P58 -> 0.22255599 | Q72: =Q71/Q58 -> 0.13010606 | R72: =R71/R58 -> 0.27740988 | S72: =S71/S58 -> 0.14780148 | T72: 0.15 | U72: =T72 -> 0.15 | V72: =U72 -> 0.15 | W72: =V72 -> 0.15 | X72: =W72 -> 0.15 | Y72: =X72 -> 0.15
B74: Total Current Assets | D74: =SUM(D62,D65,D68,D71) -> 39.429 | E74: =SUM(E62,E65,E68,E71) -> 46.074 | F74: =SUM(F62,F65,F68,F71) -> 88.442 | G74: =SUM(G62,G65,G68,G71) -> 117.9303 | H74: =SUM(H62,H65,H68,H71) -> 171.73154 | I74: =SUM(I62,I65,I68,I71) -> 189.48662 | J74: =SUM(J62,J65,J68,J71) -> 237.75835 | K74: =SUM(K62,K65,K68,K71) -> 285.68675 | L74: =SUM(L62,L65,L68,L71) -> 328.973 | N74: =SUM(N62,N65,N68,N71) -> 65.737 | O74: =SUM(O62,O65,O68,O71) -> 78.338 | P74: =SUM(P62,P65,P68,P71) -> 94.68 | Q74: =SUM(Q62,Q65,Q68,Q71) -> 88.442 | R74: =SUM(R62,R65,R68,R71) -> 135.166 | S74: =SUM(S62,S65,S68,S71) -> 146.195 | T74: =SUM(T62,T65,T68,T71) -> 143.69436 | U74: =SUM(U62,U65,U68,U71) -> 117.9303 | ... Y74: =SUM(Y62,Y65,Y68,Y71) -> 171.73154
B75: % of Sales | D75: =D74/D58 -> 0.27287261 | E75: =E74/E58 -> 0.26250299 | F75: =F74/F58 -> 0.4148078 | G75: =G74/G58 -> 0.38883034 | H75: =H74/H58 -> 0.3653029 | I75: =I74/I58 -> 0.31005464 | J75: =J74/J58 -> 0.31123288 | K75: =K74/K58 -> 0.31164384 | L75: =L74/L58 -> 0.31205479 | N75: =N74/N58 -> 1.6135739 | O75: =O74/O58 -> 1.8039008 | P75: =P74/P58 -> 1.8000684 | Q75: =Q74/Q58 -> 2.2821975 | R75: =R74/R58 -> 2.9639067 | S75: =S74/S58 -> 2.4479254 | T75: =T74/T58 -> 2.4013094 | U75: =U74/U58 -> 2.4545289 | ... Y75: =Y74/Y58 -> 2.3828767
B77: Current Liabilities:
B78: Accounts Payable | D78: =D27 -> 10.383 | E78: =E27 -> 14.634 | F78: =F27 -> 19.985 | G78: =U78 -> 17.601644 | H78: =Y78 -> 24.681164 | I78: =I79/I57*I59 -> 41.744496 | J78: =J79/J57*J59 -> 52.532875 | K78: =K79/K57*K59 -> 63.290603 | L78: =L79/L57*L59 -> 73.07302 | N78: =N27 -> 12.941 | O78: =O27 -> 14.224 | P78: =P27 -> 18.664 | Q78: =Q27 -> 19.985 | R78: =R27 -> 17.879 | S78: =S27 -> 24.258 | T78: =T79/T57*T59 -> 20.860822 | U78: =U79/U57*U59 -> 17.601644 | V78: =V79/V57*V59 -> 22.840548 | W78: =W79/W57*W59 -> 24.53388 | X78: =X79/X57*X59 -> 30.739726 | Y78: =Y79/Y57*Y59 -> 24.681164
B79: AP Days | D79: =(D78/D$59)*D$57 -> 37.790625 | E79: =(E78/E$59)*E$57 -> 49.150644 | F79: =(F78/F$59)*F$57 -> 55.86806 | G79: =(G78/G$59)*G$57 -> 34.223625 | H79: =(H78/H$59)*H$57 -> 30.660663 | I79: 40 | J79: =I79 -> 40 | K79: =J79 -> 40 | L79: =K79 -> 40 | N79: =(N78/N$59)*N$57 -> 44.470372 | O79: =(O78/O$59)*O$57 -> 48.798406 | P79: =(P78/P$59)*P$57 -> 53.373343 | Q79: =(Q78/Q$59)*Q$57 -> 76.267461 | R79: =(R78/R$59)*R$57 -> 60.807259 | S79: =(S78/S$59)*S$57 -> 65.99119 | T79: 50 | U79: =T79 -> 50 | V79: =U79 -> 50 | W79: =V79 -> 50 | X79: =W79 -> 50 | Y79: =X79 -> 50
B81: Accrued Expenses | D81: =D28 -> 1.264 | E81: =E28 -> 5.967 | F81: =F28 -> 9.569 | G81: =U81 -> 16.0615 | H81: =Y81 -> 22.521562 | I81: =I82*I58 -> 55.002548 | J81: =J82*J58 -> 68.753185 | K81: =K82*K58 -> 82.503822 | L81: =L82*L58 -> 94.879396 | N81: =N28 -> 8.534 | O81: =O28 -> 9.499 | P81: =P28 -> 15.112 | Q81: =Q28 -> 9.569 | R81: =R28 -> 14.764 | S81: =S28 -> 25.297 | T81: =T82*T59 -> 19.0355 | U81: =U82*U59 -> 16.0615 | V81: =V82*V59 -> 20.842 | W81: =W82*W59 -> 22.4485 | X81: =X82*X59 -> 28.05 | Y81: =Y82*Y59 -> 22.521562
B82: % of Cost of Revenue | D82: =D81/D59 -> 0.012604204 | E82: =E81/E59 -> 0.054757185 | F82: =F81/F59 -> 0.073288044 | G82: =G81/G59 -> 0.085559062 | H82: =H81/H59 -> 0.076651658 | I82: 0.09 | J82: =I82 -> 0.09 | K82: =J82 -> 0.09 | L82: =K82 -> 0.09 | N82: =N81/N59 -> 0.32138284 | O82: =O81/O59 -> 0.35713212 | P82: =P81/P59 -> 0.47359679 | Q82: =Q81/Q59 -> 0.40019238 | R82: =R81/R59 -> 0.55027954 | S82: =S81/S59 -> 0.75416629 | T82: 0.5 | U82: =T82 -> 0.5 | V82: =U82 -> 0.5 | W82: =V82 -> 0.5 | X82: =W82 -> 0.5 | Y82: =X82 -> 0.5
B84: Total Current Liabilities | D84: =SUM(D78,D81) -> 11.647 | E84: =SUM(E78,E81) -> 20.601 | F84: =SUM(F78,F81) -> 29.554 | G84: =SUM(G78,G81) -> 33.663144 | H84: =SUM(H78,H81) -> 47.202727 | I84: =SUM(I78,I81) -> 96.747044 | J84: =SUM(J78,J81) -> 121.28606 | K84: =SUM(K78,K81) -> 145.79443 | L84: =SUM(L78,L81) -> 167.95242 | N84: =SUM(N78,N81) -> 21.475 | O84: =SUM(O78,O81) -> 23.723 | P84: =SUM(P78,P81) -> 33.776 | Q84: =SUM(Q78,Q81) -> 29.554 | R84: =SUM(R78,R81) -> 32.643 | S84: =SUM(S78,S81) -> 49.555 | T84: =SUM(T78,T81) -> 39.896322 | U84: =SUM(U78,U81) -> 33.663144 | ... Y84: =SUM(Y78,Y81) -> 47.202727
B86: Net Working Capital | D86: =D74-D84 -> 27.782 | E86: =E74-E84 -> 25.473 | F86: =F74-F84 -> 58.888 | G86: =G74-G84 -> 84.267153 | H86: =H74-H84 -> 124.52881 | I86: =I74-I84 -> 92.739573 | J86: =J74-J84 -> 116.47229 | K86: =K74-K84 -> 139.89233 | L86: =L74-L84 -> 161.02059 | N86: =N74-N84 -> 44.262 | O86: =O74-O84 -> 54.615 | P86: =P74-P84 -> 60.904 | Q86: =Q74-Q84 -> 58.888 | R86: =R74-R84 -> 102.523 | S86: =S74-S84 -> 96.64 | T86: =T74-T84 -> 103.79803 | U86: =U74-U84 -> 84.267153 | ... Y86: =Y74-Y84 -> 124.52881
B88: Change in Net Working Capital | E88: =D86-E86 -> 2.309 | F88: =E86-F86 -> -33.415 | G88: =F86-G86 -> -25.379153 | H88: =G86-H86 -> -40.261661 | I88: =H86-I86 -> 31.789242 | J88: =I86-J86 -> -23.732718 | K88: =J86-K86 -> -23.420035 | L88: =K86-L86 -> -21.128262 | N88: =E86-N86 -> -18.789 | O88: =N86-O86 -> -10.353 | P88: =O86-P86 -> -6.289 | Q88: =P86-Q86 -> 2.016 | R88: =Q86-R86 -> -43.635 | S88: =R86-S86 -> 5.883 | T88: =S86-T86 -> -7.1580342 | U88: =T86-U86 -> 19.530881 | V88: =U86-V86 -> -32.712014 | ... Y88: =X86-Y86 -> 30.568473

Sheet IS
B2: USD in Millions | D2: Fiscal Year Ended December 31, | O2: 2020 | S2: =O2+1 -> 2021 | W2: =S2+1 -> 2022 | AA2: =W2+1 -> 2023
D3: 2018 | E3: 2019 | F3: 2020 | G3: 2021 | H3: 2022 | I3: 2023 | J3: 2024 | K3: 2025 | L3: 2026 | M3: 2027 | O3: Q1 | P3: Q2 | Q3: Q3 | R3: Q4 | S3: Q1 | T3: Q2 | U3: Q3 | V3: Q4 | W3: Q1 | X3: Q2 | Y3: Q3 | Z3: Q4 | AA3: Q1 | AB3: Q2 | AC3: Q3 | AD3: Q4
D4: 43465 | E4: =D4+365 -> 43830 | F4: =E4+365 -> 44195 | G4: =F4+365 -> 44560 | H4: =G4+365 -> 44925 | I4: =H4+365 -> 45290 | J4: =I4+365 -> 45655 | K4: =J4+365 -> 46020 | L4: =K4+365 -> 46385 | M4: =L4+365 -> 46750 | O4: 43911 | P4: 44003 | Q4: 44095 | R4: 44186 | S4: 44276 | T4: 44368 | U4: 44460 | V4: 44551 | W4: 44641 | X4: 44733 | Y4: 44825 | Z4: 44916 | AA4: 45006 | AB4: 45098 | AC4: 45190 | AD4: 45281
B5: Income Statement | D5: Actual | E5: Actual | F5: Actual | G5: Actual | H5: Forecast | I5: Forecast | J5: Forecast | K5: Forecast | L5: Forecast | M5: Forecast | O5: Actual | P5: Actual | Q5: Actual | R5: Actual | S5: Actual | T5: Actual | U5: Actual | V5: Actual | W5: Actual | X5: Actual | Y5: Forecast | Z5: Forecast | AA5: Forecast | AB5: Forecast | AC5: Forecast | AD5: Forecast
B7: Non-GAAP Income Statement
P8: =P9/O9-1 -> 0.065954836 | Q8: =Q9/P9-1 -> 0.21118198 | R8: =R9/Q9-1 -> -0.26322294 | S8: =S9/R9-1 -> 0.17678631 | T8: =T9/S9-1 -> 0.30957811 | U8: =U9/T9-1 -> 0.0019758213 | V8: =V9/U9-1 -> -0.19709225 | W8: =W9/V9-1 -> 0.41481081 | ... AD8: =AD9/AC9-1 -> -0.19709225
B9: Total Revenue | D9: 103.75 | E9: 144.496 | F9: 175.518 | G9: 213.212 | H9: =SUM(W9:Z9) -> 303.295 | I9: =SUM(AA9:AD9) -> 470.10725 | J9: =I9*(1+J10) -> 611.13943 | K9: =J9*(1+K10) -> 763.92428 | L9: =K9*(1+L10) -> 916.70914 | M9: =L9*(1+M10) -> 1054.2155 | O9: 40.74 | P9: 43.427 | Q9: 52.598 | R9: =F9-SUM(O9:Q9) -> 38.753 | S9: ='IS 1Q21'!B3/1000 -> 45.604 | T9: ='IS 2Q21'!B3/1000 -> 59.722 | U9: ='IS 3Q21'!B3/1000 -> 59.84 | V9: =G9-SUM(S9:U9) -> 48.046 | W9: ='IS 1Q22'!B3/1000 -> 67.976 | X9: ='IS 2Q22'!B3/1000 -> 73.49 | Y9: =U9*(1+Y10) -> 89.76 | Z9: =V9*(1+Z10) -> 72.069 | AA9: =W9*(1+AA10) -> 105.3628 | AB9: =X9*(1+AB10) -> 113.9095 | AC9: =Y9*(1+AC10) -> 139.128 | AD9: =Z9*(1+AD10) -> 111.70695
B10: Growth % | E10: =E9/D9-1 -> 0.39273253 | F10: =F9/E9-1 -> 0.21469106 | G10: =G9/F9-1 -> 0.2147586 | H10: =H9/G9-1 -> 0.42250436 | I10: =I9/H9-1 -> 0.55 | J10: 0.3 | K10: 0.25 | L10: 0.2 | M10: 0.15 | S10: =S9/O9-1 -> 0.11939126 | T10: =T9/P9-1 -> 0.37522739 | U10: =U9/Q9-1 -> 0.13768584 | V10: =V9/R9-1 -> 0.23980079 | W10: =W9/S9-1 -> 0.490571 | X10: =X9/T9-1 -> 0.23053481 | Y10: 0.5 | Z10: 0.5 | AA10: 0.55 | AB10: 0.55 | AC10: 0.55 | AD10: 0.55
B12: Cost of Revenue | D12: 75.582 | E12: 100.284 | F12: 108.972 | G12: 130.567 | H12: =SUM(W12:Z12) -> 187.72412 | I12: =SUM(AA12:AD12) -> 293.81703 | J12: =J13*J9 -> 381.96214 | K12: =K13*K9 -> 479.36249 | L12: =L13*L9 -> 577.52676 | M12: =M13*M9 -> 666.79131 | O12: 26.554 | P12: 26.598 | Q12: 31.909 | R12: =F12-SUM(O12:Q12) -> 23.911 | S12: ='IS 1Q21'!B4/1000 -> 26.83 | T12: ='IS 2Q21'!B4/1000 -> 33.543 | U12: ='IS 3Q21'!B4/1000 -> 38.071 | V12: =G12-SUM(S12:U12) -> 32.123 | W12: ='IS 1Q22'!B4/1000 -> 41.684 | X12: ='IS 2Q22'!B4/1000 -> 44.897 | Y12: =Y13*Y9 -> 56.1 | Z12: =Z13*Z9 -> 45.043125 | AA12: =AA13*AA9 -> 65.85175 | AB12: =AB13*AB9 -> 71.193438 | AC12: =AC13*AC9 -> 86.955 | AD12: =AD13*AD9 -> 69.816844
B13: % of Revenue | D13: =IFERROR(D12/D$9,"N/A") -> 0.7285012 | E13: =IFERROR(E12/E$9,"N/A") -> 0.69402613 | F13: =IFERROR(F12/F$9,"N/A") -> 0.6208594 | G13: =IFERROR(G12/G$9,"N/A") -> 0.6123811 | H13: =IFERROR(H12/H$9,"N/A") -> 0.61894896 | I13: =IFERROR(I12/I$9,"N/A") -> 0.625 | J13: 0.625 | K13: =J13+0.25% -> 0.6275 | L13: =K13+0.25% -> 0.63 | M13: =L13+0.25% -> 0.6325 | O13: =IFERROR(O12/O$9,"N/A") -> 0.65179185 | P13: =IFERROR(P12/P$9,"N/A") -> 0.61247611 | Q13: =IFERROR(Q12/Q$9,"N/A") -> 0.60665805 | R13: =IFERROR(R12/R$9,"N/A") -> 0.6170103 | S13: =IFERROR(S12/S$9,"N/A") -> 0.58832559 | T13: =IFERROR(T12/T$9,"N/A") -> 0.56165232 | U13: =IFERROR(U12/U$9,"N/A") -> 0.63621324 | V13: =IFERROR(V12/V$9,"N/A") -> 0.66858844 | ... X13: =IFERROR(X12/X$9,"N/A") -> 0.61092666 | Y13: 0.625 | Z13: 0.625 | AA13: =Z13 -> 0.625 | AB13: =AA13 -> 0.625 | AC13: =AB13 -> 0.625 | AD13: =AC13 -> 0.625
B15: Gross Profit | D15: =D9-D12 -> 28.168 | E15: =E9-E12 -> 44.212 | F15: =F9-F12 -> 66.546 | G15: =G9-G12 -> 82.645 | H15: =H9-H12 -> 115.57088 | I15: =I9-I12 -> 176.29022 | J15: =J9-J12 -> 229.17728 | K15: =K9-K12 -> 284.56179 | ... M15: =M9-M12 -> 387.4242 | O15: =O9-O12 -> 14.186 | P15: =P9-P12 -> 16.829 | Q15: =Q9-Q12 -> 20.689 | R15: =R9-R12 -> 14.842 | S15: =S9-S12 -> 18.774 | T15: =T9-T12 -> 26.179 | U15: =U9-U12 -> 21.769 | V15: =V9-V12 -> 15.923 | ... AD15: =AD9-AD12 -> 41.890106
B16: Gross Margin % | D16: =D15/D$9 -> 0.2714988 | E16: =E15/E$9 -> 0.30597387 | F16: =F15/F$9 -> 0.3791406 | G16: =G15/G$9 -> 0.3876189 | H16: =H15/H$9 -> 0.38105104 | I16: =I15/I$9 -> 0.375 | J16: =J15/J$9 -> 0.375 | K16: =K15/K$9 -> 0.3725 | ... M16: =M15/M$9 -> 0.3675 | O16: =O15/O$9 -> 0.34820815 | P16: =P15/P$9 -> 0.38752389 | Q16: =Q15/Q$9 -> 0.39334195 | R16: =R15/R$9 -> 0.3829897 | S16: =S15/S$9 -> 0.41167441 | T16: =T15/T$9 -> 0.43834768 | U16: =U15/U$9 -> 0.36378676 | V16: =V15/V$9 -> 0.33141156 | ... AD16: =AD15/AD$9 -> 0.375
B18: Operating Expenses:
B19: Selling, General & Administrative | D19: 8.904 | E19: 9.065 | F19: 21.008 | G19: 37.893 | H19: =SUM(W19:Z19) -> 55.06225 | I19: =SUM(AA19:AD19) -> 70.907858 | J19: =J22*J$9 -> 90.652366 | K19: =K22*K$9 -> 111.40565 | L19: =L22*L$9 -> 131.395 | M19: =M22*M$9 -> 148.46872 | O19: 2.558 | P19: 9.317 | Q19: 3.515 | R19: =F19-SUM(O19:Q19) -> 5.618 | S19: ='IS 1Q21'!B7/1000 -> 6.816 | T19: ='IS 2Q21'!B7/1000 -> 10.018 | U19: ='IS 3Q21'!B7/1000 -> 10.031 | V19: =G19-SUM(S19:U19) -> 11.028 | W19: ='IS 1Q22'!B7/1000 -> 13.919 | X19: ='IS 2Q22'!B7/1000 -> 13.265 | Y19: =U19*(1+Y25) -> 13.54185 | Z19: =V19*(1+Z25) -> 14.3364 | AA19: =W19*(1+AA25) -> 15.3109 | AB19: =X19*(1+AB25) -> 17.2445 | AC19: =Y19*(1+AC25) -> 18.281498 | AD19: =Z19*(1+AD25) -> 20.07096
B20: Depreciation & Amortization | D20: 8.177 | E20: 8.217 | F20: 8.262 | G20: 8.52 | H20: =SUM(W20:Z20) -> 11.943104 | I20: =SUM(AA20:AD20) -> 12.810398 | J20: =J106 -> 13.558645 | K20: =K106 -> 14.933709 | L20: =L106 -> 16.614342 | M20: =M106 -> 17.45508 | O20: 2.061 | P20: 2.064 | Q20: 2.069 | R20: =F20-SUM(O20:Q20) -> 2.068 | S20: ='IS 1Q21'!B8/1000 -> 2.068 | T20: ='IS 2Q21'!B8/1000 -> 2.062 | U20: ='IS 3Q21'!B8/1000 -> 2.175 | V20: =G20-SUM(S20:U20) -> 2.215 | W20: ='IS 1Q22'!B8/1000 -> 2.366 | X20: ='IS 2Q22'!B8/1000 -> 2.344 | Y20: =Y106 -> 3.616552 | Z20: =Z106 -> 3.616552 | AA20: =AA106 -> 3.2025996 | AB20: =AB106 -> 3.2025996 | AC20: =AC106 -> 3.2025996 | AD20: =AD106 -> 3.2025996
B21: Total Operating Expenses | D21: =SUM(D19:D20) -> 17.081 | E21: =SUM(E19:E20) -> 17.282 | F21: =SUM(F19:F20) -> 29.27 | G21: =SUM(G19:G20) -> 46.413 | H21: =SUM(H19:H20) -> 67.005354 | I21: =SUM(I19:I20) -> 83.718256 | J21: =SUM(J19:J20) -> 104.21101 | K21: =SUM(K19:K20) -> 126.33936 | ... M21: =SUM(M19:M20) -> 165.9238 | O21: =SUM(O19:O20) -> 4.619 | P21: =SUM(P19:P20) -> 11.381 | Q21: =SUM(Q19:Q20) -> 5.584 | R21: =SUM(R19:R20) -> 7.686 | S21: =SUM(S19:S20) -> 8.884 | T21: =SUM(T19:T20) -> 12.08 | U21: =SUM(U19:U20) -> 12.206 | V21: =SUM(V19:V20) -> 13.243 | ... AD21: =SUM(AD19:AD20) -> 23.27356
B22: SG&A % of Revenue | D22: =D19/D$9 -> 0.085821687 | E22: =E19/E$9 -> 0.062735301 | F22: =F19/F$9 -> 0.11969143 | G22: =G19/G$9 -> 0.17772452 | H22: =H19/H$9 -> 0.18154684 | I22: =I19/I$9 -> 0.15083336 | J22: =I22-0.25% -> 0.14833336 | K22: =J22-0.25% -> 0.14583336 | L22: =K22-0.25% -> 0.14333336 | M22: =L22-0.25% -> 0.14083336 | O22: =O19/O$9 -> 0.062788414 | P22: =P19/P$9 -> 0.21454395 | Q22: =Q19/Q$9 -> 0.066827636 | R22: =R19/R$9 -> 0.14496942 | S22: =S19/S$9 -> 0.14946057 | T22: =T19/T$9 -> 0.16774388 | U22: =U19/U$9 -> 0.16763035 | V22: =V19/V$9 -> 0.22953003 | ... AD22: =AD19/AD$9 -> 0.17967512
B23: Depreciation % of Revenue | D23: =D20/D$9 -> 0.078814458 | E23: =E20/E$9 -> 0.056866626 | F23: =F20/F$9 -> 0.047072095 | G23: =G20/G$9 -> 0.039960227 | H23: =H20/H$9 -> 0.039377847 | I23: =I20/I$9 -> 0.027249948 | J23: =J20/J$9 -> 0.022185846 | K23: =K20/K$9 -> 0.019548676 | ... M23: =M20/M$9 -> 0.016557411 | O23: =O20/O$9 -> 0.050589102 | P23: =P20/P$9 -> 0.047528036 | Q23: =Q20/Q$9 -> 0.039336096 | R23: =R20/R$9 -> 0.053363611 | S23: =S20/S$9 -> 0.045346899 | T23: =T20/T$9 -> 0.03452664 | U23: =U20/U$9 -> 0.036346925 | V23: =V20/V$9 -> 0.046101653 | ... AD23: =AD20/AD$9 -> 0.028669654
B24: Total Operating Expenses % of Revenue | D24: =D21/D$9 -> 0.16463614 | E24: =E21/E$9 -> 0.11960193 | F24: =F21/F$9 -> 0.16676352 | G24: =G21/G$9 -> 0.21768475 | H24: =H21/H$9 -> 0.22092469 | I24: =I21/I$9 -> 0.17808331 | J24: =J21/J$9 -> 0.17051921 | K24: =K21/K$9 -> 0.16538204 | ... M24: =M21/M$9 -> 0.15739077 | O24: =O21/O$9 -> 0.11337752 | P24: =P21/P$9 -> 0.26207198 | Q24: =Q21/Q$9 -> 0.10616373 | R24: =R21/R$9 -> 0.19833303 | S24: =S21/S$9 -> 0.19480747 | T24: =T21/T$9 -> 0.20227052 | U24: =U21/U$9 -> 0.20397727 | V24: =V21/V$9 -> 0.27563169 | ... AD24: =AD21/AD$9 -> 0.20834478
B25: SG&A YoY Growth % | E25: =E19/D19-1 -> 0.018081761 | F25: =F19/E19-1 -> 1.3174848 | G25: =G19/F19-1 -> 0.80374143 | H25: =H19/G19-1 -> 0.4530982 | I25: =I19/H19-1 -> 0.28777624 | J25: =J19/I19-1 -> 0.27845304 | K25: =K19/J19-1 -> 0.22893259 | L25: =L19/K19-1 -> 0.17942858 | M25: =M19/L19-1 -> 0.12994186 | S25: =S19/O19-1 -> 1.6645817 | T25: =T19/P19-1 -> 0.075238811 | U25: =U19/Q19-1 -> 1.8537696 | V25: =V19/R19-1 -> 0.96297615 | W25: =W19/S19-1 -> 1.0421068 | X25: =X19/T19-1 -> 0.32411659 | Y25: 0.35 | Z25: 0.3 | AA25: 0.1 | AB25: 0.3 | AC25: 0.35 | AD25: 0.4
B27: EBIT | D27: =D15-D21 -> 11.087 | E27: =E15-E21 -> 26.93 | F27: =F15-F21 -> 37.276 | G27: =G15-G21 -> 36.232 | H27: =H15-H21 -> 48.565521 | I27: =I15-I21 -> 92.571963 | J27: =J15-J21 -> 124.96627 | K27: =K15-K21 -> 158.22244 | ... M27: =M15-M21 -> 221.5004 | O27: =O15-O21 -> 9.567 | P27: =P15-P21 -> 5.448 | Q27: =Q15-Q21 -> 15.105 | R27: =R15-R21 -> 7.156 | S27: =S15-S21 -> 9.89 | T27: =T15-T21 -> 14.099 | U27: =U15-U21 -> 9.563 | V27: =V15-V21 -> 2.68 | ... AD27: =AD15-AD21 -> 18.616547
B28: Interest Income / (Expense) | D28: -2.44 | E28: -1.787 | F28: -3.51 | G28: -14.549 | H28: =SUM(W28:Z28) -> -17.491516 | I28: =SUM(AA28:AD28) -> -19.048398 | J28: =-J152 -> -14.073042 | K28: =-K152 -> -11.89275 | L28: =-L152 -> -11.794625 | M28: =-M152 -> -11.932 | O28: -0.272 | P28: -0.225 | Q28: -0.104 | R28: -0.104 | S28: ='IS 1Q21'!B11/1000 -> -3.709 | T28: ='IS 2Q21'!B11/1000 -> -3.62 | U28: ='IS 3Q21'!B11/1000 -> -3.582 | V28: =G28-SUM(S28:U28) -> -3.638 | W28: ='IS 1Q22'!B11/1000 -> -3.836 | X28: ='IS 2Q22'!B11/1000 -> -4.17 | Y28: =-Y152 -> -4.8239087 | Z28: =-Z152 -> -4.6616072 | AA28: =-AA152 -> -4.6812746 | AB28: =-AB152 -> -4.8416636 | AC28: =-AC152 -> -4.8939649 | AD28: =-AD152 -> -4.6314953
B29: Tax Receivable agreement liability adjustment | D29: 0 | E29: 0 | F29: 0 | G29: -1.663 | H29: =SUM(W29:Z29) -> 0 | I29: =SUM(AA29:AD29) -> 0 | J29: 0 | K29: 0 | L29: 0 | M29: 0 | O29: 0 | P29: 0 | Q29: 0 | R29: 0 | S29: 0 | T29: ='IS 2Q21'!B12/1000 -> -1.664 | U29: ='IS 3Q21'!B12/1000 -> -2.014 | V29: =G29-SUM(S29:U29) -> 2.015 | W29: 0 | X29: 0 | Y29: 0 | Z29: 0 | AA29: 0 | AB29: 0 | AC29: 0 | AD29: 0
B30: Loss on debt repayment | D30: 0 | E30: 0 | F30: 0 | G30: -15.99 | H30: =SUM(W30:Z30) -> 0 | I30: =SUM(AA30:AD30) -> 0 | J30: 0 | K30: 0 | L30: 0 | M30: 0 | O30: 0 | P30: 0 | Q30: 0 | R30: 0 | S30: ='IS 1Q21'!B12/1000 -> -15.99 | T30: 0 | U30: 0 | V30: =G30-SUM(S30:U30) -> 0 | W30: 0 | X30: 0 | Y30: 0 | Z30: 0 | AA30: 0 | AB30: 0 | AC30: 0 | AD30: 0
B31: Income Before Taxes | D31: =SUM(D27:D30) -> 8.647 | E31: =SUM(E27:E30) -> 25.143 | F31: =SUM(F27:F30) -> 33.766 | G31: =SUM(G27:G30) -> 4.03 | H31: =SUM(H27:H30) -> 31.074005 | I31: =SUM(I27:I30) -> 73.523565 | J31: =SUM(J27:J30) -> 110.89323 | K31: =SUM(K27:K30) -> 146.32969 | ... M31: =SUM(M27:M30) -> 209.5684 | O31: =SUM(O27:O30) -> 9.295 | P31: =SUM(P27:P30) -> 5.223 | Q31: =SUM(Q27:Q30) -> 15.001 | R31: =SUM(R27:R30) -> 7.052 | S31: =SUM(S27:S30) -> -9.809 | T31: =SUM(T27:T30) -> 8.815 | U31: =SUM(U27:U30) -> 3.967 | V31: =SUM(V27:V30) -> 1.057 | ... AD31: =SUM(AD27:AD30) -> 13.985051
B33: Provision for Income Tax | D33: 0 | E33: 0 | F33: 0 | G33: -0.086 | H33: =SUM(W33:Z33) -> -6.4116911 | I33: =SUM(AA33:AD33) -> -15.439949 | J33: =J36*J31 -> -23.287579 | K33: =K36*K31 -> -30.729235 | L33: =L36*L31 -> -37.669466 | M33: =M36*M31 -> -44.009365 | O33: 0 | P33: 0 | Q33: 0 | R33: 0 | S33: ='IS 1Q21'!B14/1000 -> 1.475 | T33: ='IS 2Q21'!B15/1000 -> 0.339 | U33: ='IS 3Q21'!B15/1000 -> 1.309 | V33: =G33-SUM(S33:U33) -> -3.209 | W33: ='IS 1Q22'!B14/1000 -> -1.522 | X33: ='IS 2Q22'!B15/1000 -> -1.511 | Y33: =Y36*Y31 -> -2.4523148 | Z33: =Z36*Z31 -> -0.92637633 | AA33: =AA36*AA31 -> -3.4264179 | AB33: =AB36*AB31 -> -3.6597329 | AC33: =AC36*AC31 -> -5.416937 | AD33: =AD36*AD31 -> -2.9368608
B34: Net After-Tax Income | D34: =D31+D33 -> 8.647 | E34: =E31+E33 -> 25.143 | F34: =F31+F33 -> 33.766 | G34: =G31+G33 -> 3.944 | H34: =H31+H33 -> 24.662314 | I34: =I31+I33 -> 58.083616 | J34: =J31+J33 -> 87.605653 | K34: =K31+K33 -> 115.60045 | ... M34: =M31+M33 -> 165.55904 | O34: =O31+O33 -> 9.295 | P34: =P31+P33 -> 5.223 | Q34: =Q31+Q33 -> 15.001 | R34: =R31+R33 -> 7.052 | S34: =S31+S33 -> -8.334 | T34: =T31+T33 -> 9.154 | U34: =U31+U33 -> 5.276 | V34: =V31+V33 -> -2.152 | ... AD34: =AD31+AD33 -> 11.048191
B36: Tax Rate | G36: =G33/G31 -> -0.02133995 | H36: =H33/H31 -> -0.20633617 | I36: =I33/I31 -> -0.21 | J36: =I36 -> -0.21 | K36: =J36 -> -0.21 | L36: =K36 -> -0.21 | M36: =L36 -> -0.21 | W36: =W33/W31 -> -0.2466375 | X36: =X33/X31 -> -0.17143181 | Y36: -0.21 | Z36: -0.21 | AA36: -0.21 | AB36: -0.21 | AC36: -0.21 | AD36: -0.21
B38: Less: Net income (loss) attributable to NCI | D38: 0 | E38: 0 | F38: 0 | G38: ='IS FY21'!B17/1000 -> 1.596 | H38: =SUM(W38:Z38) -> 10.712 | I38: =SUM(AA38:AD38) -> 11.604 | J38: =I38 -> 11.604 | K38: =J38 -> 11.604 | L38: =K38 -> 11.604 | M38: =L38 -> 11.604 | O38: 0 | P38: 0 | Q38: 0 | R38: 0 | S38: ='IS 1Q21'!B16/1000 -> -5.475 | T38: ='IS 2Q21'!B17/1000 -> 4.596 | U38: ='IS 3Q21'!B17/1000 -> 2.79 | V38: =G38-SUM(S38:U38) -> -0.315 | W38: ='IS 1Q22'!B16/1000 -> 2.009 | X38: ='IS 2Q22'!B17/1000 -> 2.901 | Y38: =X38 -> 2.901 | Z38: =Y38 -> 2.901 | AA38: =Z38 -> 2.901 | AB38: =AA38 -> 2.901 | AC38: =AB38 -> 2.901 | AD38: =AC38 -> 2.901
B39: Net Income to Shoals | D39: =D34-D38 -> 8.647 | E39: =E34-E38 -> 25.143 | F39: =F34-F38 -> 33.766 | G39: =G34-G38 -> 2.348 | H39: =H34-H38 -> 13.950314 | I39: =I34-I38 -> 46.479616 | J39: =J34-J38 -> 76.001653 | K39: =K34-K38 -> 103.99645 | ... M39: =M34-M38 -> 153.95504 | O39: =O34-O38 -> 9.295 | P39: =P34-P38 -> 5.223 | Q39: =Q34-Q38 -> 15.001 | R39: =R34-R38 -> 7.052 | S39: =S34-S38 -> -2.859 | T39: =T34-T38 -> 4.558 | U39: =U34-U38 -> 2.486 | V39: =V34-V38 -> -1.837 | ... AD39: =AD34-AD38 -> 8.1471906
B41: Adj. EBITDA Calculation
B42: Net Income as reported | D42: =D34 -> 8.647 | E42: =E34 -> 25.143 | F42: =F34 -> 33.766 | G42: =G34 -> 3.944 | H42: =H34 -> 24.662314 | I42: =I34 -> 58.083616 | J42: =J34 -> 87.605653 | K42: =K34 -> 115.60045 | ... M42: =M34 -> 165.55904 | O42: =O34 -> 9.295 | P42: =P34 -> 5.223 | Q42: =Q34 -> 15.001 | R42: =R34 -> 7.052 | S42: =S34 -> -8.334 | T42: =T34 -> 9.154 | U42: =U34 -> 5.276 | V42: =V34 -> -2.152 | ... AD42: =AD34 -> 11.048191
B43: Plus: Interest Expense, net | D43: =-D28 -> 2.44 | E43: =-E28 -> 1.787 | F43: =-F28 -> 3.51 | G43: =-G28 -> 14.549 | H43: =-H28 -> 17.491516 | I43: =-I28 -> 19.048398 | J43: =-J28 -> 14.073042 | K43: =-K28 -> 11.89275 | ... M43: =-M28 -> 11.932 | O43: =-O28 -> 0.272 | P43: =-P28 -> 0.225 | Q43: =-Q28 -> 0.104 | R43: =-R28 -> 0.104 | S43: =-S28 -> 3.709 | T43: =-T28 -> 3.62 | U43: =-U28 -> 3.582 | V43: =-V28 -> 3.638 | ... AD43: =-AD28 -> 4.6314953
B44: Plus: Provision for Income Tax | D44: =-D33 -> 0 | E44: =-E33 -> 0 | F44: =-F33 -> 0 | G44: =-G33 -> 0.086 | H44: =-H33 -> 6.4116911 | I44: =-I33 -> 15.439949 | J44: =-J33 -> 23.287579 | K44: =-K33 -> 30.729235 | ... M44: =-M33 -> 44.009365 | O44: =-O33 -> 0 | P44: =-P33 -> 0 | Q44: =-Q33 -> 0 | R44: =-R33 -> 0 | S44: =-S33 -> -1.475 | T44: =-T33 -> -0.339 | U44: =-U33 -> -1.309 | V44: =-V33 -> 3.209 | ... AD44: =-AD33 -> 2.9368608
B45: Plus: Depreciation Expense | D45: 1.006 | E45: 1.179 | F45: 1.42 | G45: 1.701 | H45: =SUM(W45:Z45) -> 3.286104 | I45: =SUM(AA45:AD45) -> 4.8923983 | J45: =J101 -> 5.9736449 | K45: =K101 -> 7.3487086 | L45: =L101 -> 9.0293421 | M45: =M101 -> 9.8700797 | O45: 0.326 | P45: 0.338 | Q45: 0.391 | R45: =F45-SUM(O45:Q45) -> 0.365 | S45: 0.405 | T45: 0.411 | U45: 0.449 | V45: =G45-SUM(S45:U45) -> 0.436 | W45: 0.424 | X45: 0.47 | Y45: =Y101 -> 1.196052 | Z45: =Z101 -> 1.196052 | AA45: =AA101 -> 1.2230996 | AB45: =AB101 -> 1.2230996 | AC45: =AC101 -> 1.2230996 | AD45: =AD101 -> 1.2230996
B46: Plus: Amortization of Intangibles | D46: 7.984 | E46: 7.984 | F46: 7.985 | G46: 8.352 | H46: =SUM(W46:Z46) -> 8.659 | I46: =SUM(AA46:AD46) -> 7.918 | J46: =J104 -> 7.585 | K46: =K104 -> 7.585 | L46: =L104 -> 7.585 | M46: =M104 -> 7.585 | O46: 1.996 | P46: 1.996 | Q46: 1.996 | R46: =F46-SUM(O46:Q46) -> 1.997 | S46: 1.996 | T46: 1.996 | U46: 2.088 | V46: =G46-SUM(S46:U46) -> 2.272 | W46: 2.27 | X46: 2.238 | Y46: =Y104 -> 2.0755 | Z46: =Z104 -> 2.0755 | AA46: =AA104 -> 1.9795 | AB46: =AB104 -> 1.9795 | AC46: =AC104 -> 1.9795 | AD46: =AD104 -> 1.9795
B47: Plus: Amortization of Deferred Financing Costs | D47: 0.038 | E47: 0.038 | F47: 0.351 | G47: ='CF FY21'!B7/1000 -> 5.969 | H47: =SUM(W47:Z47) -> 0.684 | I47: =SUM(AA47:AD47) -> 0 | J47: 0 | K47: 0 | L47: 0 | M47: 0 | S47: ='CF 1Q21'!B7/1000 -> 5.11 | T47: ='CF 2Q21'!B7/1000-IS!S47 -> 0.305 | U47: ='CF 3Q21'!B7/1000-SUM(IS!S47:T47) -> 0.277 | V47: ='CF FY21'!B7/1000-SUM(IS!S47:U47) -> 0.277 | W47: ='CF 1Q22'!B7/1000 -> 0.276 | X47: ='CF 2Q22'!B7/1000-IS!W47 -> 0.408 | Y47: 0 | Z47: =Y47 -> 0 | AA47: =Z47 -> 0 | AB47: =AA47 -> 0 | AC47: =AB47 -> 0 | AD47: =AC47 -> 0
B48: Plus: Tax rececivable agreement liability adjustment | D48: =-D29 -> 0 | E48: =-E29 -> 0 | F48: =-F29 -> 0 | G48: =-G29 -> 1.663 | H48: =-H29 -> 0 | I48: =-I29 -> 0 | J48: =-J29 -> 0 | K48: =-K29 -> 0 | ... M48: =-M29 -> 0 | O48: =-O29 -> 0 | P48: =-P29 -> 0 | Q48: =-Q29 -> 0 | R48: =F48-SUM(O48:Q48) -> 0 | S48: =-S29 -> 0 | T48: =-T29 -> 1.664 | U48: =-U29 -> 2.014 | V48: =-V29 -> -2.015 | W48: =-W29 -> 0 | X48: =-X29 -> 0 | Y48: =-Y29 -> 0 | Z48: =-Z29 -> 0 | ... AD48: =-AD29 -> 0
B49: Plus: Loss on debt repayment | D49: 0 | E49: 0 | F49: 0 | G49: =-G30 -> 15.99 | H49: =-H30 -> 0 | I49: =-I30 -> 0 | J49: =-J30 -> 0 | K49: =-K30 -> 0 | L49: =-L30 -> 0 | M49: =-M30 -> 0 | O49: 0 | P49: 0 | Q49: 0 | R49: =F49-SUM(O49:Q49) -> 0 | S49: =-S30 -> 15.99 | T49: =-T30 -> 0 | U49: =-U30 -> 0 | V49: =-V30 -> 0 | W49: =-W30 -> 0 | X49: =-X30 -> 0 | Y49: =-Y30 -> 0 | Z49: =-Z30 -> 0 | ... AD49: =-AD30 -> 0
B50: Plus: Equity-Based Compensation | D50: 0 | E50: 0 | F50: 8.251 | G50: 11.286 | H50: =SUM(W50:Z50) -> 16.840948 | I50: =SUM(AA50:AD50) -> 25.990553 | J50: =I50 -> 25.990553 | K50: =J50 -> 25.990553 | L50: =K50 -> 25.990553 | M50: =L50 -> 25.990553 | O50: 0 | P50: 6.704 | Q50: 1.032 | R50: =F50-SUM(O50:Q50) -> 0.515 | S50: 1.392 | T50: 2.78 | U50: 2.732 | V50: =G50-SUM(S50:U50) -> 4.382 | W50: 3.831 | X50: 4.063 | Y50: =+X50/X9*Y9 -> 4.9625103 | Z50: =+Y50/Y9*Z9 -> 3.984438 | AA50: =+Z50/Z9*AA9 -> 5.8251334 | AB50: =+AA50/AA9*AB9 -> 6.29765 | AC50: =+AB50/AB9*AC9 -> 7.6918909 | AD50: =+AC50/AC9*AD9 -> 6.1758789
B51: Plus: Acquisition-related expenses | D51: 0 | E51: 0 | F51: 0 | G51: 2.349 | H51: =SUM(W51:Z51) -> 0.012 | I51: =SUM(AA51:AD51) -> 0 | J51: 0 | K51: 0 | L51: 0 | M51: 0 | O51: 0 | P51: 0 | Q51: 0 | R51: =F51-SUM(O51:Q51) -> 0 | S51: 0 | T51: 0 | U51: 1.697 | V51: =G51-SUM(S51:U51) -> 0.652 | W51: 0 | X51: 0.012 | Y51: 0 | Z51: 0 | AA51: 0 | AB51: 0 | AC51: 0 | AD51: 0
B52: Plus: COVID-19 Expenses | D52: 0 | E52: 0 | F52: 2.89 | G52: 0.339 | H52: =SUM(W52:Z52) -> 0 | I52: =SUM(AA52:AD52) -> 0 | J52: 0 | K52: 0 | L52: 0 | M52: 0 | O52: 0 | P52: 0.806 | Q52: 1.2 | R52: =F52-SUM(O52:Q52) -> 0.884 | S52: 0.055 | T52: 0.106 | U52: 0.108 | V52: =G52-SUM(S52:U52) -> 0.07 | W52: 0 | X52: 0 | Y52: 0 | Z52: 0 | AA52: 0 | AB52: 0 | AC52: 0 | AD52: 0
B53: Plus: Non-recurring and Other Expenses | D53: 1.053 | E53: 0.686 | F53: 3.077 | G53: 2.598 | H53: =SUM(W53:Z53) -> 0 | I53: =SUM(AA53:AD53) -> 0 | J53: 0 | K53: 0 | L53: 0 | M53: 0 | O53: 0.182 | P53: 0.112 | Q53: 0.15 | R53: =F53-SUM(O53:Q53) -> 2.633 | S53: 0.339 | T53: 1.239 | U53: 0.243 | V53: =G53-SUM(S53:U53) -> 0.777 | W53: 0 | X53: 0 | Y53: 0 | Z53: 0 | AA53: 0 | AB53: 0 | AC53: 0 | AD53: 0
B54: Total Adjusted EBITDA | D54: =SUM(D42:D53) -> 21.168 | E54: =SUM(E42:E53) -> 36.817 | F54: =SUM(F42:F53) -> 61.25 | G54: =SUM(G42:G53) -> 68.826 | H54: =SUM(H42:H53) -> 78.047573 | I54: =SUM(I42:I53) -> 131.37291 | J54: =SUM(J42:J53) -> 164.51547 | K54: =SUM(K42:K53) -> 199.1467 | ... M54: =SUM(M42:M53) -> 264.94604 | O54: =SUM(O42:O53) -> 12.071 | P54: =SUM(P42:P53) -> 15.404 | Q54: =SUM(Q42:Q53) -> 19.874 | R54: =SUM(R42:R53) -> 13.55 | S54: =SUM(S42:S53) -> 19.187 | T54: =SUM(T42:T53) -> 20.936 | U54: =SUM(U42:U53) -> 17.157 | V54: =SUM(V42:V53) -> 11.546 | ... AD54: =SUM(AD42:AD53) -> 27.995025
B56: GAAP Net Income | D56: =D34 -> 8.647 | E56: =E34 -> 25.143 | F56: =F34 -> 33.766 | G56: =G34 -> 3.944 | H56: =H34 -> 24.662314 | I56: =I34 -> 58.083616 | J56: =J34 -> 87.605653 | K56: =K34 -> 115.60045 | ... M56: =M34 -> 165.55904 | O56: =O34 -> 9.295 | P56: =P34 -> 5.223 | Q56: =Q34 -> 15.001 | R56: =R34 -> 7.052 | S56: =S34 -> -8.334 | T56: =T34 -> 9.154 | U56: =U34 -> 5.276 | V56: =V34 -> -2.152 | ... AD56: =AD34 -> 11.048191
B57: Margin % | D57: =IFERROR(D56/D$9,"N/A") -> 0.083344578 | E57: =IFERROR(E56/E$9,"N/A") -> 0.17400482 | F57: =IFERROR(F56/F$9,"N/A") -> 0.19237913 | G57: =IFERROR(G56/G$9,"N/A") -> 0.018498021 | H57: =IFERROR(H56/H$9,"N/A") -> 0.081314608 | I57: =IFERROR(I56/I$9,"N/A") -> 0.12355397 | J57: =IFERROR(J56/J$9,"N/A") -> 0.14334806 | K57: =IFERROR(K56/K$9,"N/A") -> 0.15132449 | ... M57: =IFERROR(M56/M$9,"N/A") -> 0.15704478 | O57: =IFERROR(O56/O$9,"N/A") -> 0.22815415 | P57: =IFERROR(P56/P$9,"N/A") -> 0.1202708 | Q57: =IFERROR(Q56/Q$9,"N/A") -> 0.28520096 | R57: =IFERROR(R56/R$9,"N/A") -> 0.18197301 | S57: =IFERROR(S56/S$9,"N/A") -> -0.18274713 | T57: =IFERROR(T56/T$9,"N/A") -> 0.15327685 | U57: =IFERROR(U56/U$9,"N/A") -> 0.088168449 | V57: =IFERROR(V56/V$9,"N/A") -> -0.044790409 | ... AD57: =IFERROR(AD56/AD$9,"N/A") -> 0.098903341
B59: Adj. Net Income Schedule
B60: Net income attributable to Shoals | E60: =E39 -> 25.143 | F60: =F39 -> 33.766 | G60: =G39 -> 2.348 | H60: =SUM(W60:Z60) -> 13.950314 | I60: =SUM(AA60:AD60) -> 46.479616 | J60: =J39 -> 76.001653 | K60: =K39 -> 103.99645 | L60: =L39 -> 130.10494 | M60: =M39 -> 153.95504 | S60: =S39 -> -2.859 | T60: =T39 -> 4.558 | U60: =U39 -> 2.486 | V60: =V39 -> -1.837 | W60: =W39 -> 2.64 | X60: =X39 -> 4.402 | Y60: =Y39 -> 6.3243746 | Z60: =Z39 -> 0.58393951 | ... AD60: =AD39 -> 8.1471906
B61: Net income impact from pro forma conversion of Class B common stock to Class A common stock | E61: 0 | F61: 0 | G61: 1.596 | H61: =SUM(W61:Z61) -> 4.91 | I61: =SUM(AA61:AD61) -> 0 | J61: 0 | K61: 0 | L61: 0 | M61: 0 | S61: =-5.475 -> -5.475 | T61: 4.596 | U61: 2.79 | V61: =G61-SUM(S61:U61) -> -0.315 | W61: 2.009 | X61: 2.901 | Y61: 0 | Z61: 0 | AA61: 0 | AB61: 0 | AC61: 0 | AD61: 0
B62: Adjustment to the provision for income tax | E62: -5.456 | F62: -7.327 | G62: -0.456 | H62: =SUM(W62:Z62) -> -1.161 | I62: =SUM(AA62:AD62) -> 0 | J62: =J61*(-'DCF - 5 Year'!$C$7) -> 0 | K62: =K61*(-'DCF - 5 Year'!$C$7) -> 0 | L62: =L61*(-'DCF - 5 Year'!$C$7) -> 0 | M62: =M61*(-'DCF - 5 Year'!$C$7) -> 0 | S62: 1.134 | T62: -0.942 | U62: -0.668 | V62: =G62-SUM(S62:U62) -> 0.02 | W62: -0.475 | X62: -0.686 | Y62: =Y61*(-'DCF - 5 Year'!$C$7) -> 0 | Z62: =Z61*(-'DCF - 5 Year'!$C$7) -> 0 | AA62: =AA61*(-'DCF - 5 Year'!$C$7) -> 0 | AB62: =AB61*(-'DCF - 5 Year'!$C$7) -> 0 | AC62: =AC61*(-'DCF - 5 Year'!$C$7) -> 0 | AD62: =AD61*(-'DCF - 5 Year'!$C$7) -> 0
B63: Tax effected net income | E63: =SUM(E60:E62) -> 19.687 | F63: =SUM(F60:F62) -> 26.439 | G63: =SUM(G60:G62) -> 3.488 | H63: =SUM(H60:H62) -> 17.699314 | I63: =SUM(I60:I62) -> 46.479616 | J63: =SUM(J60:J62) -> 76.001653 | K63: =SUM(K60:K62) -> 103.99645 | L63: =SUM(L60:L62) -> 130.10494 | M63: =SUM(M60:M62) -> 153.95504 | S63: =SUM(S60:S62) -> -7.2 | T63: =SUM(T60:T62) -> 8.212 | U63: =SUM(U60:U62) -> 4.608 | V63: =G63-SUM(S63:U63) -> -2.132 | W63: =SUM(W60:W62) -> 4.174 | X63: =SUM(X60:X62) -> 6.617 | Y63: =SUM(Y60:Y62) -> 6.3243746 | Z63: =SUM(Z60:Z62) -> 0.58393951 | AA63: =SUM(AA60:AA62) -> 9.9888579 | AB63: =SUM(AB60:AB62) -> 10.866566 | AC63: =SUM(AC60:AC62) -> 17.477001 | AD63: =SUM(AD60:AD62) -> 8.1471906
B65: Amortization of intangibles | E65: =E46 -> 7.984 | F65: =F46 -> 7.985 | G65: =G46 -> 8.352 | H65: =SUM(W65:Z65) -> 8.659 | I65: =SUM(AA65:AD65) -> 7.918 | J65: =J46 -> 7.585 | K65: =K46 -> 7.585 | L65: =L46 -> 7.585 | M65: =M46 -> 7.585 | S65: =S46 -> 1.996 | T65: =T46 -> 1.996 | U65: =U46 -> 2.088 | V65: =G65-SUM(S65:U65) -> 2.272 | W65: =W46 -> 2.27 | X65: =X46 -> 2.238 | Y65: =Y46 -> 2.0755 | Z65: =Z46 -> 2.0755 | AA65: =AA46 -> 1.9795 | AB65: =AB46 -> 1.9795 | AC65: =AC46 -> 1.9795 | AD65: =AD46 -> 1.9795
B66: Amortization of deferred financing costs | E66: =E47 -> 0.038 | F66: =F47 -> 0.351 | G66: 1.23 | H66: =SUM(W66:Z66) -> 0.684 | I66: =SUM(AA66:AD66) -> 0 | J66: =J47 -> 0 | K66: =K47 -> 0 | L66: =L47 -> 0 | M66: =M47 -> 0 | S66: 0.37 | T66: 0.305 | U66: 0.278 | V66: =G66-SUM(S66:U66) -> 0.277 | W66: =W47 -> 0.276 | X66: =X47 -> 0.408 | Y66: =Y47 -> 0 | Z66: =Z47 -> 0 | AA66: =AA47 -> 0 | AB66: =AB47 -> 0 | AC66: =AC47 -> 0 | AD66: =AD47 -> 0
B67: Payable pursuant to the TRA adjustment | E67: 0 | F67: 0 | G67: =G48 -> 1.663 | H67: =SUM(W67:Z67) -> 0 | I67: =SUM(AA67:AD67) -> 0 | J67: =J48 -> 0 | K67: =K48 -> 0 | L67: =L48 -> 0 | M67: =M48 -> 0 | S67: 0 | T67: 1.664 | U67: 2.014 | V67: =G67-SUM(S67:U67) -> -2.015 | W67: =W48 -> 0 | X67: =X48 -> 0 | Y67: =Y48 -> 0 | Z67: =Z48 -> 0 | AA67: =AA48 -> 0 | AB67: =AB48 -> 0 | AC67: =AC48 -> 0 | AD67: =AD48 -> 0
B68: Loss on debt repayment | E68: 0 | F68: 0 | G68: =G49 -> 15.99 | H68: =SUM(W68:Z68) -> 0 | I68: =SUM(AA68:AD68) -> 0 | J68: =J49 -> 0 | K68: =K49 -> 0 | L68: =L49 -> 0 | M68: =M49 -> 0 | S68: =S49 -> 15.99 | T68: =T49 -> 0 | U68: =U49 -> 0 | V68: =G68-SUM(S68:U68) -> 0 | W68: =W49 -> 0 | X68: =X49 -> 0 | Y68: =Y49 -> 0 | Z68: =Z49 -> 0 | AA68: =AA49 -> 0 | AB68: =AB49 -> 0 | AC68: =AC49 -> 0 | AD68: =AD49 -> 0
B69: Equity-based compensation | E69: 0 | F69: =F50 -> 8.251 | G69: =G50 -> 11.286 | H69: =SUM(W69:Z69) -> 16.840948 | I69: =SUM(AA69:AD69) -> 25.990553 | J69: =J50 -> 25.990553 | K69: =K50 -> 25.990553 | L69: =L50 -> 25.990553 | M69: =M50 -> 25.990553 | S69: =S50 -> 1.392 | T69: =T50 -> 2.78 | U69: =U50 -> 2.732 | V69: =G69-SUM(S69:U69) -> 4.382 | W69: =W50 -> 3.831 | X69: =X50 -> 4.063 | Y69: =Y50 -> 4.9625103 | Z69: =Z50 -> 3.984438 | AA69: =AA50 -> 5.8251334 | AB69: =AB50 -> 6.29765 | AC69: =AC50 -> 7.6918909 | AD69: =AD50 -> 6.1758789
B70: Acquisition-related expenses | E70: 0 | F70: 0 | G70: =G51 -> 2.349 | H70: =SUM(W70:Z70) -> 0.012 | I70: =SUM(AA70:AD70) -> 0 | J70: =J51 -> 0 | K70: =K51 -> 0 | L70: =L51 -> 0 | M70: =M51 -> 0 | S70: =S51 -> 0 | T70: =T51 -> 0 | U70: =U51 -> 1.697 | V70: =G70-SUM(S70:U70) -> 0.652 | W70: =W51 -> 0 | X70: =X51 -> 0.012 | Y70: =Y51 -> 0 | Z70: =Z51 -> 0 | AA70: =AA51 -> 0 | AB70: =AB51 -> 0 | AC70: =AC51 -> 0 | AD70: =AD51 -> 0
B71: COVID-19 expenses | E71: =E52 -> 0 | F71: =F52 -> 2.89 | G71: =G52 -> 0.339 | H71: =SUM(W71:Z71) -> 0 | I71: =SUM(AA71:AD71) -> 0 | J71: =J52 -> 0 | K71: =K52 -> 0 | L71: =L52 -> 0 | M71: =M52 -> 0 | S71: =S52 -> 0.055 | T71: =T52 -> 0.106 | U71: =U52 -> 0.108 | V71: =G71-SUM(S71:U71) -> 0.07 | W71: =W52 -> 0 | X71: =X52 -> 0 | Y71: =Y52 -> 0 | Z71: =Z52 -> 0 | AA71: =AA52 -> 0 | AB71: =AB52 -> 0 | AC71: =AC52 -> 0 | AD71: =AD52 -> 0
B72: Non-recurring and other expenses | E72: =E53 -> 0.686 | F72: =F53 -> 3.077 | G72: =G53 -> 2.598 | H72: =SUM(W72:Z72) -> 0 | I72: =SUM(AA72:AD72) -> 0 | J72: =J53 -> 0 | K72: =K53 -> 0 | L72: =L53 -> 0 | M72: =M53 -> 0 | S72: =S53 -> 0.339 | T72: =T53 -> 1.239 | U72: =U53 -> 0.243 | V72: =G72-SUM(S72:U72) -> 0.777 | W72: =W53 -> 0 | X72: =X53 -> 0 | Y72: =Y53 -> 0 | Z72: =Z53 -> 0 | AA72: =AA53 -> 0 | AB72: =AB53 -> 0 | AC72: =AC53 -> 0 | AD72: =AD53 -> 0
B73: Tax Impact of adjustments | E73: -1.809 | F73: -3.104 | G73: -11.381 | H73: =SUM(W73:Z73) -> -5.8465691 | I73: =SUM(AA73:AD73) -> -7.1207962 | J73: =SUM(J65:J72)*(-'DCF - 5 Year'!$C$7) -> -7.0508662 | K73: =SUM(K65:K72)*(-'DCF - 5 Year'!$C$7) -> -7.0508662 | L73: =SUM(L65:L72)*(-'DCF - 5 Year'!$C$7) -> -7.0508662 | M73: =SUM(M65:M72)*(-'DCF - 5 Year'!$C$7) -> -7.0508662 | S73: -4.171 | T73: -1.635 | U73: -2.166 | V73: =G73-SUM(S73:U73) -> -3.409 | W73: -1.508 | X73: -1.588 | Y73: =SUM(Y65:Y72)*(-'DCF - 5 Year'!$C$7) -> -1.4779822 | Z73: =SUM(Z65:Z72)*(-'DCF - 5 Year'!$C$7) -> -1.272587 | AA73: =SUM(AA65:AA72)*(-'DCF - 5 Year'!$C$7) -> -1.638973 | AB73: =SUM(AB65:AB72)*(-'DCF - 5 Year'!$C$7) -> -1.7382015 | AC73: =SUM(AC65:AC72)*(-'DCF - 5 Year'!$C$7) -> -2.0309921 | AD73: =SUM(AD65:AD72)*(-'DCF - 5 Year'!$C$7) -> -1.7126296
B74: Adjusted Net Income | E74: =SUM(E63:E73) -> 26.586 | F74: =SUM(F63:F73) -> 45.889 | G74: =SUM(G63:G73) -> 35.914 | H74: =SUM(H63:H73) -> 38.048693 | I74: =SUM(I63:I73) -> 73.267373 | J74: =SUM(J63:J73) -> 102.52634 | K74: =SUM(K63:K73) -> 130.52114 | L74: =SUM(L63:L73) -> 156.62963 | M74: =SUM(M63:M73) -> 180.47973 | S74: =SUM(S63:S73) -> 8.771 | T74: =SUM(T63:T73) -> 14.667 | U74: =SUM(U63:U73) -> 11.602 | V74: =G74-SUM(S74:U74) -> 0.874 | W74: =SUM(W63:W73) -> 9.043 | X74: =SUM(X63:X73) -> 11.75 | Y74: =SUM(Y63:Y73) -> 11.884403 | Z74: =SUM(Z63:Z73) -> 5.3712905 | AA74: =SUM(AA63:AA73) -> 16.154518 | AB74: =SUM(AB63:AB73) -> 17.405515 | AC74: =SUM(AC63:AC73) -> 25.1174 | AD74: =SUM(AD63:AD73) -> 14.58994
B77: Non-GAAP Adjusted Net Income | E77: =E74 -> 26.586 | F77: =F74 -> 45.889 | G77: =G74 -> 35.914 | H77: =H74 -> 38.048693 | I77: =I74 -> 73.267373 | J77: =J74 -> 102.52634 | K77: =K74 -> 130.52114 | L77: =L74 -> 156.62963 | M77: =M74 -> 180.47973 | O77: =SUM(O46:O53)+O56 -> 11.473 | P77: =SUM(P46:P53)+P56 -> 14.841 | Q77: =SUM(Q46:Q53)+Q56 -> 19.379 | R77: =SUM(R46:R53)+R56 -> 13.081 | S77: =SUM(S46:S53)+S56 -> 16.548 | T77: =SUM(T46:T53)+T56 -> 17.244 | U77: =SUM(U46:U53)+U56 -> 14.435 | V77: =SUM(V46:V53)+V56 -> 4.263 | ... AD77: =SUM(AD46:AD53)+AD56 -> 19.203569
B78: Margin % | E78: =IFERROR(E77/E$9,"N/A") -> 0.18399125 | F78: =IFERROR(F77/F$9,"N/A") -> 0.26144897 | G78: =IFERROR(G77/G$9,"N/A") -> 0.16844268 | H78: =IFERROR(H77/H$9,"N/A") -> 0.12545111 | I78: =IFERROR(I77/I$9,"N/A") -> 0.15585246 | J78: =IFERROR(J77/J$9,"N/A") -> 0.1677626 | K78: =IFERROR(K77/K$9,"N/A") -> 0.17085612 | L78: =IFERROR(L77/L$9,"N/A") -> 0.17086077 | M78: =IFERROR(M77/M$9,"N/A") -> 0.17119813 | O78: =IFERROR(O77/O$9,"N/A") -> 0.28161512 | P78: =IFERROR(P77/P$9,"N/A") -> 0.34174592 | Q78: =IFERROR(Q77/Q$9,"N/A") -> 0.36843606 | R78: =IFERROR(R77/R$9,"N/A") -> 0.33754806 | S78: =IFERROR(S77/S$9,"N/A") -> 0.36286291 | T78: =IFERROR(T77/T$9,"N/A") -> 0.28873782 | U78: =IFERROR(U77/U$9,"N/A") -> 0.2412266 | V78: =IFERROR(V77/V$9,"N/A") -> 0.08872747 | ... AD78: =IFERROR(AD77/AD$9,"N/A") -> 0.17191025
B82: Depreciation & Amortization Schedule | D82: Fixed Asset | H82: Est. Useful Life | I82: Jun. 30 '22 | J82: Est. Life | K82: Weighted Life
D83: Land | G83: N/A | H83: N/A | I83: 0.84 | J83: 5 | K83: =J83*(I83/$I$88) -> 0.18007975
D84: Buildings and Land improvements | G84: 5 | H84: 40 | I84: 9.07 | J84: =AVERAGE(G84:H84) -> 22.5 | K84: =J84*(I84/$I$88) -> 8.7499464
D85: Machinery and equipment | G85: 3 | H85: 5 | I85: 11.664 | J85: =AVERAGE(G85:H85) -> 4 | K85: =J85*(I85/$I$88) -> 2.0004288
D86: Furniture and fixtures | G86: 3 | H86: 7 | I86: 1.684 | J86: =AVERAGE(G86:H86) -> 5 | K86: =J86*(I86/$I$88) -> 0.36101702
D87: Vehicles | G87: 5 | H87: 5 | I87: 0.065 | J87: =AVERAGE(G87:H87) -> 5 | K87: =J87*(I87/$I$88) -> 0.013934743
I88: =SUM(I83:I87) -> 23.323 | K88: =SUM(K83:K87) -> 11.305407
D89: Less: accum. Depreciation | I89: -6.493 | J89: =-I89/I88 -> 0.27839472
D90: Net PP&E | I90: =SUM(I88:I89) -> 16.83 | J90: =(1-J89)*K88 -> 8.1580412
B92: Memo: CapEx | D92: Life | E92: 5 | H92: =-CF!G24 -> 3.76729 | I92: =-CF!H24 -> 4.7010725 | J92: =-CF!I24 -> 6.1113943 | K92: =-CF!J24 -> 7.6392428 | L92: =-CF!K24 -> 9.1670914 | M92: =-CF!L24 -> 10.542155 | S92: =-CF!N24 -> 0.863 | T92: =-CF!O24 -> 0.873 | U92: =-CF!P24 -> 0.747 | V92: =-CF!Q24 -> 1.643 | W92: =-CF!R24 -> 0.882 | X92: =-CF!S24 -> 1.267 | Y92: =-CF!T24 -> 0.8976 | Z92: =-CF!U24 -> 0.72069 | ... AD92: =-CF!Y24 -> 1.1170695
D93: 1st Yr stub | E93: 0.5
H94: 2022 | I94: =H94+1 -> 2023 | J94: =I94+1 -> 2024 | K94: =J94+1 -> 2025 | L94: =K94+1 -> 2026 | M94: =L94+1 -> 2027
B95: 2022 | H95: =$I$88/8+$H$92/$E$92*$E$93 -> 3.292104 | I95: =$I$88/8+$H$92/$E$92+$H$92/$E$92 -> 4.422291 | J95: =$I$88/8+$H$92/$E$92+$H$92/$E$92 -> 4.422291 | K95: =$I$88/8+$H$92/$E$92+$H$92/$E$92 -> 4.422291 | L95: =$I$88/8+$H$92/$E$92+$H$92/$E$92 -> 4.422291 | M95: =$I$88/8+$H$92/$E$92*$E$93 -> 3.292104
B96: =B95+1 -> 2023 | I96: =+$I$92/$E$92*$E$93 -> 0.47010725 | J96: =+$I$92/$E$92 -> 0.9402145 | K96: =J96 -> 0.9402145 | L96: =K96 -> 0.9402145 | M96: =L96 -> 0.9402145
B97: =B96+1 -> 2024 | J97: =+$J$92/$E$92*$E$93 -> 0.61113943 | K97: =+$J$92/$E$92 -> 1.2222789 | L97: =+$J$92/$E$92 -> 1.2222789 | M97: =+$J$92/$E$92 -> 1.2222789
B98: =B97+1 -> 2025 | K98: =+$K$92/$E$92*$E$93 -> 0.76392428 | L98: =+$K$92/$E$92 -> 1.5278486 | M98: =+$K$92/$E$92 -> 1.5278486
B99: =B98+1 -> 2026 | L99: =+$L$92/$E$92*$E$93 -> 0.91670914 | M99: =+$L$92/$E$92 -> 1.8334183
B100: =B99+1 -> 2027 | M100: =+$M$92/$E$92*$E$93 -> 1.0542155
B101: Total Depreciation of Fixed Assets | H101: =SUM(H95:H100) -> 3.292104 | I101: =SUM(I95:I100) -> 4.8923983 | J101: =SUM(J95:J100) -> 5.9736449 | K101: =SUM(K95:K100) -> 7.3487086 | L101: =SUM(L95:L100) -> 9.0293421 | M101: =SUM(M95:M100) -> 9.8700797 | W101: 0.4 | X101: 0.5 | Y101: =(H101-SUM(W101:X101))/2 -> 1.196052 | Z101: =Y101 -> 1.196052 | AA101: =I101/4 -> 1.2230996 | AB101: =AA101 -> 1.2230996 | AC101: =AB101 -> 1.2230996 | AD101: =AC101 -> 1.2230996
B104: Amortization of Intangibles | H104: 8.651 | I104: 7.918 | J104: 7.585 | K104: 7.585 | L104: 7.585 | M104: 7.585 | W104: 2.3 | X104: 2.2 | Y104: =(H104-SUM(W104:X104))/2 -> 2.0755 | Z104: =Y104 -> 2.0755 | AA104: =I104/4 -> 1.9795 | AB104: =AA104 -> 1.9795 | AC104: =AB104 -> 1.9795 | AD104: =AC104 -> 1.9795
B106: Total Depreciation & Amortization | H106: =SUM(H101,H104) -> 11.943104 | I106: =SUM(I101,I104) -> 12.810398 | J106: =SUM(J101,J104) -> 13.558645 | K106: =SUM(K101,K104) -> 14.933709 | L106: =SUM(L101,L104) -> 16.614342 | M106: =SUM(M101,M104) -> 17.45508 | O106: =O20 -> 2.061 | P106: =P20 -> 2.064 | Q106: =Q20 -> 2.069 | R106: =R20 -> 2.068 | S106: =S20 -> 2.068 | T106: =T20 -> 2.062 | U106: =U20 -> 2.175 | V106: =V20 -> 2.215 | ... X106: =X20 -> 2.344 | Y106: =(H106-SUM(W106:X106))/2 -> 3.616552 | Z106: =Y106 -> 3.616552 | AA106: =I106/4 -> 3.2025996 | AB106: =AA106 -> 3.2025996 | AC106: =AB106 -> 3.2025996 | AD106: =AC106 -> 3.2025996
B111: Debt Schedule
B113: Debt: | D113: Size | E113: Drawn | F113: Rate
B114: Revolving Credit Facility | D114: 150 | E114: 85.14 | F114: 350
B115: Term Loan Facility | D115: 350 | E115: 196.25 | F115: 350
B118: SOFR Curve | H118: 0.0335 | I118: 0.0335 | J118: 0.028 | K118: 0.0256 | L118: 0.0251 | M118: 0.0258 | X118: =H118 -> 0.0335 | Y118: =X118 -> 0.0335 | Z118: =Y118 -> 0.0335 | AA118: =I118 -> 0.0335 | AB118: =AA118 -> 0.0335 | AC118: =AB118 -> 0.0335 | AD118: =AC118 -> 0.0335
B122: Total Revenue | D122: =D9 -> 103.75 | E122: =E9 -> 144.496 | F122: =F9 -> 175.518 | G122: =G9 -> 213.212 | H122: =H9 -> 303.295 | I122: =I9 -> 470.10725 | J122: =J9 -> 611.13943 | K122: =K9 -> 763.92428 | ... M122: =M9 -> 1054.2155 | S122: =S9 -> 45.604 | T122: =T9 -> 59.722 | U122: =U9 -> 59.84 | V122: =V9 -> 48.046 | W122: =W9 -> 67.976 | X122: =X9 -> 73.49 | Y122: =Y9 -> 89.76 | Z122: =Z9 -> 72.069 | ... AD122: =AD9 -> 111.70695
B125: Debt Paydown Waterfall
B126: CFO | J126: =+CF!I21 -> 158.94409 | K126: =+CF!J21 -> 132.792 | L126: =+CF!K21 -> 160.8938 | M126: =+CF!L21 -> 187.87641 | Y126: =+CF!T21 -> 10.301403 | Z126: =+CF!U21 -> 30.27181 | AA126: =+CF!V21 -> -10.794423 | AB126: =+CF!W21 -> 14.25559 | AC126: =+CF!X21 -> 2.1665973 | AD126: =+CF!Y21 -> 50.995142
B127: CFI | J127: =+CF!I26 -> -6.1113943 | K127: =+CF!J26 -> -7.6392428 | L127: =+CF!K26 -> -9.1670914 | M127: =+CF!L26 -> -10.542155 | Y127: =+CF!T26 -> -0.8976 | Z127: =+CF!U26 -> -0.72069 | AA127: =+CF!V26 -> -1.053628 | AB127: =+CF!W26 -> -1.139095 | AC127: =+CF!X26 -> -1.39128 | AD127: =+CF!Y26 -> -1.1170695
B128: Mandatory Amortization on TL | J128: 0 | K128: 0 | L128: 0 | M128: 0 | Y128: =+Y143 -> 0 | Z128: =+Z143 -> 0 | AA128: =+AA143 -> 0 | AB128: =+AB143 -> 0 | AC128: =+AC143 -> 0 | AD128: =+AD143 -> 0
B129: Cash Floor | J129: -10 | K129: =+J129 -> -10 | L129: =+K129 -> -10 | M129: =+L129 -> -10 | Y129: -10 | Z129: =+Y129 -> -10 | AA129: =+Z129 -> -10 | AB129: =+AA129 -> -10 | AC129: =+AB129 -> -10 | AD129: =+AC129 -> -10
B130: Cash for Revolver | J130: =SUM(J126:J129) -> 142.8327 | K130: =SUM(K126:K129) -> 115.15276 | L130: =SUM(L126:L129) -> 141.72671 | M130: =SUM(M126:M129) -> 167.33426 | Y130: =Y126+Y127+Y128+Y129 -> -0.59619742 | Z130: =Z126+Z127+Z128+Z129 -> 19.55112 | AA130: =AA126+AA127+AA128+AA129 -> -21.848051 | AB130: =AB126+AB127+AB128+AB129 -> 3.1164947 | AC130: =AC126+AC127+AC128+AC129 -> -9.2246827 | AD130: =AD126+AD127+AD128+AD129 -> 39.878072
B132: Revolving Credit Facility
B133: Beginning Balance | J133: =I135 -> 54.263244 | K133: =J135 -> 0 | L133: =K135 -> 0 | M133: =L135 -> 0 | Y133: =X135 -> 85.14 | Z133: =Y135 -> 85.736197 | AA133: =Z135 -> 66.185077 | AB133: =AA135 -> 88.033128 | AC133: =AB135 -> 84.916633 | AD133: =AC135 -> 94.141316
B134: Drawdown / Payback | D134: 1 | E134: Paydown? (1=Yes,0=No) | J134: =IF($D$134=1,-MIN(J133,J130),0) -> -54.263244 | K134: =IF($D$134=1,-MIN(K133,K130),0) -> 0 | L134: =IF($D$134=1,-MIN(L133,L130),0) -> 0 | M134: =IF($D$134=1,-MIN(M133,M130),0) -> 0 | Y134: =IF($D$134=1,-MIN(Y133,Y130),0) -> 0.59619742 | Z134: =IF($D$134=1,-MIN(Z133,Z130),0) -> -19.55112 | AA134: =IF($D$134=1,-MIN(AA133,AA130),0) -> 21.848051 | AB134: =IF($D$134=1,-MIN(AB133,AB130),0) -> -3.1164947 | AC134: =IF($D$134=1,-MIN(AC133,AC130),0) -> 9.2246827 | AD134: =IF($D$134=1,-MIN(AD133,AD130),0) -> -39.878072
B135: Ending Balance | I135: =+AD135 -> 54.263244 | J135: =SUM(J133:J134) -> 0 | K135: =SUM(K133:K134) -> 0 | L135: =SUM(L133:L134) -> 0 | M135: =SUM(M133:M134) -> 0 | X135: =E114 -> 85.14 | Y135: =SUM(Y133:Y134) -> 85.736197 | Z135: =SUM(Z133:Z134) -> 66.185077 | AA135: =SUM(AA133:AA134) -> 88.033128 | AB135: =SUM(AB133:AB134) -> 84.916633 | AC135: =SUM(AC133:AC134) -> 94.141316 | AD135: =SUM(AD133:AD134) -> 54.263244
...

Sheet CF
B2: USD in Millions | D2: Fiscal Year Ended December 31, | N2: 2021 | R2: 2022 | V2: 2023
D3: 2019 | E3: 2020 | F3: 2021 | G3: 2022 | H3: 2023 | I3: =H3+1 -> 2024 | J3: =I3+1 -> 2025 | K3: =J3+1 -> 2026 | L3: =K3+1 -> 2027 | N3: Q1 | O3: Q2 | P3: Q3 | Q3: Q4 | R3: Q1 | S3: Q2 | T3: Q3 | U3: Q4 | V3: Q1 | W3: Q2 | X3: Q3 | Y3: Q4
D4: 43818 | E4: 44185 | F4: 44551 | G4: 44917 | H4: 45283 | I4: 45649 | J4: 46014 | K4: 46379 | L4: 46744 | N4: 44639 | O4: 44731 | P4: 44823 | Q4: 44914 | R4: 44640 | S4: 44732 | T4: 44824 | U4: 44915 | V4: 45006 | W4: 45098 | X4: 45190 | Y4: 45281
B5: Cash Flow | D5: Actual | E5: Actual | F5: Actual | G5: Forecast | H5: Forecast | I5: Forecast | J5: Forecast | K5: Forecast | L5: Forecast | N5: Actual | O5: Actual | P5: Actual | Q5: Actual | R5: Actual | S5: Actual | T5: Forecast | U5: Forecast | V5: Forecast | W5: Forecast | X5: Forecast | Y5: Forecast
B7: Cash Flow From Operating Activities:
B8: GAAP Net Income | D8: =IS!E56 -> 25.143 | E8: =IS!F56 -> 33.766 | F8: =SUM(N8:Q8) -> 3.944 | G8: =IS!H56 -> 24.662314 | H8: =IS!I56 -> 58.083616 | I8: =IS!J56 -> 87.605653 | J8: =IS!K56 -> 115.60045 | K8: =IS!L56 -> 141.70894 | L8: =IS!M56 -> 165.55904 | N8: -8.334 | O8: =0.82-N8 -> 9.154 | P8: =6.096-SUM(N8:O8) -> 5.276 | Q8: =3.944-SUM(N8:P8) -> -2.152 | R8: =4.649 -> 4.649 | S8: =11.952-R8 -> 7.303 | T8: =IS!Y56 -> 9.2253746 | U8: =IS!Z56 -> 3.4849395 | V8: =IS!AA56 -> 12.889858 | W8: =IS!AB56 -> 13.767566 | X8: =IS!AC56 -> 20.378001 | Y8: =IS!AD56 -> 11.048191
B9: Depreciation & Amortization | D9: =SUM(IS!E45:'IS'!E46) -> 9.163 | E9: =SUM(IS!F45:'IS'!F46) -> 9.405 | F9: =SUM(N9:Q9) -> 10.053 | G9: =SUM(IS!H45:'IS'!H46) -> 11.945104 | H9: =SUM(IS!I45:'IS'!I46) -> 12.810398 | I9: =SUM(IS!J45:'IS'!J46) -> 13.558645 | J9: =SUM(IS!K45:'IS'!K46) -> 14.933709 | K9: =SUM(IS!L45:'IS'!L46) -> 16.614342 | L9: =SUM(IS!M45:'IS'!M46) -> 17.45508 | N9: 2.401 | O9: =4.808-N9 -> 2.407 | P9: =7.345-SUM(N9:O9) -> 2.537 | Q9: =10.053-SUM(N9:P9) -> 2.708 | R9: =2.694 -> 2.694 | S9: =5.402-R9 -> 2.708 | T9: =SUM(IS!Y45:'IS'!Y46) -> 3.271552 | U9: =SUM(IS!Z45:'IS'!Z46) -> 3.271552 | V9: =SUM(IS!AA45:'IS'!AA46) -> 3.2025996 | W9: =SUM(IS!AB45:'IS'!AB46) -> 3.2025996 | X9: =SUM(IS!AC45:'IS'!AC46) -> 3.2025996 | Y9: =SUM(IS!AD45:'IS'!AD46) -> 3.2025996
B10: Amortization of Deferred Financing Fees | D10: =IS!E47 -> 0.038 | E10: =IS!F47 -> 0.351 | F10: =SUM(N10:Q10) -> 5.969 | G10: =IS!H47 -> 0.684 | H10: =IS!I47 -> 0 | I10: =IS!J47 -> 0 | J10: =IS!K47 -> 0 | K10: =IS!L47 -> 0 | L10: =IS!M47 -> 0 | N10: 5.11 | O10: =5.415-N10 -> 0.305 | P10: =5.692-SUM(N10:O10) -> 0.277 | Q10: =5.969-SUM(N10:P10) -> 0.277 | R10: =0.276 -> 0.276 | S10: =0.684-R10 -> 0.408 | T10: =IS!Y47 -> 0 | U10: =IS!Z47 -> 0 | V10: =IS!AA47 -> 0 | W10: =IS!AB47 -> 0 | X10: =IS!AC47 -> 0 | Y10: =IS!AD47 -> 0
B11: Equity Based Compensation | D11: =IS!E50 -> 0 | E11: =IS!F50 -> 8.251 | F11: =SUM(N11:Q11) -> 11.286 | G11: =IS!H50 -> 16.840948 | H11: =IS!I50 -> 25.990553 | I11: =IS!J50 -> 25.990553 | J11: =IS!K50 -> 25.990553 | K11: =IS!L50 -> 25.990553 | L11: =IS!M50 -> 25.990553 | N11: 1.392 | O11: =4.172-N11 -> 2.78 | P11: =6.404-SUM(N11:O11) -> 2.232 | Q11: =11.286-SUM(N11:P11) -> 4.882 | R11: 3.831 | S11: =7.896-R11 -> 4.065 | T11: =IS!Y50 -> 4.9625103 | U11: =IS!Z50 -> 3.984438 | V11: =IS!AA50 -> 5.8251334 | W11: =IS!AB50 -> 6.29765 | X11: =IS!AC50 -> 7.6918909 | Y11: =IS!AD50 -> 6.1758789
B12: All other | D12: =SUM('CF FY18-20'!C9)/1000 -> 0.301 | E12: =SUM('CF FY18-20'!B9)/1000 -> 0.188 | F12: =SUM(N12:Q12) -> -1.179 | G12: =SUM(R12:U12) -> 3.29 | H12: =SUM(V12:Y12) -> 0 | I12: 0 | J12: 0 | K12: 0 | L12: 0 | N12: =0.557+0.061 -> 0.618 | O12: =1.664+0.061-0.524-N12 -> 0.583 | P12: =(0.435+0.64+3.678+0.061)-SUM(N12:O12) -> 3.613 | Q12: =-1.418-1.476+1.663+0.052-SUM(N12:P12) -> -5.993 | R12: =1.419 -> 1.419 | S12: =0.443+2.847-R12 -> 1.871 | T12: 0 | U12: 0 | V12: 0 | W12: 0 | X12: 0 | Y12: 0
B14: Change in Net Working Capital:
B15: Accounts Receivable | D15: ='CF FY18-20'!C11/1000 -> -0.473 | E15: =BS!D11-BS!E11 -> 0.288 | F15: =SUM(N15:Q15) -> 0.818 | G15: =BS!F11-BS!G11 -> -13.256178 | H15: =BS!G11-BS!H11 -> -22.377589 | I15: =BS!H11-BS!I11 -> -16.356225 | J15: =BS!I11-BS!J11 -> -21.158169 | K15: =BS!J11-BS!K11 -> -20.929432 | L15: =BS!K11-BS!L11 -> -18.836489 | N15: -1.134 | O15: =-15.973-N15 -> -14.839 | P15: =-12.271-SUM(N15:O15) -> 3.702 | Q15: =0.818-SUM(N15:P15) -> 13.089 | R15: =-25.388 -> -25.388 | S15: =-26.259-R15 -> -0.871 | T15: =BS!S11-BS!T11 -> 2.0856301 | U15: =BS!T11-BS!U11 -> 10.986192 | V15: =BS!U11-BS!V11 -> -18.564932 | W15: =BS!V11-BS!W11 -> -4.9492893 | X15: =BS!W11-BS!X11 -> -15.342656 | Y15: =BS!X11-BS!Y11 -> 16.479288
B16: Unbilled Receivables | D16: ='CF FY18-20'!C12/1000 -> -1.345 | E16: =BS!D12-BS!E12 -> -1.289 | F16: =SUM(N16:Q16) -> -9.739 | G16: =BS!F12-BS!G12 -> 0.36971233 | H16: =BS!G12-BS!H12 -> -6.5816438 | I16: =BS!H12-BS!I12 -> -5.3017662 | J16: =BS!I12-BS!J12 -> -6.3474508 | K16: =BS!J12-BS!K12 -> -6.2788297 | L16: =BS!K12-BS!L12 -> -5.6509467 | N16: -6.201 | O16: =-3.003-N16 -> 3.198 | P16: =-6.76-SUM(N16:O16) -> -3.757 | Q16: =-9.739-SUM(N16:P16) -> -2.979 | R16: -2.616 | S16: =-1.047-R16 -> 1.569 | T16: =BS!S12-BS!T12 -> -1.8145205 | U16: =BS!T12-BS!U12 -> 3.2312329 | V16: =BS!U12-BS!V12 -> -5.460274 | W16: =BS!V12-BS!W12 -> -1.4556733 | X16: =BS!W12-BS!X12 -> -4.5125458 | Y16: =BS!X12-BS!Y12 -> 4.8468493
B17: Inventory | D17: ='CF FY18-20'!C13/1000 -> -0.694 | E17: =BS!D13-BS!E13-E12 -> -6.475 | F17: =SUM(N17:Q17) -> -17.188 | G17: =BS!F13-BS!G13 -> -14.436932 | H17: =BS!G13-BS!H13 -> -21.238562 | I17: =BS!H13-BS!I13 -> 11.426749 | J17: =BS!I13-BS!J13 -> -16.182568 | K17: =BS!J13-BS!K13 -> -16.136592 | L17: =BS!K13-BS!L13 -> -14.673625 | N17: -5.971 | O17: =-6.151-N17 -> -0.18 | P17: =-8.505-SUM(N17:O17) -> -2.354 | Q17: =-17.188-SUM(N17:P17) -> -8.683 | R17: =-11.111 -> -11.111 | S17: =-27.404-R17 -> -16.293 | T17: =BS!S13-BS!T13 -> 2.3785342 | U17: =BS!T13-BS!U13 -> 9.7775342 | V17: =BS!U13-BS!V13 -> -15.716712 | W17: =BS!V13-BS!W13 -> -5.0799955 | X17: =BS!W13-BS!X13 -> -18.617539 | Y17: =BS!X13-BS!Y13 -> 18.175685
B18: Other Current Assets | D18: ='CF FY18-20'!C14/1000 -> 0.137 | E18: =BS!D14-BS!E14 -> 0.643 | F18: =SUM(N18:Q18) -> 0.341 | G18: =BS!F14-BS!G14 -> -2.1649 | H18: =BS!G14-BS!H14 -> -3.60345 | I18: =BS!H14-BS!I14 -> -7.5238328 | J18: =BS!I14-BS!J14 -> -4.5835457 | K18: =BS!J14-BS!K14 -> -4.5835457 | L18: =BS!K14-BS!L14 -> -4.1251911 | N18: -3.465 | O18: =-4.631-N18 -> -1.166 | P18: =-6.904-SUM(N18:O18) -> -2.273 | Q18: =0.341-SUM(N18:P18) -> 7.245 | R18: =-3.421 -> -3.421 | S18: =-2.059-R18 -> 1.362 | T18: =BS!S14-BS!T14 -> -0.149 | U18: =BS!T14-BS!U14 -> 1.7691 | V18: =BS!U14-BS!V14 -> -2.9895 | W18: =BS!V14-BS!W14 -> -0.8271 | X18: =BS!W14-BS!X14 -> -2.4405 | Y18: =BS!X14-BS!Y14 -> 2.65365
B19: Accounts Payable | D19: ='CF FY18-20'!C15/1000 -> 4.195 | E19: =BS!E27-BS!D27 -> 4.251 | F19: =SUM(N19:Q19) -> -3.877 | G19: =BS!G27-BS!F27 -> -2.3833562 | H19: =BS!H27-BS!G27 -> 7.0795205 | I19: =BS!I27-BS!H27 -> 17.063332 | J19: =BS!J27-BS!I27 -> 10.788379 | K19: =BS!K27-BS!J27 -> 10.757728 | L19: =BS!L27-BS!K27 -> 9.7824167 | N19: -1.693 | O19: =-0.41-N19 -> 1.283 | P19: =-5.198-SUM(N19:O19) -> -4.788 | Q19: =-3.877-SUM(N19:P19) -> 1.321 | R19: =-2.106 -> -2.106 | S19: =4.06-R19 -> 6.166 | T19: =BS!T27-BS!S27 -> -3.3971781 | U19: =BS!U27-BS!T27 -> -3.2591781 | V19: =BS!V27-BS!U27 -> 5.2389041 | W19: =BS!W27-BS!V27 -> 1.6933318 | X19: =BS!X27-BS!W27 -> 6.2058462 | Y19: =BS!Y27-BS!X27 -> -6.0585616
B20: Accrued Expenses | D20: ='CF FY18-20'!C16/1000 -> -0.283 | E20: =BS!E28-BS!D28 -> 4.703 | F20: =SUM(N20:Q20) -> -4.511 | G20: =BS!G28-BS!F28 -> 6.4925 | H20: =BS!H28-BS!G28 -> 6.4600625 | I20: =BS!I28-BS!H28 -> 32.480986 | J20: =BS!J28-BS!I28 -> 13.750637 | K20: =BS!K28-BS!J28 -> 13.750637 | L20: =BS!L28-BS!K28 -> 12.375573 | N20: -0.502 | O20: =-0.362-N20 -> 0.14 | P20: =2.608-SUM(N20:O20) -> 2.97 | Q20: =-4.511-SUM(N20:P20) -> -7.119 | R20: 5.914 | S20: =16.742-R20 -> 10.828 | T20: =BS!T28-BS!S28 -> -6.2615 | U20: =BS!U28-BS!T28 -> -2.974 | V20: =BS!V28-BS!U28 -> 4.7805 | W20: =BS!W28-BS!V28 -> 1.6065 | X20: =BS!X28-BS!W28 -> 5.6015 | Y20: =BS!Y28-BS!X28 -> -5.5284375
B21: Cash Flow From Operating Activities | D21: =SUM(D8:D12,D15:D20) -> 36.182 | E21: =SUM(E8:E12,E15:E20) -> 54.082 | F21: =SUM(F8:F12,F15:F20) -> -4.083 | G21: =SUM(G8:G12,G15:G20) -> 32.043213 | H21: =SUM(H8:H12,H15:H20) -> 56.622906 | I21: =SUM(I8:I12,I15:I20) -> 158.94409 | J21: =SUM(J8:J12,J15:J20) -> 132.792 | K21: =SUM(K8:K12,K15:K20) -> 160.8938 | L21: =SUM(L8:L12,L15:L20) -> 187.87641 | N21: =SUM(N8:N12,N15:N20) -> -17.779 | O21: =SUM(O8:O12,O15:O20) -> 3.665 | P21: =SUM(P8:P12,P15:P20) -> 7.435 | Q21: =SUM(Q8:Q12,Q15:Q20) -> 2.596 | R21: =SUM(R8:R12,R15:R20) -> -25.859 | S21: =SUM(S8:S12,S15:S20) -> 19.116 | T21: =SUM(T8:T12,T15:T20) -> 10.301403 | U21: =SUM(U8:U12,U15:U20) -> 30.27181 | ... Y21: =SUM(Y8:Y12,Y15:Y20) -> 50.995142
B23: Cash Flow From Investing Activities:
B24: Purchases of PP&E | D24: ='CF FY18-20'!C19/1000 -> -1.719 | E24: ='CF FY18-20'!B19/1000 -> -3.236 | F24: =SUM(N24:Q24) -> -4.126 | G24: =SUM(R24:U24) -> -3.76729 | H24: =SUM(V24:Y24) -> -4.7010725 | I24: =-I49 -> -6.1113943 | J24: =-J49 -> -7.6392428 | K24: =-K49 -> -9.1670914 | L24: =-L49 -> -10.542155 | N24: -0.863 | O24: =-1.736-N24 -> -0.873 | P24: =-2.483-SUM(N24:O24) -> -0.747 | Q24: =-4.126-SUM(N24:P24) -> -1.643 | R24: -0.882 | S24: =-2.149-R24 -> -1.267 | T24: =-T49 -> -0.8976 | U24: =-U49 -> -0.72069 | V24: =-V49 -> -1.053628 | W24: =-W49 -> -1.139095 | X24: =-X49 -> -1.39128 | Y24: =-Y49 -> -1.1170695
B25: Acquisition of Business, net of cash acquired | D25: 0 | E25: 0 | F25: =SUM(N25:Q25) -> -12.909 | G25: 0 | H25: 0 | I25: 0 | J25: 0 | K25: 0 | L25: 0 | N25: 0 | O25: 0 | P25: =-12.909-SUM(N25:O25) -> -12.909 | Q25: =-12.909-SUM(N25:P25) -> 0 | R25: 0 | S25: 0 | T25: 0 | U25: 0 | V25: 0 | W25: 0 | X25: 0 | Y25: 0
B26: Cash Flow From Investing Activities | D26: =SUM(D24:D25) -> -1.719 | E26: =SUM(E24:E25) -> -3.236 | F26: =SUM(F24:F25) -> -17.035 | G26: =SUM(G24:G25) -> -3.76729 | H26: =SUM(H24:H25) -> -4.7010725 | I26: =SUM(I24:I25) -> -6.1113943 | J26: =SUM(J24:J25) -> -7.6392428 | K26: =SUM(K24:K25) -> -9.1670914 | L26: =SUM(L24:L25) -> -10.542155 | N26: =SUM(N24:N25) -> -0.863 | O26: =SUM(O24:O25) -> -0.873 | P26: =SUM(P24:P25) -> -13.656 | Q26: =SUM(Q24:Q25) -> -1.643 | R26: =SUM(R24:R25) -> -0.882 | S26: =SUM(S24:S25) -> -1.267 | T26: =SUM(T24:T25) -> -0.8976 | U26: =SUM(U24:U25) -> -0.72069 | ... Y26: =SUM(Y24:Y25) -> -1.1170695
B29: Cash Flow From Financing Activities:
B30: Net Proceeds from Equity Offering | D30: ='CF FY18-20'!C42/1000 -> 0 | E30: ='CF FY18-20'!B42/1000 -> 0 | F30: =SUM(N30:Q30) -> 144.817 | G30: =SUM(R30:U30) -> 0 | H30: =SUM(V30:Y30) -> 0 | N30: =154.521-9.619 -> 144.902 | O30: =154.521-9.619-N30 -> 0 | P30: =154.521+281.064-281.064-9.619-SUM(N30:O30) -> 0 | Q30: =278.833-124.312+281.064-281.064-9.704-SUM(N30:P30) -> -0.085 | R30: 0 | S30: 0 | T30: 0 | U30: 0 | V30: 0 | W30: 0 | X30: 0 | Y30: 0
B31: Net Debt Financing Activity | D31: ='CF FY18-20'!C43/1000 -> -13.5 | E31: ='CF FY18-20'!B43/1000 -> 331.929 | F31: =SUM(N31:Q31) -> -119.241 | G31: =SUM(R31:U31) -> 10.045077 | H31: =SUM(V31:Y31) -> -11.921834 | I31: =+IS!J156-IS!I156 -> -54.263244 | J31: =+IS!K156-IS!J156 -> 0 | K31: =+IS!L156-IS!K156 -> 0 | L31: =+IS!M156-IS!L156 -> 0 | N31: =-0.094+19-150.875 -> -131.969 | O31: =-0.094-151.75+34-5-N31 -> 9.125 | P31: =-0.094-152.25+40.14-1.537-SUM(N31:O31) -> 9.103 | Q31: =-152.75+49.14-14-1.537-0.094-SUM(N31:P31) -> -5.5 | R31: =-0.5+35 -> 34.5 | S31: =-1+38-8-R31 -> -5.5 | T31: =+IS!Y156-IS!X156 -> 0.59619742 | U31: =+IS!Z156-IS!Y156 -> -19.55112 | V31: =+IS!AA156-IS!Z156 -> 21.848051 | W31: =+IS!AB156-IS!AA156 -> -3.1164947 | X31: =+IS!AC156-IS!AB156 -> 9.2246827 | Y31: =+IS!AD156-IS!AC156 -> -39.878072
B32: Other | D32: ='CF FY18-20'!C44/1000 -> -13.989 | E32: ='CF FY18-20'!B44/1000 -> -379.784 | F32: =SUM(N32:Q32) -> -4.974 | G32: =SUM(R32:U32) -> -5.863 | H32: =SUM(V32:Y32) -> 0 | N32: -0.137 | O32: =-2.973-0.137-N32 -> -2.973 | P32: =-4.837-0.137-SUM(N32:O32) -> -1.864 | Q32: =-4.837-0.137-SUM(N32:P32) -> 0 | R32: =-2.938-1.297 -> -4.235 | S32: =-4.566-1.297-R32 -> -1.628 | T32: 0 | U32: 0 | V32: 0 | W32: 0 | X32: 0 | Y32: 0
B35: Cash Flow From Financing Activities | D35: =SUM(D30:D34) -> -27.489 | E35: =SUM(E30:E34) -> -47.855 | F35: =SUM(F30:F34) -> 20.602 | G35: =SUM(G30:G34) -> 4.1820771 | H35: =SUM(H30:H34) -> -11.921834 | I35: =SUM(I30:I34) -> -54.263244 | J35: =SUM(J30:J34) -> 0 | K35: =SUM(K30:K34) -> 0 | L35: =SUM(L30:L34) -> 0 | N35: =SUM(N30:N34) -> 12.796 | O35: =SUM(O30:O34) -> 6.152 | P35: =SUM(P30:P34) -> 7.239 | Q35: =SUM(Q30:Q34) -> -5.585 | R35: =SUM(R30:R34) -> 30.265 | S35: =SUM(S30:S34) -> -7.128 | T35: =SUM(T30:T34) -> 0.59619742 | U35: =SUM(U30:U34) -> -19.55112 | ... Y35: =SUM(Y30:Y34) -> -39.878072
B37: Net Change in Cash | D37: =SUM(D21,D26,D35) -> 6.974 | E37: =SUM(E21,E26,E35) -> 2.991 | F37: =SUM(F21,F26,F35) -> -0.516 | G37: =SUM(G21,G26,G35) -> 32.458 | H37: =SUM(H21,H26,H35) -> 40 | I37: =SUM(I21,I26,I35) -> 98.569455 | J37: =SUM(J21,J26,J35) -> 125.15276 | K37: =SUM(K21,K26,K35) -> 151.72671 | L37: =SUM(L21,L26,L35) -> 177.33426 | N37: =SUM(N21,N26,N35) -> -5.846 | O37: =SUM(O21,O26,O35) -> 8.944 | P37: =SUM(P21,P26,P35) -> 1.018 | Q37: =SUM(Q21,Q26,Q35) -> -4.632 | R37: =SUM(R21,R26,R35) -> 3.524 | S37: =SUM(S21,S26,S35) -> 10.721 | T37: =SUM(T21,T26,T35) -> 10 | U37: =SUM(U21,U26,U35) -> 10 | ... Y37: =SUM(Y21,Y26,Y35) -> 10
B39: Beginning Cash | D39: ='CF FY18-20'!D36/1000 -> 0.108 | E39: =D42 -> 7.082 | F39: =E42 -> 10.073 | G39: =F42 -> 5.006 | I39: =+H40 -> 70.094 | J39: =+I40 -> 168.66345 | K39: =+J40 -> 293.81621 | L39: =+K40 -> 445.54292 | N39: =E42 -> 10.073 | O39: =N42 -> 4.227 | P39: =O42 -> 13.171 | Q39: =P42 -> 14.189 | R39: =Q42 -> 5.006 | S39: =R40 -> 8.53 | T39: =+S40 -> 10.094 | U39: =+T40 -> 20.094 | V39: =+U40 -> 30.094 | W39: =+V40 -> 40.094 | X39: =+W40 -> 50.094 | Y39: =+X40 -> 60.094
B40: Ending Cash | D40: =SUM(D37,D39) -> 7.082 | E40: =SUM(E37,E39) -> 10.073 | F40: =SUM(F37,F39) -> 9.557 | G40: =SUM(G37,G39) -> 37.464 | H40: =+Y40 -> 70.094 | I40: =SUM(I37,I39) -> 168.66345 | J40: =SUM(J37,J39) -> 293.81621 | K40: =SUM(K37,K39) -> 445.54292 | L40: =SUM(L37,L39) -> 622.87718 | N40: =SUM(N37,N39) -> 4.227 | O40: =SUM(O37,O39) -> 13.171 | P40: =SUM(P37,P39) -> 14.189 | Q40: =SUM(Q37,Q39) -> 9.557 | R40: =SUM(R37,R39) -> 8.53 | S40: =+BS!S10 -> 10.094 | T40: =SUM(T37,T39) -> 20.094 | U40: =SUM(U37,U39) -> 30.094 | V40: =SUM(V37,V39) -> 40.094 | W40: =SUM(W37,W39) -> 50.094 | X40: =SUM(X37,X39) -> 60.094 | Y40: =SUM(Y37,Y39) -> 70.094
B41: Restricted cash included in other current assets | F41: 4.551 | G41: =10.125+3.583 -> 13.708 | H41: =G41 -> 13.708 | I41: =H41 -> 13.708 | J41: =I41 -> 13.708 | K41: =J41 -> 13.708 | L41: =K41 -> 13.708 | Q41: 4.551 | R41: =4.222+6.325 -> 10.547 | S41: =10.125+3.583 -> 13.708 | T41: =S41 -> 13.708 | U41: =T41 -> 13.708 | V41: =U41 -> 13.708 | W41: =V41 -> 13.708 | X41: =W41 -> 13.708 | Y41: =X41 -> 13.708 | Z41: ignore
B42: Ending Cash | D42: =D40-D41 -> 7.082 | E42: =E40-E41 -> 10.073 | F42: =F40-F41 -> 5.006 | G42: =G40-G41 -> 23.756 | H42: =H40-H41 -> 56.386 | I42: =I40-I41 -> 154.95545 | J42: =J40-J41 -> 280.10821 | K42: =K40-K41 -> 431.83492 | L42: =L40-L41 -> 609.16918 | N42: =N40-N41 -> 4.227 | O42: =O40-O41 -> 13.171 | P42: =P40-P41 -> 14.189 | Q42: =Q40-Q41 -> 5.006 | R42: =R40-R41 -> -2.017 | S42: =S40-S41 -> -3.614 | T42: =T40-T41 -> 6.386 | U42: =U40-U41 -> 16.386 | ... Y42: =Y40-Y41 -> 56.386 | Z42: ignore
B45: CapEx Schedule
B47: Memo: Revenue | D47: =IS!E9 -> 144.496 | E47: =IS!F9 -> 175.518 | F47: =IS!G9 -> 213.212 | G47: =IS!H9 -> 303.295 | H47: =IS!I9 -> 470.10725 | I47: =IS!J9 -> 611.13943 | J47: =IS!K9 -> 763.92428 | K47: =IS!L9 -> 916.70914 | L47: =IS!M9 -> 1054.2155 | N47: =IS!S9 -> 45.604 | O47: =IS!T9 -> 59.722 | P47: =IS!U9 -> 59.84 | Q47: =IS!V9 -> 48.046 | R47: =IS!W9 -> 67.976 | S47: =IS!X9 -> 73.49 | T47: =IS!Y9 -> 89.76 | U47: =IS!Z9 -> 72.069 | ... Y47: =IS!AD9 -> 111.70695
B49: Capital Expenditures | D49: =-D24 -> 1.719 | E49: =-E24 -> 3.236 | F49: =-F24 -> 4.126 | G49: =-G24 -> 3.76729 | H49: =-H24 -> 4.7010725 | I49: =I50*I47 -> 6.1113943 | J49: =J50*J47 -> 7.6392428 | K49: =K50*K47 -> 9.1670914 | L49: =L50*L47 -> 10.542155 | N49: =-N24 -> 0.863 | O49: =-O24 -> 0.873 | P49: =-P24 -> 0.747 | Q49: =-Q24 -> 1.643 | R49: =-R24 -> 0.882 | S49: =-S24 -> 1.267 | T49: =T47*T50 -> 0.8976 | U49: =U47*U50 -> 0.72069 | V49: =V47*V50 -> 1.053628 | W49: =W47*W50 -> 1.139095 | X49: =X47*X50 -> 1.39128 | Y49: =Y47*Y50 -> 1.1170695
B50: % of Revenue | D50: =D49/D47 -> 0.011896523 | E50: =E49/E47 -> 0.018436855 | F50: =F49/F47 -> 0.019351631 | G50: =G49/G47 -> 0.012421207 | H50: =H49/H47 -> 0.01 | I50: 0.01 | J50: =I50 -> 0.01 | K50: =J50 -> 0.01 | L50: =K50 -> 0.01 | M50: 0.02 | N50: =N49/N47 -> 0.018923779 | O50: =O49/O47 -> 0.014617729 | P50: =P49/P47 -> 0.012483289 | Q50: =Q49/Q47 -> 0.034196395 | R50: =R49/R47 -> 0.012975168 | S50: =S49/S47 -> 0.017240441 | T50: 0.01 | U50: 0.01 | V50: 0.01 | W50: 0.01 | X50: 0.01 | Y50: 0.01

Sheet TAM Builds
C1: Fiscal Year Ended December 31,
D2: Q1 | E2: Q2 | F2: Q3 | G2: Q4 | H2: 2021 | I2: Q1 | J2: Q2 | K2: Q3 | L2: Q4 | M2: 2022 | N2: 2023 | O2: =N2+1 -> 2024 | P2: =O2+1 -> 2025 | Q2: =P2+1 -> 2026 | R2: =Q2+1 -> 2027 | S2: =R2+1 -> 2028 | T2: =S2+1 -> 2029 | U2: =T2+1 -> 2030 | V2: =U2+1 -> 2031 | W2: =V2+1 -> 2032
D3: 44276 | E3: 44368 | F3: 44460 | G3: 44551 | H3: 44551 | I3: 44621 | J3: 44742 | K3: 44834 | L3: 44916 | M3: 44916 | N3: 44916 | O3: 45657 | P3: =O3+365 -> 46022 | Q3: =P3+365 -> 46387 | R3: =Q3+365 -> 46752 | S3: =R3+365 -> 47117 | T3: =S3+365 -> 47482 | U3: =T3+365 -> 47847 | V3: =U3+365 -> 48212 | W3: =V3+365 -> 48577
D4: Actual | E4: Actual | F4: Actual | G4: Actual | H4: Actual | I4: Actual | J4: Actual | K4: Forecast | L4: Forecast | M4: Forecast | N4: Forecast | O4: Forecast | P4: Forecast | Q4: Forecast | R4: Forecast | S4: Forecast | T4: Forecast | U4: Forecast | V4: Forecast | W4: Forecast
C6: Revenue Build
C8: System Solution | D8: 33.369 | E8: 51.242 | F8: 38.641 | G8: =H8-SUM(D8:F8) -> 32.566 | H8: 155.818 | I8: 46.829 | J8: 56.821
C9: Components | D9: 12.235 | E9: 8.48 | F9: 21.199 | G9: =H9-SUM(D9:F9) -> 15.48 | H9: 57.394 | I9: 21.147 | J9: 16.669
C11: Total Revenue | D11: =IS!S9 -> 45.604 | E11: =IS!T9 -> 59.722 | F11: =IS!U9 -> 59.84 | G11: =IS!V9 -> 48.046 | H11: =IS!G9 -> 213.212 | I11: =IS!W9 -> 67.976 | J11: =IS!X9 -> 73.49 | K11: =IS!Y9 -> 89.76 | L11: =IS!Z9 -> 72.069 | M11: =SUM(I11:L11) -> 303.295 | N11: ='DCF - 10 Year'!E18 -> 470.10725 | O11: ='DCF - 10 Year'!F18 -> 611.13943 | P11: ='DCF - 10 Year'!G18 -> 763.92428 | Q11: ='DCF - 10 Year'!H18 -> 916.70914 | R11: ='DCF - 10 Year'!I18 -> 1054.2155 | S11: ='DCF - 10 Year'!J18 -> 1159.6371 | T11: ='DCF - 10 Year'!K18 -> 1275.6008 | U11: ='DCF - 10 Year'!L18 -> 1403.1608 | ... W11: ='DCF - 10 Year'!N18 -> 1697.8246
C12: Growth % | M12: =M11/H11-1 -> 0.42250436 | N12: =N11/M11-1 -> 0.55 | O12: =O11/N11-1 -> 0.3 | P12: =P11/O11-1 -> 0.25 | Q12: =Q11/P11-1 -> 0.2 | R12: =R11/Q11-1 -> 0.15 | S12: =S11/R11-1 -> 0.1 | T12: =T11/S11-1 -> 0.1 | U12: =U11/T11-1 -> 0.1 | ... W12: =W11/V11-1 -> 0.1
C14: US Solar Revenue | D14: =D15*D$11 -> 45.604 | E14: =E15*E$11 -> 59.722 | F14: =F15*F$11 -> 59.84 | G14: =G15*G$11 -> 48.046 | H14: =H15*H$11 -> 213.212 | I14: =I15*I$11 -> 66.2766 | J14: =(J$11-J$29)*J15 -> 69.299467 | K14: =(K$11-K$29)*K15 -> 82.28424 | L14: =(L$11-L$29)*L15 -> 64.620662 | M14: =(M$11-M$29)*M15 -> 271.16676 | N14: =(N$11-N$29)*N15 -> 386.94778 | O14: =(O$11-O$29)*O15 -> 465.11223 | P14: =(P$11-P$29)*P15 -> 532.78188 | Q14: =(Q$11-Q$29)*Q15 -> 594.84151 | ... W14: =(W$11-W$29)*W15 -> 768.13353
C15: % Mix | D15: 1 | E15: 1 | F15: 1 | G15: 1 | H15: 1 | I15: =1-I18 -> 0.975 | J15: =1-J18 -> 0.97 | K15: =1-K18 -> 0.96 | L15: =1-L18 -> 0.95 | M15: =1-M18 -> 0.925 | N15: =1-N18 -> 0.85 | O15: =1-O18 -> 0.8 | P15: =1-P18 -> 0.75 | ... W15: =1-W18 -> 0.5
C17: RoW Solar Revenue | D17: =D18*D$11 -> 0 | E17: =E18*E$11 -> 0 | F17: =F18*F$11 -> 0 | G17: =G18*G$11 -> 0 | H17: =H18*H$11 -> 0 | I17: =I18*I$11 -> 1.6994 | J17: =(J$11-J$29)*J18 -> 2.1432825 | K17: =(K$11-K$29)*K18 -> 3.42851 | L17: =(L$11-L$29)*L18 -> 3.4010875 | M17: =(M$11-M$29)*M18 -> 21.986494 | N17: =(N$11-N$29)*N18 -> 68.284903 | O17: =(O$11-O$29)*O18 -> 116.27806 | P17: =(P$11-P$29)*P18 -> 177.59396 | Q17: =(Q$11-Q$29)*Q18 -> 254.93208 | ... W17: =(W$11-W$29)*W18 -> 768.13353
C18: % Mix | D18: 0 | E18: 0 | F18: 0 | G18: 0 | H18: 0 | I18: 0.025 | J18: 0.03 | K18: 0.04 | L18: 0.05 | M18: 0.075 | N18: 0.15 | O18: 0.2 | P18: 0.25 | Q18: 0.3 | R18: =Q18+2.5% -> 0.325 | S18: =R18+2.5% -> 0.35 | T18: =S18+2.5% -> 0.375 | U18: =T18+2.5% -> 0.4 | V18: =U18+5% -> 0.45 | W18: =V18+5% -> 0.5
C20: Total Solar Revenue | D20: =SUM(D14,D17) -> 45.604 | E20: =SUM(E14,E17) -> 59.722 | F20: =SUM(F14,F17) -> 59.84 | G20: =SUM(G14,G17) -> 48.046 | H20: =SUM(H14,H17) -> 213.212 | I20: =SUM(I14,I17) -> 67.976 | J20: =SUM(J14,J17) -> 71.44275 | K20: =SUM(K14,K17) -> 85.71275 | ... W20: =SUM(W14,W17) -> 1536.2671
C21: Growth % | M21: =M20/H20-1 -> 0.37493786 | N21: =N20/M20-1 -> 0.55288295 | O21: =O20/N20-1 -> 0.27712775 | P21: =P20/O20-1 -> 0.22185708 | Q21: =Q20/P20-1 -> 0.19623098 | R21: =R20/Q20-1 -> 0.14606157 | S21: =S20/R20-1 -> 0.095876206 | T21: =T20/S20-1 -> 0.095672538 | U21: =U20/T20-1 -> 0.095457967 | ... W21: =W20/V20-1 -> 0.094993385
C23: Storage Revenue | J23: =(J9-E9)*25% -> 2.04725 | K23: =J23*(1+K24) -> 2.04725 | L23: =K23*(1+L24) -> 2.04725 | M23: =SUM(I23:L23) -> 6.14175 | N23: =(M23/3*4)*1.1 -> 9.0079 | O23: =N23*(1+O24) -> 18.0158 | P23: =O23*(1+P24) -> 32.42844 | Q23: =P23*(1+Q24) -> 40.53555 | R23: =Q23*(1+R24) -> 48.64266 | S23: =R23*(1+S24) -> 55.939059 | T23: =S23*(1+T24) -> 64.329918 | U23: =T23*(1+U24) -> 73.979406 | V23: =U23*(1+V24) -> 85.076316 | W23: =V23*(1+W24) -> 97.837764
C24: Growth % | N24: 0.25 | O24: 1 | P24: 0.8 | Q24: 0.25 | R24: 0.2 | S24: 0.15 | T24: =S24 -> 0.15 | U24: =T24 -> 0.15 | V24: =U24 -> 0.15 | W24: =V24 -> 0.15
C26: EV Revenue | K26: 2 | L26: =K26*(1+L27) -> 2 | M26: =SUM(I26:L26) -> 4 | N26: =(M26/3*4)*1.1 -> 5.8666667 | O26: =N26*(1+O27) -> 11.733333 | P26: =O26*(1+P27) -> 21.12 | Q26: =P26*(1+Q27) -> 26.4 | R26: =Q26*(1+R27) -> 31.68 | S26: =R26*(1+S27) -> 36.432 | T26: =S26*(1+T27) -> 41.8968 | U26: =T26*(1+U27) -> 48.18132 | V26: =U26*(1+V27) -> 55.408518 | W26: =V26*(1+W27) -> 63.719796
C27: Growth % | N27: 0.25 | O27: 1 | P27: 0.8 | Q27: 0.25 | R27: 0.2 | S27: 0.15 | T27: =S27 -> 0.15 | U27: =T27 -> 0.15 | V27: =U27 -> 0.15 | W27: =V27 -> 0.15
C29: Total Non-Storage Revenue | J29: =SUM(J23,J26) -> 2.04725 | K29: =SUM(K23,K26) -> 4.04725 | L29: =SUM(L23,L26) -> 4.04725 | M29: =SUM(M23,M26) -> 10.14175 | N29: =SUM(N23,N26) -> 14.874567 | O29: =SUM(O23,O26) -> 29.749133 | P29: =SUM(P23,P26) -> 53.54844 | Q29: =SUM(Q23,Q26) -> 66.93555 | ... W29: =SUM(W23,W26) -> 161.55756
C30: Growth % | J30: =J29/J11 -> 0.027857532 | K30: =K29/K11 -> 0.045089684 | L30: =L29/L11 -> 0.056157987 | M30: =M29/M11 -> 0.033438566 | N30: =N29/N11 -> 0.031640794 | O30: =O29/O11 -> 0.048678145 | P30: =P29/P11 -> 0.070096528 | Q30: =Q29/Q11 -> 0.073017217 | ... W30: =W29/W11 -> 0.095155623
C32: Mix Breakdown
C33: Total Solar | H33: =H20/H11 -> 1 | M33: =M20/M11 -> 0.96656143 | N33: =N20/N11 -> 0.96835921 | O33: =O20/O11 -> 0.95132186 | P33: =P20/P11 -> 0.92990347 | Q33: =Q20/Q11 -> 0.92698278 | R33: =R20/R11 -> 0.92380812 | S33: =S20/S11 -> 0.92034485 | T33: =T20/T11 -> 0.91672417 | ... W33: =W20/W11 -> 0.90484438
C34: US Solar | H34: =H14/H$11 -> 1 | M34: =M14/M$11 -> 0.89406933 | N34: =N14/N$11 -> 0.82310533 | O34: =O14/O$11 -> 0.76105748 | P34: =P14/P$11 -> 0.6974276 | Q34: =Q14/Q$11 -> 0.64888795 | R34: =R14/R$11 -> 0.62357048 | S34: =S14/S$11 -> 0.59822416 | T34: =T14/T$11 -> 0.5729526 | ... W34: =W14/W$11 -> 0.45242219
C35: RoW Solar | H35: =H17/H11 -> 0 | M35: =M17/M11 -> 0.072492108 | N35: =N17/N11 -> 0.14525388 | O35: =O17/O11 -> 0.19026437 | P35: =P17/P11 -> 0.23247587 | Q35: =Q17/Q11 -> 0.27809483 | R35: =R17/R11 -> 0.30023764 | S35: =S17/S11 -> 0.3221207 | T35: =T17/T11 -> 0.34377156 | ... W35: =W17/W11 -> 0.45242219
C36: Storage | H36: =H23/H$11 -> 0 | M36: =M23/M$11 -> 0.020250087 | N36: =N23/N$11 -> 0.019161372 | O36: =O23/O$11 -> 0.029479034 | P36: =P23/P$11 -> 0.042449809 | Q36: =Q23/Q$11 -> 0.044218551 | R36: =R23/R$11 -> 0.046141097 | S36: =S23/S$11 -> 0.04823842 | T36: =T23/T$11 -> 0.050431075 | ... W36: =W23/W$11 -> 0.057625365
C37: EV | H37: =H26/H$11 -> 0 | M37: =M26/M$11 -> 0.01318848 | N37: =N26/N$11 -> 0.012479422 | O37: =O26/O$11 -> 0.01919911 | P37: =P26/P$11 -> 0.027646719 | Q37: =Q26/Q$11 -> 0.028798666 | R37: =R26/R$11 -> 0.030050782 | S37: =S26/S$11 -> 0.031416726 | T37: =T26/T$11 -> 0.032844759 | ... W37: =W26/W$11 -> 0.037530258
C41: Market Share Builds
C44: US Solar Addressable Market
C45: Utility Solar - US Market (GW) | H45: 17 | M45: =H45*(1+M46) -> 18.695584 | N45: =M45*(1+N46) -> 20.560286 | O45: =N45*(1+O46) -> 22.610974 | P45: =O45*(1+P46) -> 24.866199 | Q45: =P45*(1+Q46) -> 27.346359 | R45: =Q45*(1+R46) -> 30.073892 | S45: =R45*(1+S46) -> 33.073469 | T45: =S45*(1+T46) -> 36.372225 | U45: =T45*(1+U46) -> 40 | ... W45: =V45*(1+W46) -> 48.377144
C46: Growth | M46: =AE98 -> 0.099740246 | N46: =M46 -> 0.099740246 | O46: =N46 -> 0.099740246 | P46: =O46 -> 0.099740246 | Q46: =P46 -> 0.099740246 | R46: =Q46 -> 0.099740246 | S46: =R46 -> 0.099740246 | T46: =S46 -> 0.099740246 | U46: =T46 -> 0.099740246 | ... W46: =V46 -> 0.099740246
C48: US Market (MW) | H48: =H45*1000 -> 17000 | M48: =M45*1000 -> 18695.584 | N48: =N45*1000 -> 20560.286 | O48: =O45*1000 -> 22610.974 | P48: =P45*1000 -> 24866.199 | Q48: =Q45*1000 -> 27346.359 | R48: =R45*1000 -> 30073.892 | S48: =S45*1000 -> 33073.469 | T48: =T45*1000 -> 36372.225 | ... W48: =W45*1000 -> 48377.144
C50: EBOS Solar $ Price/W | H50: =(1.5+2)/100 -> 0.035 | M50: =H50 -> 0.035 | N50: =M50 -> 0.035 | O50: =N50 -> 0.035 | P50: =O50 -> 0.035 | Q50: =P50 -> 0.035 | R50: =Q50 -> 0.035 | S50: =R50 -> 0.035 | T50: =S50 -> 0.035 | U50: =T50 -> 0.035 | ... W50: =V50 -> 0.035
C51: Solar EBOS TAM | H51: =H50*H48 -> 595 | M51: =M50*M48 -> 654.34545 | N51: =N50*N48 -> 719.61002 | O51: =O50*O48 -> 791.3841 | P51: =P50*P48 -> 870.31695 | Q51: =Q50*Q48 -> 957.12258 | R51: =R50*R48 -> 1052.5862 | S51: =S50*S48 -> 1157.5714 | T51: =T50*T48 -> 1273.0279 | ... W51: =W50*W48 -> 1693.2001
C53: Memo: US Solar NR - Shoals | H53: =H14 -> 213.212 | M53: =M14 -> 271.16676 | N53: =N14 -> 386.94778 | O53: =O14 -> 465.11223 | P53: =P14 -> 532.78188 | Q53: =Q14 -> 594.84151 | R53: =R14 -> 657.37767 | S53: =S14 -> 693.7229 | T53: =T14 -> 730.85878 | ... W53: =W14 -> 768.13353
C54: Shoals Implied Market Share % | H54: =H53/H51 -> 0.3583395 | M54: =M53/M51 -> 0.41440917 | N54: =N53/N51 -> 0.53771872 | O54: =O53/O51 -> 0.58771996 | P54: =P53/P51 -> 0.61216995 | Q54: =Q53/Q51 -> 0.62148937 | R54: =R53/R51 -> 0.6245357 | S54: =S53/S51 -> 0.59929166 | T54: =T53/T51 -> 0.57411058 | ... W54: =W53/W51 -> 0.45365787
C57: Battery Storage Addressable Market
C58: GW Storage Capacity / GW Solar | H58: =(1/4) -> 0.25 | M58: =H58 -> 0.25 | N58: =M58 -> 0.25 | O58: =N58 -> 0.25 | P58: =O58 -> 0.25 | Q58: =P58 -> 0.25 | R58: =Q58 -> 0.25 | S58: =R58 -> 0.25 | T58: =S58 -> 0.25 | U58: =T58 -> 0.25 | ... W58: =V58 -> 0.25
C60: US Storage Market (GW) | H60: =H58*H45 -> 4.25 | I60: =I58*I45 -> 0 | J60: =J58*J45 -> 0 | K60: =K58*K45 -> 0 | L60: =L58*L45 -> 0 | M60: =M58*M45 -> 4.673896 | N60: =N58*N45 -> 5.1400716 | O60: =O58*O45 -> 5.6527436 | ... W60: =W58*W45 -> 12.094286
C62: US Storage (MW) | H62: =H60*1000 -> 4250 | I62: =I60*1000 -> 0 | J62: =J60*1000 -> 0 | K62: =K60*1000 -> 0 | L62: =L60*1000 -> 0 | M62: =M60*1000 -> 4673.896 | N62: =N60*1000 -> 5140.0716 | O62: =O60*1000 -> 5652.7436 | ... W62: =W60*1000 -> 12094.286
C64: EBOS Spend Storage $ Price / W | H64: =0.088-0.056 -> 0.032 | I64: =0.088-0.056 -> 0.032 | J64: =0.088-0.056 -> 0.032 | K64: =0.088-0.056 -> 0.032 | L64: =0.088-0.056 -> 0.032 | M64: =$H$64 -> 0.032 | N64: =$H$64 -> 0.032 | O64: =$H$64 -> 0.032 | P64: =$H$64 -> 0.032 | Q64: =$H$64 -> 0.032 | R64: =$H$64 -> 0.032 | S64: =$H$64 -> 0.032 | T64: =$H$64 -> 0.032 | ... W64: =$H$64 -> 0.032
C66: Storage EBOS TAM | H66: =H64*H62 -> 136 | I66: =I64*I62 -> 0 | J66: =J64*J62 -> 0 | K66: =K64*K62 -> 0 | L66: =L64*L62 -> 0 | M66: =M64*M62 -> 149.56467 | N66: =N64*N62 -> 164.48229 | O66: =O64*O62 -> 180.8878 | ... W66: =W64*W62 -> 387.01716
C68: Memo: US Storage NR - Shoals | H68: =H23 -> 0 | I68: =I23 -> 0 | J68: =J23 -> 2.04725 | K68: =K23 -> 2.04725 | L68: =L23 -> 2.04725 | M68: =M23 -> 6.14175 | N68: =N23 -> 9.0079 | O68: =O23 -> 18.0158 | ... W68: =W23 -> 97.837764
C69: Shoals Implied Market Share % | H69: =H68/H66 -> 0 | I69: =I68/I66 -> #DIV/0! | J69: =J68/J66 -> #DIV/0! | K69: =K68/K66 -> #DIV/0! | L69: =L68/L66 -> #DIV/0! | M69: =M68/M66 -> 0.041064175 | N69: =N68/N66 -> 0.054765166 | O69: =O68/O66 -> 0.099596548 | ... W69: =W68/W66 -> 0.25279955
C72: EV Addressable Market
C73: Addressable EV Chargers (thousands) | H73: 192.554 | M73: =H73*(1+M74) -> 282.58013 | N73: =M73*(1+N74) -> 414.69681 | O73: =N73*(1+O74) -> 608.58293 | P73: 893.118 | Q73: =P73*(1+Q74) -> 1161.0534 | R73: =Q73*(1+R74) -> 1393.2641 | S73: =R73*(1+S74) -> 1671.9169 | T73: =S73*(1+T74) -> 2006.3003 | U73: =T73*(1+U74) -> 2407.5603 | V73: =U73*(1+V74) -> 2648.3164 | W73: =V73*(1+W74) -> 2780.7322 | Y73: =RATE(11,,-H73,W73) -> 0.27473169
C74: Growth | M74: =N74 -> 0.46753705 | N74: =O74 -> 0.46753705 | O74: =P74 -> 0.46753705 | P74: =RATE(4,,-H73,P73) -> 0.46753705 | Q74: 0.3 | R74: 0.2 | S74: 0.2 | T74: 0.2 | U74: =T74 -> 0.2 | V74: 0.1 | W74: 0.05
C76: Chargers Added | M76: =M73-H73 -> 90.026129 | N76: =N73-M73 -> 132.11668 | O76: =O73-N73 -> 193.88612 | P76: =P73-O73 -> 284.53507 | Q76: =Q73-P73 -> 267.9354 | R76: =R73-Q73 -> 232.21068 | S76: =S73-R73 -> 278.65282 | T76: =T73-S73 -> 334.38338 | U76: =U73-T73 -> 401.26006 | ... W76: =W73-V73 -> 132.41582
C78: Spend per Chargepoint ($k) | M78: 5 | N78: =M78 -> 5 | O78: =N78 -> 5 | P78: =O78 -> 5 | Q78: =P78 -> 5 | R78: =Q78 -> 5 | S78: =R78 -> 5 | T78: =S78 -> 5 | U78: =T78 -> 5 | ... W78: =V78 -> 5
C80: US EV Charger Addressable Market | H80: 300 | M80: =M76*M78 -> 450.13065 | N80: =N76*N78 -> 660.5834 | O80: =O76*O78 -> 969.43061 | P80: =P76*P78 -> 1422.6753 | Q80: =Q76*Q78 -> 1339.677 | R80: =R76*R78 -> 1161.0534 | S80: =S76*S78 -> 1393.2641 | T80: =T76*T78 -> 1671.9169 | ... W80: =W76*W78 -> 662.07909
C82: Memo: US EV NR - Shoals | M82: =M26 -> 4 | N82: =N26 -> 5.8666667 | O82: =O26 -> 11.733333 | P82: =P26 -> 21.12 | Q82: =Q26 -> 26.4 | R82: =R26 -> 31.68 | S82: =S26 -> 36.432 | T82: =T26 -> 41.8968 | ... W82: =W26 -> 63.719796
C83: Shoals Implied Market Share % | M83: =M82/M80 -> 0.008886309 | N83: =N82/N80 -> 0.0088810386 | O83: =O82/O80 -> 0.012103325 | P83: =P82/P80 -> 0.01484527 | Q83: =Q82/Q80 -> 0.019706243 | R83: =R82/R80 -> 0.027285567 | S83: =S82/S80 -> 0.026148668 | T83: =T82/T80 -> 0.02505914 | ... W83: =W82/W80 -> 0.09624197
Z94: U.S. solar industry sets records in 2020, on track to quadruple by 2030 | Wood Mackenzie
Z95: Solar Market Insight Report 2021 Year in Review | SEIA
AC97: '21A | AD97: '30E | AE97: Implied CAGR
AC98: 17 | AD98: 40 | AE98: =RATE(9,,-AC98,AD98) -> 0.099740246

Sheet Valuation Analysis>>

Sheet DCF - 5 Year
B2: Assumptions
B4: Value Date | C4: =Cover!$B$35 -> 44862
B5: Stub period | C5: =YEARFRAC(C4,C6,0) -> 0.175
B6: End | C6: 44926
B7: Tax Rate | C7: 0.21
B8: WACC | C8: =WACC!G26 -> 0.1
B9: PGR | C9: 0.035
B12: DCF
C14: 2021 | D14: =C14+1 -> 2022 | E14: =D14+1 -> 2023 | F14: =E14+1 -> 2024 | G14: =F14+1 -> 2025 | H14: =G14+1 -> 2026 | I14: =H14+1 -> 2027 | K14: Terminal Year
B16: Revenue | C16: =IS!G9 -> 213.212 | D16: =IS!H9 -> 303.295 | E16: =IS!I9 -> 470.10725 | F16: =IS!J9 -> 611.13943 | G16: =IS!K9 -> 763.92428 | H16: =IS!L9 -> 916.70914 | I16: =IS!M9 -> 1054.2155 | K16: =I16 -> 1054.2155
B17: % Growth | D17: =D16/C16-1 -> 0.42250436 | E17: =E16/D16-1 -> 0.55 | F17: =F16/E16-1 -> 0.3 | G17: =G16/F16-1 -> 0.25 | H17: =H16/G16-1 -> 0.2 | I17: =I16/H16-1 -> 0.15 | K17: =K16/I16-1 -> 0
B19: EBITDA | C19: =IS!G54 -> 68.826 | D19: =IS!H54 -> 78.047573 | E19: =IS!I54 -> 131.37291 | F19: =IS!J54 -> 164.51547 | G19: =IS!K54 -> 199.1467 | H19: =IS!L54 -> 233.77793 | I19: =IS!M54 -> 264.94604 | K19: =I19 -> 264.94604
B20: % Margin | C20: =C19/C16 -> 0.32280547 | D20: =D19/D16 -> 0.25733221 | E20: =E19/E16 -> 0.27945307 | F20: =F19/F16 -> 0.26919466 | G20: =G19/G16 -> 0.26068906 | H20: =H19/H16 -> 0.25501865 | I20: =I19/I16 -> 0.25132056 | K20: =K19/K16 -> 0.25132056
B22: Less: D&A | C22: =-IS!G20 -> -8.52 | D22: =-IS!H20 -> -11.943104 | E22: =-IS!I20 -> -12.810398 | F22: =-IS!J20 -> -13.558645 | G22: =-IS!K20 -> -14.933709 | H22: =-IS!L20 -> -16.614342 | I22: =-IS!M20 -> -17.45508 | K22: =I22 -> -17.45508
B23: EBIT | C23: =SUM(C19,C22) -> 60.306 | D23: =SUM(D19,D22) -> 66.104469 | E23: =SUM(E19,E22) -> 118.56252 | F23: =SUM(F19,F22) -> 150.95683 | G23: =SUM(G19,G22) -> 184.21299 | H23: =SUM(H19,H22) -> 217.16359 | I23: =SUM(I19,I22) -> 247.49096 | K23: =SUM(K19,K22) -> 247.49096
B24: % Margin | C24: =C23/C$16 -> 0.28284524 | D24: =D23/D$16 -> 0.21795437 | E24: =E23/E$16 -> 0.25220312 | F24: =F23/F$16 -> 0.24700882 | G24: =G23/G$16 -> 0.24114038 | H24: =H23/H$16 -> 0.23689476 | I24: =I23/I$16 -> 0.23476315 | K24: =K23/K$16 -> 0.23476315
B26: Plus: D&A | C26: =-C22 -> 8.52 | D26: =-D22 -> 11.943104 | E26: =-E22 -> 12.810398 | F26: =-F22 -> 13.558645 | G26: =-G22 -> 14.933709 | H26: =-H22 -> 16.614342 | I26: =-I22 -> 17.45508 | K26: =-K22 -> 17.45508
B27: Less: Cash Taxes | C27: =IS!G33 -> -0.086 | D27: =IS!H33 -> -6.4116911 | E27: =IS!I33 -> -15.439949 | F27: =IS!J33 -> -23.287579 | G27: =IS!K33 -> -30.729235 | H27: =IS!L33 -> -37.669466 | I27: =IS!M33 -> -44.009365 | K27: =I27 -> -44.009365
B28: Less: CapEx | C28: =CF!F24 -> -4.126 | D28: =CF!G24 -> -3.76729 | E28: =CF!H24 -> -4.7010725 | F28: =CF!I24 -> -6.1113943 | G28: =CF!J24 -> -7.6392428 | H28: =CF!K24 -> -9.1670914 | I28: =CF!L24 -> -10.542155 | K28: =I28 -> -10.542155
B29: Less: Change in NWC | C29: =BS!F88 -> -33.415 | D29: =BS!G88 -> -25.379153 | E29: =BS!H88 -> -40.261661 | F29: =BS!I88 -> 31.789242 | G29: =BS!J88 -> -23.732718 | H29: =BS!K88 -> -23.420035 | I29: =BS!L88 -> -21.128262 | K29: =I29 -> -21.128262
B30: Unlevered Free Cash Flow | C30: =C23+SUM(C26:C29) -> 31.199 | D30: =D23+SUM(D26:D29) -> 42.489439 | E30: =E23+SUM(E26:E29) -> 70.970232 | F30: =F23+SUM(F26:F29) -> 166.90574 | G30: =G23+SUM(G26:G29) -> 137.04551 | H30: =H23+SUM(H26:H29) -> 163.52134 | I30: =I23+SUM(I26:I29) -> 189.26626 | K30: =K23+SUM(K26:K29) -> 189.26626
B31: Discount Period | D31: =C5/2 -> 0.0875 | E31: =D31+1 -> 1.0875 | F31: =E31+1 -> 2.0875 | G31: =F31+1 -> 3.0875 | H31: =G31+1 -> 4.0875 | I31: =H31+1 -> 5.0875 | K31: =I31+1 -> 6.0875
B32: Discount Factor | D32: =1/(1+$D$37)^D31 -> 0.99169504 | E32: =1/(1+$D$37)^E31 -> 0.90154094 | F32: =1/(1+$D$37)^F31 -> 0.81958268 | G32: =1/(1+$D$37)^G31 -> 0.74507516 | H32: =1/(1+$D$37)^H31 -> 0.67734105 | I32: =1/(1+$D$37)^I31 -> 0.61576459 | K32: =1/(1+$D$37)^K31 -> 0.559786
B33: PV of Free Cash Flows | D33: =D32*D30 -> 42.136566 | E33: =E32*E30 -> 63.98257 | F33: =F32*F30 -> 136.79305 | G33: =G32*G30 -> 102.1092 | H33: =H32*H30 -> 110.75972 | I33: =I32*I30 -> 116.54346
B36: Perpetuity Growth Methodology
B37: Discount Rate | D37: =C8 -> 0.1
B38: Perpetuity Growth Rate | D38: =C9 -> 0.035
B40: Discount Factor for TV | D40: =K32 -> 0.559786
B41: Free Cash Flow in Terminal Year | D41: =K30 -> 189.26626
B42: Terminal Value | D42: =(D41*(1+D38)/(D37-D38)) -> 3013.7011
B44: Present Value of Projection Period | D44: =SUM(D33:I33) -> 572.32457
B45: Present Value of Terminal Value | D45: =D42*D40 -> 1687.0277
B46: Implied Enterprise Value | D46: =SUM(D44:D45) -> 2259.3523
B48: Less: Net Debt | D48: =SUM('TSM (SHLS)'!L17:L19) -> 259.847
B49: Implied Equity Value | D49: =D46-D48 -> 1999.5053
B51: FDSO | D51: ='TSM (SHLS)'!L15 -> 169.25536
B52: Implied DCF Value Per Share | D52: =D49/D51 -> 11.813542
B54: Current Price | D54: ='TSM (SHLS)'!C6 -> 22.21
B55: Implied Premium / (Discount) to Current | D55: =D52/D54-1 -> -0.46809807
B57: Implied Terminal EBITDA Multiple Calculation
B58: Adjusted Terminal Valuation | D58: =+D42*(1+D37)^(0.5) -> 3160.7964
B59: Terminal Year EBITDA | D59: =+K19 -> 264.94604
B60: Implied Terminal EBITDA Multiple | D60: =D58/D59 -> 11.929963
B63: EBITDA Multiple Methodology
B64: Discount Rate | D64: 0.1
B65: Terminal EBITDA Multiple | D65: 10
B67: Discount Factor for Terminal Value | D67: =1/(1+$D$64)^COLUMNS(E14:K14)-1+$C$5 -> -0.31184188
B68: Terminal Year EBITDA | D68: =K19 -> 264.94604
B69: Terminal Value | D69: =D68*D65 -> 2649.4604
B71: Present Value of Projection Period | D71: =SUM(D33:K33) -> 572.32457
B72: Present Value of Terminal Value | D72: =D69*D67 -> -826.21271
B73: Implied Enterprise Value | D73: =SUM(D71:D72) -> -253.88814
B76: Valuation Sensitivities
C78: Implied Price per Share
E79: Perpetuity Growth Rate
D80: =D52 -> 11.813542 | E80: =F80-0.25% -> 0.03 | F80: =G80-0.25% -> 0.0325 | G80: 0.035 | H80: =G80+0.25% -> 0.0375 | I80: =H80+0.25% -> 0.04
D81: =D82-0.25% -> 0.095 | E81: 12.091027 | F81: 12.524695 | G81: 12.994503 | H81: 13.505164 | I81: 14.062248
C82: Discount | D82: =D83-0.25% -> 0.0975 | E82: 11.554454 | F82: 11.951367 | G82: 12.380033 | H82: 12.844422 | I82: 13.349192
C83: Rate | D83: 0.1 | E83: 11.056876 | F83: 11.421197 | G83: 11.813542 | H83: 12.237275 | I83: 12.696319
D84: =D83+0.25% -> 0.1025 | E84: 10.594246 | F84: 10.929546 | G84: 11.289683 | H84: 11.677523 | I84: 12.09639
D85: =D84+0.25% -> 0.105 | E85: 10.163056 | F85: 10.472417 | G85: 10.803876 | H85: 11.159887 | I85: 11.543283
C88: Implied Premium / (Discount) to Current Share Price
E89: Perpetuity Growth Rate
E90: =F90-0.25% -> 0.03 | F90: =G90-0.25% -> 0.0325 | G90: 0.035 | H90: =G90+0.25% -> 0.0375 | I90: =H90+0.25% -> 0.04
D91: =D92-0.25% -> 0.095 | E91: =E81/$D$54-1 -> -0.45560438 | F91: =F81/$D$54-1 -> -0.43607855 | G91: =G81/$D$54-1 -> -0.41492557 | H91: =H81/$D$54-1 -> -0.3919332 | I91: =I81/$D$54-1 -> -0.36685061
C92: Discount | D92: =D93-0.25% -> 0.0975 | E92: =E82/$D$54-1 -> -0.47976346 | F92: =F82/$D$54-1 -> -0.46189253 | G92: =G82/$D$54-1 -> -0.44259193 | H92: =H82/$D$54-1 -> -0.42168295 | I92: =I82/$D$54-1 -> -0.39895579
C93: Rate | D93: 0.1 | E93: =E83/$D$54-1 -> -0.50216676 | F93: =F83/$D$54-1 -> -0.48576332 | G93: =G83/$D$54-1 -> -0.46809807 | H93: =H83/$D$54-1 -> -0.4490196 | I93: =I83/$D$54-1 -> -0.42835125
D94: =D93+0.25% -> 0.1025 | E94: =E84/$D$54-1 -> -0.52299656 | F94: =F84/$D$54-1 -> -0.50789976 | G94: =G84/$D$54-1 -> -0.49168467 | H94: =H84/$D$54-1 -> -0.47422227 | I94: =I84/$D$54-1 -> -0.45536288
D95: =D94+0.25% -> 0.105 | E95: =E85/$D$54-1 -> -0.5424108 | F95: =F85/$D$54-1 -> -0.52848188 | G95: =G85/$D$54-1 -> -0.51355804 | H95: =H85/$D$54-1 -> -0.49752874 | I95: =I85/$D$54-1 -> -0.4802664

Sheet DCF - 10 Year
B2: Assumptions
B4: Value Date | C4: =Cover!$B$35 -> 44862
B5: Stub period | C5: =YEARFRAC(C4,C6,0) -> 0.175
B6: End | C6: 44926
B7: Tax Rate | C7: 0.21
B8: WACC | C8: =WACC!G26 -> 0.1
B9: PGR | C9: 0.035
B11: Revenue Growth 2028E→2032E | C11: 0.1
B12: EBITDA Margin 2028E→2032E decline | C12: -10
B14: DCF | R14: CAGR | T14: CAGR | V14: CAGR | X14: CAGR
C16: 2021 | D16: =C16+1 -> 2022 | E16: =D16+1 -> 2023 | F16: =E16+1 -> 2024 | G16: =F16+1 -> 2025 | H16: =G16+1 -> 2026 | I16: =H16+1 -> 2027 | J16: =I16+1 -> 2028 | K16: =J16+1 -> 2029 | ... N16: =M16+1 -> 2032 | P16: Terminal Year | R16: '22→''25E | T16: '22→''30E | V16: '21→''27E | X16: '21→''30E
B18: Revenue | C18: =IS!G9 -> 213.212 | D18: =IS!H9 -> 303.295 | E18: =IS!I9 -> 470.10725 | F18: =IS!J9 -> 611.13943 | G18: =IS!K9 -> 763.92428 | H18: =IS!L9 -> 916.70914 | I18: =IS!M9 -> 1054.2155 | J18: =I18*(1+J19) -> 1159.6371 | K18: =J18*(1+K19) -> 1275.6008 | L18: =K18*(1+L19) -> 1403.1608 | M18: =L18*(1+M19) -> 1543.4769 | N18: =M18*(1+N19) -> 1697.8246 | P18: =N18 -> 1697.8246 | R18: =RATE(3,,-D18,G18) -> 0.36059338 | T18: =RATE(8,,-D18,L18) -> 0.21103104 | V18: =RATE(6,,-C18,I18) -> 0.30522773 | X18: =RATE(10,,-D18,N18) -> 0.18796257
B19: % Growth | D19: =D18/C18-1 -> 0.42250436 | E19: =E18/D18-1 -> 0.55 | F19: =F18/E18-1 -> 0.3 | G19: =G18/F18-1 -> 0.25 | H19: =H18/G18-1 -> 0.2 | I19: =I18/H18-1 -> 0.15 | J19: =C11 -> 0.1 | K19: =J19 -> 0.1 | L19: =K19 -> 0.1 | M19: =L19 -> 0.1 | N19: =M19 -> 0.1 | P19: =P18/I18-1 -> 0.61051
B21: EBITDA | C21: =IS!G54 -> 68.826 | D21: =IS!H54 -> 78.047573 | E21: =IS!I54 -> 131.37291 | F21: =IS!J54 -> 164.51547 | G21: =IS!K54 -> 199.1467 | H21: =IS!L54 -> 233.77793 | I21: =IS!M54 -> 264.94604 | J21: =J22*J18 -> 290.281 | K21: =K22*K18 -> 318.0335 | L21: =L22*L18 -> 348.43369 | M21: =M22*M18 -> 381.73359 | N21: =N22*N18 -> 418.20912 | P21: =N21 -> 418.20912 | R21: =RATE(3,,-D21,G21) -> 0.36648406 | T21: =RATE(8,,-D21,L21) -> 0.20564679 | V21: =RATE(6,,-C21,I21) -> 0.25189378 | X21: =RATE(10,,-D21,N21) -> 0.18277847
B22: % Margin | C22: =C21/C18 -> 0.32280547 | D22: =D21/D18 -> 0.25733221 | E22: =E21/E18 -> 0.27945307 | F22: =F21/F18 -> 0.26919466 | G22: =G21/G18 -> 0.26068906 | H22: =H21/H18 -> 0.25501865 | I22: =I21/I18 -> 0.25132056 | J22: =I22+($C$12/10000) -> 0.25032056 | K22: =J22+($C$12/10000) -> 0.24932056 | L22: =K22+($C$12/10000) -> 0.24832056 | M22: =L22+($C$12/10000) -> 0.24732056 | N22: =M22+($C$12/10000) -> 0.24632056 | P22: =P21/P18 -> 0.24632056
B24: Less: D&A | C24: =-IS!G20 -> -8.52 | D24: =-IS!H20 -> -11.943104 | E24: =-IS!I20 -> -12.810398 | F24: =-IS!J20 -> -13.558645 | G24: =-IS!K20 -> -14.933709 | H24: =-IS!L20 -> -16.614342 | I24: =-IS!M20 -> -17.45508 | J24: =(I24/I18)*J18 -> -19.200588 | K24: =(J24/J18)*K18 -> -21.120646 | L24: =(K24/K18)*L18 -> -23.232711 | M24: =(L24/L18)*M18 -> -25.555982 | N24: =(M24/M18)*N18 -> -28.11158 | P24: =N24 -> -28.11158
B25: EBIT | C25: =C21+C24 -> 60.306 | D25: =D21+D24 -> 66.104469 | E25: =E21+E24 -> 118.56252 | F25: =F21+F24 -> 150.95683 | G25: =G21+G24 -> 184.21299 | H25: =H21+H24 -> 217.16359 | I25: =I21+I24 -> 247.49096 | J25: =J21+J24 -> 271.08042 | ... N25: =N21+N24 -> 390.09754 | P25: =SUM(P21,P24) -> 390.09754 | R25: =RATE(3,,-D25,G25) -> 0.40722371 | T25: =RATE(8,,-D25,L25) -> 0.22036608 | V25: =RATE(6,,-C25,I25) -> 0.26531834 | X25: =RATE(10,,-D25,N25) -> 0.19424722
B26: % Margin | C26: =C25/C$18 -> 0.28284524 | D26: =D25/D$18 -> 0.21795437 | E26: =E25/E$18 -> 0.25220312 | F26: =F25/F$18 -> 0.24700882 | G26: =G25/G$18 -> 0.24114038 | H26: =H25/H$18 -> 0.23689476 | I26: =I25/I$18 -> 0.23476315 | J26: =J25/J$18 -> 0.23376315 | ... N26: =N25/N$18 -> 0.22976315 | P26: =P25/P$18 -> 0.22976315
B28: Plus: D&A | C28: =-C24 -> 8.52 | D28: =-D24 -> 11.943104 | E28: =-E24 -> 12.810398 | F28: =-F24 -> 13.558645 | G28: =-G24 -> 14.933709 | H28: =-H24 -> 16.614342 | I28: =-I24 -> 17.45508 | J28: =-J24 -> 19.200588 | ... N28: =-N24 -> 28.11158 | P28: =-P24 -> 28.11158
B29: Less: Cash Taxes | C29: =IS!G33 -> -0.086 | D29: =IS!H33 -> -6.4116911 | E29: =IS!I33 -> -15.439949 | F29: =IS!J33 -> -23.287579 | G29: =IS!K33 -> -30.729235 | H29: =IS!L33 -> -37.669466 | I29: =IS!M33 -> -44.009365 | J29: =J25*-($C$7) -> -56.926887 | K29: =K25*-($C$7) -> -62.3517 | L29: =L25*-($C$7) -> -68.292206 | M29: =M25*-($C$7) -> -74.797297 | N29: =N25*-($C$7) -> -81.920483 | P29: =N29 -> -81.920483
B30: Less: CapEx | C30: =CF!F24 -> -4.126 | D30: =CF!G24 -> -3.76729 | E30: =CF!H24 -> -4.7010725 | F30: =CF!I24 -> -6.1113943 | G30: =CF!J24 -> -7.6392428 | H30: =CF!K24 -> -9.1670914 | I30: =CF!L24 -> -10.542155 | J30: =(I30/I18)*J18 -> -11.596371 | K30: =(J30/J18)*K18 -> -12.756008 | L30: =(K30/K18)*L18 -> -14.031608 | M30: =(L30/L18)*M18 -> -15.434769 | N30: =(M30/M18)*N18 -> -16.978246 | P30: =N30 -> -16.978246
B31: Less: Change in NWC | C31: =BS!F88 -> -33.415 | D31: =BS!G88 -> -25.379153 | E31: =BS!H88 -> -40.261661 | F31: =BS!I88 -> 31.789242 | G31: =BS!J88 -> -23.732718 | H31: =BS!K88 -> -23.420035 | I31: =BS!L88 -> -21.128262 | J31: =(I31/I18)*J18 -> -23.241088 | K31: =(J31/J18)*K18 -> -25.565197 | L31: =(K31/K18)*L18 -> -28.121717 | M31: =(L31/L18)*M18 -> -30.933888 | N31: =(M31/M18)*N18 -> -34.027277 | P31: =N31 -> -34.027277
B32: Unlevered Free Cash Flow | C32: =C25+SUM(C28:C31) -> 31.199 | D32: =D25+SUM(D28:D31) -> 42.489439 | E32: =E25+SUM(E28:E31) -> 70.970232 | F32: =F25+SUM(F28:F31) -> 166.90574 | G32: =G25+SUM(G28:G31) -> 137.04551 | H32: =H25+SUM(H28:H31) -> 163.52134 | I32: =I25+SUM(I28:I31) -> 189.26626 | J32: =J25+SUM(J28:J31) -> 198.51666 | ... N32: =N25+SUM(N28:N31) -> 285.28311 | P32: =P25+SUM(P28:P31) -> 285.28311
B33: Discount Period | D33: =C5/2 -> 0.0875 | E33: =D33+1 -> 1.0875 | F33: =E33+1 -> 2.0875 | G33: =F33+1 -> 3.0875 | H33: =G33+1 -> 4.0875 | I33: =H33+1 -> 5.0875 | J33: =I33+1 -> 6.0875 | K33: =J33+1 -> 7.0875 | L33: =K33+1 -> 8.0875 | ... O33: =N33+1 -> 11.0875 | P33: =N33+1 -> 11.0875
B34: Discount Factor | D34: =1/(1+$D$39)^D33 -> 0.99169504 | E34: =1/(1+$D$39)^E33 -> 0.90154094 | F34: =1/(1+$D$39)^F33 -> 0.81958268 | G34: =1/(1+$D$39)^G33 -> 0.74507516 | H34: =1/(1+$D$39)^H33 -> 0.67734105 | I34: =1/(1+$D$39)^I33 -> 0.61576459 | J34: =1/(1+$D$39)^J33 -> 0.559786 | K34: =1/(1+$D$39)^K33 -> 0.50889636 | ... P34: =1/(1+$D$39)^P33 -> 0.34758306
B35: PV of Free Cash Flows | D35: =D34*D32 -> 42.136566 | E35: =E34*E32 -> 63.98257 | F35: =F34*F32 -> 136.79305 | G35: =G34*G32 -> 102.1092 | H35: =H34*H32 -> 110.75972 | I35: =I34*I32 -> 116.54346 | J35: =J34*J32 -> 111.12684 | K35: =K34*K32 -> 110.61402 | ... O35: =O34*O32 -> 0
B38: Perpetuity Growth Methodology
B39: Discount Rate | D39: =C8 -> 0.1
B40: Perpetuity Growth Rate | D40: =C9 -> 0.035
B42: Discount Factor for TV | D42: =P34 -> 0.34758306
B43: Free Cash Flow in Terminal Year | D43: =P32 -> 285.28311
B44: Terminal Value | D44: =(D43*(1+D40)/(D39-D40)) -> 4542.5849
B46: Present Value of Projection Period | D46: =SUM(D35:N35) -> 1122.8305
B47: Present Value of Terminal Value | D47: =D44*D42 -> 1578.9256
B48: Implied Enterprise Value | D48: =SUM(D46:D47) -> 2701.7561
B50: Less: Net Debt | D50: =SUM('TSM (SHLS)'!L17:L19) -> 259.847
B51: Implied Equity Value | D51: =D48-D50 -> 2441.9091
B53: FDSO | D53: ='TSM (SHLS)'!L15 -> 169.25536
B54: Implied DCF Value Per Share | D54: =D51/D53 -> 14.427367
B56: Current Price | D56: ='TSM (SHLS)'!C6 -> 22.21
B57: Implied Premium / (Discount) to Current | D57: =D54/D56-1 -> -0.35041123
B59: Implied Terminal EBITDA Multiple Calculation
B60: Adjusted Terminal Valuation | D60: =+D44*(1+D39)^(0.5) -> 4764.3033
B61: Terminal Year EBITDA | D61: =+P21 -> 418.20912
B62: Implied Terminal EBITDA Multiple | D62: =D60/D61 -> 11.392155
B65: EBITDA Multiple Methodology
B66: Discount Rate | D66: 0.1
B67: Terminal EBITDA Multiple | D67: 10
B69: Discount Factor for Terminal Value | D69: =1/(1+$D$66)^COLUMNS(E16:P16)-1+$C$5 -> -0.50636918
B70: Terminal Year EBITDA | D70: =P21 -> 418.20912
B71: Terminal Value | D71: =D70*D67 -> 4182.0912
B73: Present Value of Projection Period | D73: =SUM(D35:P35) -> 1122.8305
B74: Present Value of Terminal Value | D74: =D71*D69 -> -2117.6821
B75: Implied Enterprise Value | D75: =SUM(D73:D74) -> -994.85158
B78: Valuation Sensitivities
B81: PGR & Terminal Value Sensitivities
C83: Implied Price per Share
E84: Perpetuity Growth Rate | J84: x
D85: =D54 -> 14.427367 | E85: =F85-0.25% -> 0.03 | F85: =G85-0.25% -> 0.0325 | G85: 0.035 | H85: =G85+0.25% -> 0.0375 | I85: =H85+0.25% -> 0.04
D86: =D87-0.25% -> 0.095 | E86: 15.031978 | F86: 15.447209 | G86: 15.897044 | H86: 16.385994 | I86: 16.919394
C87: Discount | D87: =D88-0.25% -> 0.0975 | E87: 14.350432 | F87: 14.726162 | G87: 15.13195 | H87: 15.571554 | I87: 16.049385
C88: Rate | D88: 0.1 | E88: 13.719187 | F88: 14.060162 | G88: 14.427367 | H88: 14.823947 | I88: 15.253576
D89: =D88+0.25% -> 0.1025 | E89: 13.132992 | F89: 13.443264 | G89: 13.77652 | H89: 14.135411 | I89: 14.523013
D90: =D89+0.25% -> 0.105 | E90: 12.587297 | F90: 12.870343 | G90: 13.173607 | H90: 13.499335 | I90: 13.850119
C93: Implied Premium / (Discount) to Current Share Price
E94: Perpetuity Growth Rate | J94: x
E95: =F95-0.25% -> 0.03 | F95: =G95-0.25% -> 0.0325 | G95: 0.035 | H95: =G95+0.25% -> 0.0375 | I95: =H95+0.25% -> 0.04
D96: =D97-0.25% -> 0.095 | E96: =E86/$D$56-1 -> -0.32318875 | F96: =F86/$D$56-1 -> -0.30449305 | G96: =G86/$D$56-1 -> -0.28423937 | H96: =H86/$D$56-1 -> -0.2622245 | I96: =I86/$D$56-1 -> -0.23820828
C97: Discount | D97: =D98-0.25% -> 0.0975 | E97: =E87/$D$56-1 -> -0.3538752 | F97: =F87/$D$56-1 -> -0.33695805 | G97: =G87/$D$56-1 -> -0.31868753 | H97: =H87/$D$56-1 -> -0.29889446 | I97: =I87/$D$56-1 -> -0.27738025
C98: Rate | D98: 0.1 | E98: =E88/$D$56-1 -> -0.38229685 | F98: =F88/$D$56-1 -> -0.36694452 | G98: =G88/$D$56-1 -> -0.35041123 | H98: =H88/$D$56-1 -> -0.33255527 | I98: =I88/$D$56-1 -> -0.31321133
D99: =D98+0.25% -> 0.1025 | E99: =E89/$D$56-1 -> -0.40869015 | F99: =F89/$D$56-1 -> -0.3947202 | G99: =G89/$D$56-1 -> -0.37971543 | H99: =H89/$D$56-1 -> -0.36355646 | I99: =I89/$D$56-1 -> -0.34610476
D100: =D99+0.25% -> 0.105 | E100: =E90/$D$56-1 -> -0.43325994 | F100: =F90/$D$56-1 -> -0.42051585 | G100: =G90/$D$56-1 -> -0.40686146 | H100: =H90/$D$56-1 -> -0.39219565 | I100: =I90/$D$56-1 -> -0.37640169
B103: Revenue & Margin Sensitivities
C106: Implied Price per Share
E107: Revenue Growth 2028E→2032E
D108: =D54 -> 14.427367 | E108: =F108-5% -> 0 | F108: =G108-5% -> 0.05 | G108: 0.1 | H108: =G108+5% -> 0.15 | I108: =H108+5% -> 0.2
C109: EBITDA | D109: =D110-5 -> -20 | E109: 9.9382117 | F109: 11.862904 | G109: 14.162621 | H109: 16.891563 | I109: 20.108982
C110: Margin Exp. | D110: =D111-5 -> -15 | E110: 10.022433 | F110: 11.96899 | G110: 14.294994 | H110: 17.05529 | I110: 20.309839
C111: ('28E→'32E) | D111: -10 | E111: 10.106654 | F111: 12.075077 | G111: 14.427367 | H111: 17.219017 | I111: 20.510697
D112: =D111+10 -> 0 | E112: 10.275097 | F112: 12.28725 | G112: 14.692112 | H112: 17.546472 | I112: 20.912412
D113: =D112+10 -> 10 | E113: 10.44354 | F113: 12.499423 | G113: 14.956858 | H113: 17.873926 | I113: 21.314127
C116: Implied Premium / (Discount) to Current Share Price
E117: Revenue Growth 2028E→2032E
E118: =F118-5% -> 0 | F118: =G118-5% -> 0.05 | G118: 0.1 | H118: =G118+5% -> 0.15 | I118: =H118+5% -> 0.2
C119: EBITDA | D119: =D120-5 -> -20 | E119: =E109/$D$56-1 -> -0.55253437 | F119: =F109/$D$56-1 -> -0.46587557 | G119: =G109/$D$56-1 -> -0.36233134 | H119: =H109/$D$56-1 -> -0.23946139 | I119: =I109/$D$56-1 -> -0.094597847
C120: Margin Exp. | D120: =D121-5 -> -15 | E120: =E110/$D$56-1 -> -0.54874232 | F120: =F110/$D$56-1 -> -0.46109904 | G120: =G110/$D$56-1 -> -0.35637128 | H120: =H110/$D$56-1 -> -0.23208961 | I120: =I110/$D$56-1 -> -0.085554284
C121: ('28E→'32E) | D121: -10 | E121: =E111/$D$56-1 -> -0.54495028 | F121: =F111/$D$56-1 -> -0.45632252 | G121: =G111/$D$56-1 -> -0.35041123 | H121: =H111/$D$56-1 -> -0.22471782 | I121: =I111/$D$56-1 -> -0.076510722
D122: =D121+10 -> 0 | E122: =E112/$D$56-1 -> -0.53736619 | F122: =F112/$D$56-1 -> -0.44676947 | G122: =G112/$D$56-1 -> -0.33849111 | H122: =H112/$D$56-1 -> -0.20997426 | I122: =I112/$D$56-1 -> -0.058423598
D123: =D122+10 -> 10 | E123: =E113/$D$56-1 -> -0.5297821 | F123: =F113/$D$56-1 -> -0.43721642 | G123: =G113/$D$56-1 -> -0.326571 | H123: =H113/$D$56-1 -> -0.1952307 | I123: =I113/$D$56-1 -> -0.040336473

Sheet WACC Analysis>>

Sheet WACC
B2: Illustrative WACC Calculation - Hyperdrive
G5: Prospective Cost of Equity and WACC
G6: Low | H6: High
B7: Prospective US Equity Risk Premium (1) | G7: 0.055 | H7: 0.065
B9: Multiply by: Prospective Levered Equity Beta | G9: ='Beta Determination'!N70 -> 1.0616821 | H9: ='Beta Determination'!O70 -> 1.1294389
B10: Corresponding Prospective Unlevered Equity Beta | G10: ='Beta Determination'!N68 -> 0.97955515 | H10: ='Beta Determination'!O68 -> 1.0420706
B11: Adjusted Prospective US Equity Risk Premium | G11: =G7*G9 -> 0.058392514 | H11: =H7*H9 -> 0.073413527
B12: Add: Risk-Free Rate of Return (Rf) (2) | G12: 0.0438 | H12: =G12 -> 0.0438
B13: Illustrative Prospective Cost of Equity | G13: =SUM(G11:G12) -> 0.10219251 | H13: =SUM(H11:H12) -> 0.11721353
B14: Multiply by: Prospective E/(D+E) | G14: =1-G30 -> 0.90405457 | H14: =1-H30 -> 0.90405457
B15: Cost of Equity Portion | G15: =G13*G14 -> 0.09238761 | H15: =H13*H14 -> 0.10596742
B17: Assumed Cost of Debt (Kd) (3) | G17: 0.047 | H17: =G17 -> 0.047
B18: Assumed Tax Rate | G18: ='Beta Determination'!F3 -> 0.21 | H18: =G18 -> 0.21
B19: After-Tax Cost of Debt | G19: =G17*(1-G18) -> 0.03713 | H19: =H17*(1-H18) -> 0.03713
B20: Multiply by: Prospective D/(D+E) | G20: =1-G14 -> 0.095945428 | H20: =1-H14 -> 0.095945428
B21: Cost of Debt Portion | G21: =G19*G20 -> 0.0035624537 | H21: =H19*H20 -> 0.0035624537
B23: Prospective WACC Range | G23: =G21+G15 -> 0.095950064 | H23: =H21+H15 -> 0.10952988
B25: Midpoint WACC | G25: =AVERAGE(G23:H23) -> 0.10273997
B26: For DCF | G26: =ROUND(G25,1) -> 0.1
B28: Memo:
B29: D/E | G29: ='Beta Determination'!N69 -> 0.10612792 | H29: ='Beta Determination'!O69 -> 0.10612792
B30: D/(D+E) | G30: =G29/(1+G29) -> 0.095945428 | H30: =H29/(1+H29) -> 0.095945428

Sheet Beta Determination
C3: Shoals Marginal Tax rate | F3: 0.21
F6: Levered Equity Beta | M6: Unlevered Equity Beta(4)
F7: Bloomberg Historical Adjusted Levered Equity Beta | I7: Market Value of Common Equity | J7: Total Debt + Pref Stock | K7: Leverage Ratios | M7: Bloomberg Historical Adjusted Unlevered Equity Beta
C8: Company | F8: 1 Year | G8: 2 Years | H8: 5 Years | K8: D / E | L8: D / (D + E) | M8: 1 Year | N8: 2 Years | O8: 5 Years | Q8: Marginal Tax Rate
C10: Shoals Technologies | F10: 1.151 | I10: ='Comparables Analysis'!F6 -> 3759.1615 | J10: ='TSM (SHLS)'!L17 -> 276.655 | K10: =J10/I10 -> 0.07359487 | L10: =J10/(J10+I10) -> 0.068549946 | M10: =F10/(1+($K10*(1-($Q10)))) -> 1.0877578 | N10: =G10/(1+($K10*(1-($Q10)))) -> 0 | O10: =H10/(1+($K10*(1-($Q10)))) -> 0 | Q10: 0.21
C12: Solar Trackers
C13: Arctech Solar | F13: 1.684 | G13: 0.998 | H13: 0.884 | I13: ='Comparables Analysis'!F9 -> 2031.429 | J13: ='TSM (Arctech)'!L17+'TSM (Arctech)'!L19 -> 196.81 | K13: =J13/I13 -> 0.096882539 | L13: =J13/(J13+I13) -> 0.088325355 | M13: =F13/(1+($K13*(1-($Q13)))) -> 1.5699262 | N13: =G13/(1+($K13*(1-($Q13)))) -> 0.93039568 | O13: =H13/(1+($K13*(1-($Q13)))) -> 0.82411802 | Q13: 0.25
C14: Array Technologies | F14: 1.687 | G14: 1.663 | H14: 1.661 | I14: ='Comparables Analysis'!F10 -> 2437.829 | J14: ='TSM (ARRY)'!L17+'TSM (ARRY)'!L19 -> 1257.661 | K14: =J14/I14 -> 0.51589386 | L14: =J14/(J14+I14) -> 0.34032321 | M14: =F14/(1+($K14*(1-($Q14)))) -> 1.1985312 | N14: =G14/(1+($K14*(1-($Q14)))) -> 1.1814804 | O14: =H14/(1+($K14*(1-($Q14)))) -> 1.1800595 | Q14: 0.21
C15: Soltec Power | F15: 1.283 | G15: 1.074 | I15: ='Comparables Analysis'!F11 -> 380.171 | J15: ='TSM (Soltec)'!L17+'TSM (Soltec)'!L19 -> 159.37 | K15: =J15/I15 -> 0.41920609 | L15: =J15/(J15+I15) -> 0.2953807 | M15: =F15/(1+($K15*(1-($Q15)))) -> 0.97610738 | N15: =G15/(1+($K15*(1-($Q15)))) -> 0.81710002 | O15: =H15/(1+($K15*(1-($Q15)))) -> 0 | Q15: 0.25
C16: Mean | F16: =AVERAGE(F13:F15) -> 1.5513333 | G16: =AVERAGE(G13:G15) -> 1.245 | H16: =AVERAGE(H13:H15) -> 1.2725 | I16: =AVERAGE(I13:I15) -> 1616.4763 | J16: =AVERAGE(J13:J15) -> 537.947 | K16: =AVERAGE(K13:K15) -> 0.34399416 | L16: =AVERAGE(L13:L15) -> 0.24134309 | M16: =AVERAGE(M13:M15) -> 1.2481883 | ... O16: =AVERAGE(O13:O15) -> 0.66805917
C17: Median | F17: =MEDIAN(F13:F15) -> 1.684 | G17: =MEDIAN(G13:G15) -> 1.074 | H17: =MEDIAN(H13:H15) -> 1.2725 | I17: =MEDIAN(I13:I15) -> 2031.429 | J17: =MEDIAN(J13:J15) -> 196.81 | K17: =MEDIAN(K13:K15) -> 0.41920609 | L17: =MEDIAN(L13:L15) -> 0.2953807 | M17: =MEDIAN(M13:M15) -> 1.1985312 | ... O17: =MEDIAN(O13:O15) -> 0.82411802
N19: Low | O19: High
C20: Reference Range - Prospective Unlevered Equity Beta | N20: =MIN(M17:O17) -> 0.82411802 | O20: =MAX(M17:O17) -> 1.1985312
C21: Target Debt / Equity Ratio | N21: =K17 -> 0.41920609 | O21: =N21 -> 0.41920609
C22: Refernce Range - Prospective Levered Equity Beta | N22: =N20*(1+(N21*(1-$F$3))) -> 1.0970435 | O22: =O20*(1+(O21*(1-$F$3))) -> 1.5954522
C24: Solar Inverters
C25: Enphase Energy | F25: 1.366 | G25: 1.488 | H25: 1.401 | I25: ='Comparables Analysis'!F14 -> 43406.445 | J25: ='TSM (ENPH)'!L17+'TSM (ENPH)'!L20 -> 1288.281 | K25: =J25/I25 -> 0.029679486 | L25: =J25/(J25+I25) -> 0.028824005 | M25: =F25/(1+($K25*(1-($Q25)))) -> 1.3347054 | N25: =G25/(1+($K25*(1-($Q25)))) -> 1.4539105 | O25: =H25/(1+($K25*(1-($Q25)))) -> 1.3689036 | Q25: 0.21
C26: Generac | F26: 1.266 | G26: 1.389 | H26: 1.196 | I26: ='Comparables Analysis'!F15 -> 7562.0047 | J26: ='TSM (GNRC)'!L17+'TSM (GNRC)'!L20 -> 1367.684 | K26: =J26/I26 -> 0.18086262 | L26: =J26/(J26+I26) -> 0.15316144 | M26: =F26/(1+($K26*(1-($Q26)))) -> 1.1077264 | N26: =G26/(1+($K26*(1-($Q26)))) -> 1.2153491 | O26: =H26/(1+($K26*(1-($Q26)))) -> 1.0464777 | Q26: 0.21
C27: SMA Solar | F27: 0.984 | G27: 1.176 | H27: 1.161 | I27: ='Comparables Analysis'!F16 -> 1764.148 | J27: ='TSM (SMTGY)'!L17+'TSM (SMTGY)'!L20 -> 9.51 | K27: =J27/I27 -> 0.0053907042 | L27: =J27/(J27+I27) -> 0.0053618003 | M27: =F27/(1+($K27*(1-($Q27)))) -> 0.97955515 | N27: =G27/(1+($K27*(1-($Q27)))) -> 1.1706879 | O27: =H27/(1+($K27*(1-($Q27)))) -> 1.1557556 | Q27: 0.15825
C28: SolarEdge Technologies | F28: 1.268 | G28: 1.194 | H28: 1.351 | I28: ='Comparables Analysis'!F17 -> 13341.975 | J28: ='TSM (SEDG)'!L17+'TSM (SEDG)'!L20 -> 622.991 | K28: =J28/I28 -> 0.04669406 | L28: =J28/(J28+I28) -> 0.044610991 | M28: =F28/(1+($K28*(1-($Q28)))) -> 1.2228897 | N28: =G28/(1+($K28*(1-($Q28)))) -> 1.1515223 | O28: =H28/(1+($K28*(1-($Q28)))) -> 1.3029369 | Q28: 0.21
C29: Mean | F29: =AVERAGE(F25:F28) -> 1.221 | G29: =AVERAGE(G25:G28) -> 1.31175 | H29: =AVERAGE(H25:H28) -> 1.27725 | I29: =AVERAGE(I25:I28) -> 16518.643 | J29: =AVERAGE(J25:J28) -> 822.1165 | K29: =AVERAGE(K25:K28) -> 0.065656718 | L29: =AVERAGE(L25:L28) -> 0.05798956 | M29: =AVERAGE(M25:M28) -> 1.1612192 | ... O29: =AVERAGE(O25:O28) -> 1.2185185
C30: Median | F30: =MEDIAN(F25:F28) -> 1.267 | G30: =MEDIAN(G25:G28) -> 1.2915 | H30: =MEDIAN(H25:H28) -> 1.2735 | I30: =MEDIAN(I25:I28) -> 10451.99 | J30: =MEDIAN(J25:J28) -> 955.636 | K30: =MEDIAN(K25:K28) -> 0.038186773 | L30: =MEDIAN(L25:L28) -> 0.036717498 | M30: =MEDIAN(M25:M28) -> 1.165308 | ... O30: =MEDIAN(O25:O28) -> 1.2293462
N32: Low | O32: High
C33: Reference Range - Prospective Unlevered Equity Beta | N33: =MIN(M30:O30) -> 1.165308 | O33: =MAX(M30:O30) -> 1.2293462
C34: Target Debt / Equity Ratio | N34: =K30 -> 0.038186773 | O34: =N34 -> 0.038186773
C35: Refernce Range - Prospective Levered Equity Beta | N35: =N33*(1+(N34*(1-$F$3))) -> 1.2004625 | O35: =O33*(1+(O34*(1-$F$3))) -> 1.2664326
C37: Solar Module Manufacturers
C38: Canadian Solar | F38: 0.937 | G38: 1.179 | H38: 1.092 | I38: ='Comparables Analysis'!F20 -> 2162.7137 | J38: ='TSM (CSIQ)'!L17+'TSM (CSIQ)'!L19 -> 3222.36 | K38: =J38/I38 -> 1.4899615 | L38: =J38/(J38+I38) -> 0.59838736 | M38: =F38/(1+($K38*(1-($Q38)))) -> 0.43039507 | N38: =G38/(1+($K38*(1-($Q38)))) -> 0.54155367 | O38: =H38/(1+($K38*(1-($Q38)))) -> 0.50159169 | Q38: 0.21
C39: First Solar | F39: 1.072 | G39: 1.033 | H39: 1.057 | I39: ='Comparables Analysis'!F21 -> 14318.074 | J39: ='TSM (FSLR)'!L17+'TSM (FSLR)'!L20 -> 259.659 | K39: =J39/I39 -> 0.018135051 | L39: =J39/(J39+I39) -> 0.017812029 | M39: =F39/(1+($K39*(1-($Q39)))) -> 1.0568587 | N39: =G39/(1+($K39*(1-($Q39)))) -> 1.0184096 | O39: =H39/(1+($K39*(1-($Q39)))) -> 1.0420706 | Q39: 0.21
C40: JinkoSolar | F40: 0.942 | G40: 0.942 | H40: 0.942 | I40: ='Comparables Analysis'!F22 -> 2302.5128 | J40: ='TSM (JKS)'!L17+'TSM (JKS)'!L20 -> 7621.91 | K40: =J40/I40 -> 3.3102574 | L40: =J40/(J40+I40) -> 0.76799529 | M40: =F40/(1+($K40*(1-($Q40)))) -> 0.26057346 | N40: =G40/(1+($K40*(1-($Q40)))) -> 0.26057346 | O40: =H40/(1+($K40*(1-($Q40)))) -> 0.26057346 | Q40: 0.21
C41: Maxeon Solar | F41: 1.065 | G41: 1.359 | H41: 1.463 | I41: ='Comparables Analysis'!F23 -> 751.119 | J41: ='TSM (MAXN)'!L17+'TSM (MAXN)'!L20 -> 241.217 | K41: =J41/I41 -> 0.32114352 | L41: =J41/(J41+I41) -> 0.24307997 | M41: =F41/(1+($K41*(1-($Q41)))) -> 0.84948323 | N41: =G41/(1+($K41*(1-($Q41)))) -> 1.0839885 | O41: =H41/(1+($K41*(1-($Q41)))) -> 1.1669427 | Q41: 0.21
C42: Mean | F42: =AVERAGE(F38:F41) -> 1.004 | G42: =AVERAGE(G38:G41) -> 1.12825 | H42: =AVERAGE(H38:H41) -> 1.1385 | I42: =AVERAGE(I38:I41) -> 4883.6049 | J42: =AVERAGE(J38:J41) -> 2836.2865 | K42: =AVERAGE(K38:K41) -> 1.2848744 | L42: =AVERAGE(L38:L41) -> 0.40681866 | M42: =AVERAGE(M38:M41) -> 0.64932762 | ... O42: =AVERAGE(O38:O41) -> 0.74279461
C43: Median | F43: =MEDIAN(F38:F41) -> 1.0035 | G43: =MEDIAN(G38:G41) -> 1.106 | H43: =MEDIAN(H38:H41) -> 1.0745 | I43: =MEDIAN(I38:I41) -> 2232.6132 | J43: =MEDIAN(J38:J41) -> 1741.0095 | K43: =MEDIAN(K38:K41) -> 0.90555249 | L43: =MEDIAN(L38:L41) -> 0.42073366 | M43: =MEDIAN(M38:M41) -> 0.63993915 | ... O43: =MEDIAN(O38:O41) -> 0.77183113
N45: Low | O45: High
C46: Reference Range - Prospective Unlevered Equity Beta | N46: =MIN(M43:O43) -> 0.63993915 | O46: =MAX(M43:O43) -> 0.77998161
C47: Target Debt / Equity Ratio | N47: =K43 -> 0.90555249 | O47: =N47 -> 0.90555249
C48: Refernce Range - Prospective Levered Equity Beta | N48: =N46*(1+(N47*(1-$F$3))) -> 1.097743 | O48: =O46*(1+(O47*(1-$F$3))) -> 1.3379699
C50: Interconnects / Industrial Tech Comps
C51: Amphenol | F51: 1.031 | G51: 1.04 | H51: 1.07 | I51: ='Comparables Analysis'!F26 -> 47619.389 | J51: ='TSM (APH)'!L17+'TSM (APH)'!L20 -> 4753.2 | K51: =J51/I51 -> 0.099816485 | L51: =J51/(J51+I51) -> 0.0907574 | M51: =F51/(1+($K51*(1-($Q51)))) -> 0.95564277 | N51: =G51/(1+($K51*(1-($Q51)))) -> 0.96398494 | O51: =H51/(1+($K51*(1-($Q51)))) -> 0.9917922 | Q51: 0.21
C52: Eaton | F52: 0.955 | G52: 0.983 | H52: 1.111 | I52: ='Comparables Analysis'!F27 -> 60319.808 | J52: ='TSM (ETN)'!L17+'TSM (ETN)'!L20 -> 9699 | K52: =J52/I52 -> 0.16079295 | L52: =J52/(J52+I52) -> 0.13851992 | M52: =F52/(1+($K52*(1-($Q52)))) -> 0.84736256 | N52: =G52/(1+($K52*(1-($Q52)))) -> 0.8722067 | O52: =H52/(1+($K52*(1-($Q52)))) -> 0.9857799 | Q52: 0.21
C53: TE Connectivity | F53: 1.041 | G53: 1.075 | H53: 1.164 | I53: ='Comparables Analysis'!F28 -> 39593.729 | J53: ='TSM (TEL)'!L17+'TSM (TEL)'!L20 -> 4202 | K53: =J53/I53 -> 0.10612792 | L53: =J53/(J53+I53) -> 0.095945428 | M53: =F53/(1+($K53*(1-($Q53)))) -> 0.96047294 | N53: =G53/(1+($K53*(1-($Q53)))) -> 0.99184285 | O53: =H53/(1+($K53*(1-($Q53)))) -> 1.0739582 | Q53: 0.21
C54: Mean | F54: =AVERAGE(F51:F53) -> 1.009 | G54: =AVERAGE(G51:G53) -> 1.0326667 | H54: =AVERAGE(H51:H53) -> 1.115 | I54: =AVERAGE(I51:I53) -> 49177.642 | J54: =AVERAGE(J51:J53) -> 6218.0667 | K54: =AVERAGE(K51:K53) -> 0.12224578 | L54: =AVERAGE(L51:L53) -> 0.10840758 | M54: =AVERAGE(M51:M53) -> 0.92115942 | ... O54: =AVERAGE(O51:O53) -> 1.0171768
C55: Median | F55: =MEDIAN(F51:F53) -> 1.031 | G55: =MEDIAN(G51:G53) -> 1.04 | H55: =MEDIAN(H51:H53) -> 1.111 | I55: =MEDIAN(I51:I53) -> 47619.389 | J55: =MEDIAN(J51:J53) -> 4753.2 | K55: =MEDIAN(K51:K53) -> 0.10612792 | L55: =MEDIAN(L51:L53) -> 0.095945428 | M55: =MEDIAN(M51:M53) -> 0.95564277 | ... O55: =MEDIAN(O51:O53) -> 0.9917922
N57: Low | O57: High
C58: Reference Range - Prospective Unlevered Equity Beta | N58: =MIN(M55:O55) -> 0.95564277 | O58: =MAX(M55:O55) -> 0.9917922
C59: Target Debt / Equity Ratio | N59: =K55 -> 0.10612792 | O59: =N59 -> 0.10612792
C60: Refernce Range - Prospective Levered Equity Beta | N60: =N58*(1+(N59*(1-$F$3))) -> 1.0357649 | O60: =O58*(1+(O59*(1-$F$3))) -> 1.0749451
C62: Total Comp Set
C64: Mean | F64: =AVERAGE(F10,F13,F14,F15,F25,F26,F27,F28,F38,F39,F40,F41,F51,F52,F53) -> 1.1821333 | G64: =AVERAGE(G10,G13,G14,G15,G25,G26,G27,G28,G38,G39,G40,G41,G51,G52,G53) -> 1.1852143 | H64: =AVERAGE(H10,H13,H14,H15,H25,H26,H27,H28,H38,H39,H40,H41,H51,H52,H53) -> 1.1963846 | I64: =AVERAGE(I10,I13,I14,I15,I25,I26,I27,I28,I38,I39,I40,I41,I51,I52,I53) -> 16116.701 | J64: =AVERAGE(J10,J13,J14,J15,J25,J26,J27,J28,J38,J39,J40,J41,J51,J52,J53) -> 2345.2205 | K64: =AVERAGE(K10,K13,K14,K15,K25,K26,K27,K28,K38,K39,K40,K41,K51,K52,K53) -> 0.45829593 | L64: =AVERAGE(L10,L13,L14,L15,L25,L26,L27,L28,L38,L39,L40,L41,L51,L52,L53) -> 0.19846899 | M64: =AVERAGE(M10,M13,M14,M15,M25,M26,M27,M28,M38,M39,M40,M41,M51,M52,M53) -> 0.9891992 | ... O64: =AVERAGE(O10,O13,O14,O15,O25,O26,O27,O28,O38,O39,O40,O41,O51,O52,O53) -> 0.860064
C65: Median | F65: =MEDIAN(F10,F13,F14,F15,F25,F26,F27,F28,F38,F39,F40,F41,F51,F52,F53) -> 1.072 | G65: =MEDIAN(G10,G13,G14,G15,G25,G26,G27,G28,G38,G39,G40,G41,G51,G52,G53) -> 1.1255 | H65: =MEDIAN(H10,H13,H14,H15,H25,H26,H27,H28,H38,H39,H40,H41,H51,H52,H53) -> 1.161 | I65: =MEDIAN(I10,I13,I14,I15,I25,I26,I27,I28,I38,I39,I40,I41,I51,I52,I53) -> 3759.1615 | J65: =MEDIAN(J10,J13,J14,J15,J25,J26,J27,J28,J38,J39,J40,J41,J51,J52,J53) -> 1257.661 | K65: =MEDIAN(K10,K13,K14,K15,K25,K26,K27,K28,K38,K39,K40,K41,K51,K52,K53) -> 0.10612792 | L65: =MEDIAN(L10,L13,L14,L15,L25,L26,L27,L28,L38,L39,L40,L41,L51,L52,L53) -> 0.095945428 | M65: =MEDIAN(M10,M13,M14,M15,M25,M26,M27,M28,M38,M39,M40,M41,M51,M52,M53) -> 0.97955515 | ... O65: =MEDIAN(O10,O13,O14,O15,O25,O26,O27,O28,O38,O39,O40,O41,O51,O52,O53) -> 1.0420706
N67: Low | O67: High
C68: Reference Range - Prospective Unlevered Equity Beta | N68: =MIN(M65:O65) -> 0.97955515 | O68: =MAX(M65:O65) -> 1.0420706
C69: Target Debt / Equity Ratio | N69: =K65 -> 0.10612792 | O69: =N69 -> 0.10612792
C70: Refernce Range - Prospective Levered Equity Beta | N70: =N68*(1+(N69*(1-$F$3))) -> 1.0616821 | O70: =O68*(1+(O69*(1-$F$3))) -> 1.1294389

Sheet PPT Outputs>>

Sheet Price Volume Chart (SHLS)
B4: Date | C4: Price | D4: Volume (thousands)
B5: 44862 | C5: 22.21 | D5: 1548
B6: 44862 | C6: 22.21 | D6: 1548
B7: 44855 | C7: 20.5 | D7: 3340
B8: 44848 | C8: 19.99 | D8: 1195
B9: 44841 | C9: 21.93 | D9: 878
B10: 44834 | C10: 21.55 | D10: 1666
B11: 44827 | C11: 20.26 | D11: 2855
B12: 44820 | C12: 24.39 | D12: 3411
B13: 44813 | C13: 26.56 | D13: 2024
B14: 44806 | C14: 24.99 | D14: 1132
B15: 44799 | C15: 25.11 | D15: 1062
B16: 44792 | C16: 25.48 | D16: 1873
... B97: 44225 | C97: 33.93 | D97: 4688

Sheet vs. Broker Consensus
B2: P&L Forecast | H2: Broker Consensus | M2: CAGR | O2: ES Forecast | T2: CAGR | V2: Delta | AA2: CAGR
C3: 2018 | D3: =C3+1 -> 2019 | E3: =D3+1 -> 2020 | F3: =E3+1 -> 2021 | H3: =F3+1 -> 2022 | I3: =H3+1 -> 2023 | J3: =I3+1 -> 2024 | K3: =J3+1 -> 2025 | M3: '21→'25 | O3: =H3 -> 2022 | P3: =O3+1 -> 2023 | Q3: =P3+1 -> 2024 | R3: =Q3+1 -> 2025 | T3: '21→'25 | V3: =O3 -> 2022 | W3: =V3+1 -> 2023 | X3: =W3+1 -> 2024 | Y3: =X3+1 -> 2025 | AA3: '21→'25
B5: Revenue | C5: =IS!D9 -> 103.75 | D5: =IS!E9 -> 144.496 | E5: =IS!F9 -> 175.518 | F5: =IS!G9 -> 213.212 | H5: ='Comparables Analysis'!M6 -> 313 | I5: ='Comparables Analysis'!N6 -> 502 | J5: ='Comparables Analysis'!O6 -> 692 | K5: ='Comparables Analysis'!P6 -> 873 | M5: =RATE(4,,-F5,K5) -> 0.42249468 | O5: =IS!H9 -> 303.295 | P5: =IS!I9 -> 470.10725 | Q5: =IS!J9 -> 611.13943 | R5: =IS!K9 -> 763.92428 | T5: =RATE(4,,-F5,R5) -> 0.37581382 | V5: =O5-H5 -> -9.705 | W5: =P5-I5 -> -31.89275 | X5: =Q5-J5 -> -80.860575 | Y5: =R5-K5 -> -109.07572 | AA5: =T5-M5 -> -0.046680857
B6: Growth % | H6: =H5/F5-1 -> 0.46802244 | I6: =I5/H5-1 -> 0.60383387 | J6: =J5/I5-1 -> 0.37848606 | K6: =K5/J5-1 -> 0.26156069 | O6: =O5/F5-1 -> 0.42250436 | P6: =P5/O5-1 -> 0.55 | Q6: =Q5/P5-1 -> 0.3 | R6: =R5/Q5-1 -> 0.25 | V6: =O6-H6 -> -0.045518076 | W6: =P6-I6 -> -0.053833866 | X6: =Q6-J6 -> -0.078486056 | Y6: =R6-K6 -> -0.011560694
B8: Gross Profit | C8: =IS!D15 -> 28.168 | D8: =IS!E15 -> 44.212 | E8: =IS!F15 -> 66.546 | F8: =IS!G15 -> 82.645 | H8: ='Comparables Analysis'!V6 -> 121 | I8: ='Comparables Analysis'!W6 -> 195 | J8: ='Comparables Analysis'!X6 -> 261 | K8: ='Comparables Analysis'!Y6 -> 350 | M8: =RATE(4,,-F8,K8) -> 0.43454067 | O8: =IS!H15 -> 115.57088 | P8: =IS!I15 -> 176.29022 | Q8: =IS!J15 -> 229.17728 | R8: =IS!K15 -> 284.56179 | T8: =RATE(4,,-F8,R8) -> 0.36219726 | V8: =O8-H8 -> -5.429125 | W8: =P8-I8 -> -18.709781 | X8: =Q8-J8 -> -31.822716 | Y8: =R8-K8 -> -65.438205 | AA8: =T8-M8 -> -0.072343411
B9: Gross Margin % | C9: =C8/C$5 -> 0.2714988 | D9: =D8/D$5 -> 0.30597387 | E9: =E8/E$5 -> 0.3791406 | F9: =F8/F$5 -> 0.3876189 | H9: =H8/H$5 -> 0.38658147 | I9: =I8/I$5 -> 0.38844622 | J9: =J8/J$5 -> 0.37716763 | K9: =K8/K$5 -> 0.40091638 | O9: =O8/O$5 -> 0.38105104 | P9: =P8/P$5 -> 0.375 | Q9: =Q8/Q$5 -> 0.375 | R9: =R8/R$5 -> 0.3725 | V9: =O9-H9 -> -0.0055304302 | W9: =P9-I9 -> -0.013446215 | X9: =Q9-J9 -> -0.0021676301 | Y9: =R9-K9 -> -0.02841638
B11: Adj. EBITDA | C11: =IS!D54 -> 21.168 | D11: =IS!E54 -> 36.817 | E11: =IS!F54 -> 61.25 | F11: =IS!G54 -> 68.826 | H11: ='Comparables Analysis'!AE6 -> 83 | I11: ='Comparables Analysis'!AF6 -> 155 | J11: ='Comparables Analysis'!AG6 -> 233 | K11: ='Comparables Analysis'!AH6 -> 296 | M11: =RATE(4,,-F11,K11) -> 0.44007395 | O11: =IS!H54 -> 78.047573 | P11: =IS!I54 -> 131.37291 | Q11: =IS!J54 -> 164.51547 | R11: =IS!K54 -> 199.1467 | T11: =RATE(4,,-F11,R11) -> 0.30423289 | V11: =O11-H11 -> -4.9524267 | W11: =P11-I11 -> -23.627086 | X11: =Q11-J11 -> -68.484529 | Y11: =R11-K11 -> -96.853299 | AA11: =T11-M11 -> -0.13584107
B12: Adj. EBITDA Margin % | C12: =C11/C$5 -> 0.20402892 | D12: =D11/D$5 -> 0.25479598 | E12: =E11/E$5 -> 0.34896706 | F12: =F11/F$5 -> 0.32280547 | H12: =H11/H$5 -> 0.26517572 | I12: =I11/I$5 -> 0.30876494 | J12: =J11/J$5 -> 0.3367052 | K12: =K11/K$5 -> 0.33906071 | O12: =O11/O$5 -> 0.25733221 | P12: =P11/P$5 -> 0.27945307 | Q12: =Q11/Q$5 -> 0.26919466 | R12: =R11/R$5 -> 0.26068906 | V12: =O12-H12 -> -0.0078435068 | W12: =P12-I12 -> -0.02931187 | X12: =Q12-J12 -> -0.06751054 | Y12: =R12-K12 -> -0.078371653
B14: GAAP Net Income | C14: =IS!D56 -> 8.647 | D14: =IS!E56 -> 25.143 | E14: =IS!F56 -> 33.766 | F14: =IS!G56 -> 3.944 | H14: ='Comparables Analysis'!BN6 -> 32 | I14: ='Comparables Analysis'!BO6 -> 93 | J14: ='Comparables Analysis'!BP6 -> 150 | K14: ='Comparables Analysis'!BQ6 -> 196 | M14: =RATE(4,,-F14,K14) -> 1.6550933 | O14: =IS!H56 -> 24.662314 | P14: =IS!I56 -> 58.083616 | Q14: =IS!J56 -> 87.605653 | R14: =IS!K56 -> 115.60045 | T14: =RATE(4,,-F14,R14) -> 1.3267818 | V14: =O14-H14 -> -7.3376859 | W14: =P14-I14 -> -34.916384 | X14: =Q14-J14 -> -62.394347 | Y14: =R14-K14 -> -80.399546 | AA14: =T14-M14 -> -0.32831152
B15: NI % | C15: =C14/C$5 -> 0.083344578 | D15: =D14/D$5 -> 0.17400482 | E15: =E14/E$5 -> 0.19237913 | F15: =F14/F$5 -> 0.018498021 | H15: =H14/H$5 -> 0.10223642 | I15: =I14/I$5 -> 0.18525896 | J15: =J14/J$5 -> 0.21676301 | K15: =K14/K$5 -> 0.22451317 | O15: =O14/O$5 -> 0.081314608 | P15: =P14/P$5 -> 0.12355397 | Q15: =Q14/Q$5 -> 0.14334806 | R15: =R14/R$5 -> 0.15132449 | V15: =O15-H15 -> -0.020921814 | W15: =P15-I15 -> -0.061704996 | X15: =Q15-J15 -> -0.073414943 | Y15: =R15-K15 -> -0.07318868
B17: Adj. Net Income | C17: =IS!D77 -> 0 | D17: =IS!E77 -> 26.586 | E17: =IS!F77 -> 45.889 | F17: =IS!G77 -> 35.914 | H17: =H29 -> 49.1 | I17: =I29 -> 107.2 | J17: =J29 -> 167.9 | K17: =K29 -> 209.9 | M17: =RATE(4,,-F17,K17) -> 0.55484523 | O17: =IS!H77 -> 38.048693 | P17: =IS!I77 -> 73.267373 | Q17: =IS!J77 -> 102.52634 | R17: =IS!K77 -> 130.52114 | T17: =RATE(4,,-F17,R17) -> 0.38071573 | V17: =O17-H17 -> -11.051307 | W17: =P17-I17 -> -33.932627 | X17: =Q17-J17 -> -65.37366 | Y17: =R17-K17 -> -79.378859 | AA17: =T17-M17 -> -0.1741295
B18: NI % | C18: =C17/C$5 -> 0 | D18: =D17/D$5 -> 0.18399125 | E18: =E17/E$5 -> 0.26144897 | F18: =F17/F$5 -> 0.16844268 | H18: =H17/H$5 -> 0.15686901 | I18: =I17/I$5 -> 0.21354582 | J18: =J17/J$5 -> 0.24263006 | K18: =K17/K$5 -> 0.24043528 | O18: =O17/O$5 -> 0.12545111 | P18: =P17/P$5 -> 0.15585246 | Q18: =Q17/Q$5 -> 0.1677626 | R18: =R17/R$5 -> 0.17085612 | V18: =O18-H18 -> -0.031417904 | W18: =P18-I18 -> -0.057693353 | X18: =Q18-J18 -> -0.074867457 | Y18: =R18-K18 -> -0.069579157
B20: GAAP EPS | C20: =C14/C25 -> 0.053949675 | D20: =D14/D25 -> 0.15687021 | E20: =E14/E25 -> 0.21067014 | F20: =F14/F25 -> 0.023625821 | H20: =H14/H25 -> 0.18906344 | I20: =I14/I25 -> 0.54946562 | J20: =J14/J25 -> 0.88623487 | K20: =K14/K25 -> 1.1580136 | M20: =RATE(4,,-F20,K20) -> 1.6459503 | O20: =O14/O25 -> 0.14571069 | P20: =P14/P25 -> 0.34317151 | Q20: =Q14/Q25 -> 0.51759456 | R20: =R14/R25 -> 0.68299436 | T20: =RATE(4,,-F20,R20) -> 1.3187694 | V20: =O20-H20 -> -0.043352754 | W20: =P20-I20 -> -0.20629411 | X20: =Q20-J20 -> -0.36864031 | Y20: =R20-K20 -> -0.47501921 | AA20: =T20-M20 -> -0.32718096
B22: Adj. EPS | C22: =C17/C25 -> 0 | D22: =D17/D25 -> 0.16587326 | E22: =E17/E25 -> 0.286307 | F22: =F17/F25 -> 0.21513634 | H22: =H17/H25 -> 0.29009422 | I22: =I17/I25 -> 0.63336252 | J22: =J17/J25 -> 0.99199224 | K22: =K17/K25 -> 1.240138 | M22: =RATE(4,,-F22,K22) -> 0.54949101 | O22: =O17/O25 -> 0.22480053 | P22: =P17/P25 -> 0.43288067 | Q22: =Q17/Q25 -> 0.60574945 | R22: =R17/R25 -> 0.77114925 | T22: =RATE(4,,-F22,R22) -> 0.37596113 | V22: =O22-H22 -> -0.06529369 | W22: =P22-I22 -> -0.20048185 | X22: =Q22-J22 -> -0.38624278 | Y22: =R22-K22 -> -0.46898875 | AA22: =T22-M22 -> -0.17352988
B25: Memo: Shares | C25: =D25 -> 160.279 | D25: =E25 -> 160.279 | E25: 160.279 | F25: 166.936 | H25: ='TSM (SHLS)'!$L$15 -> 169.25536 | I25: =H25 -> 169.25536 | J25: =I25 -> 169.25536 | K25: =J25 -> 169.25536 | O25: ='TSM (SHLS)'!$L$15 -> 169.25536 | P25: =O25 -> 169.25536 | Q25: =P25 -> 169.25536 | R25: =Q25 -> 169.25536 | V25: ='TSM (SHLS)'!$L$15 -> 169.25536 | W25: =V25 -> 169.25536 | X25: =W25 -> 169.25536 | Y25: =X25 -> 169.25536
B29: Broker Adj. NI | H29: 49.1 | I29: 107.2 | J29: 167.9 | K29: 209.9

Sheet Financial Statements
B2: xxxx
D3: 2019 | E3: 2020 | F3: 2021 | G3: 2022 | H3: 2023 | I3: =H3+1 -> 2024 | J3: =I3+1 -> 2025 | K3: =J3+1 -> 2026 | L3: =K3+1 -> 2027
D4: 43818 | E4: =D4+365 -> 44183 | F4: =E4+365 -> 44548 | G4: =F4+365 -> 44913 | H4: =G4+365 -> 45278 | I4: =H4+365 -> 45643 | J4: =I4+365 -> 46008 | K4: =J4+365 -> 46373 | L4: =K4+365 -> 46738
D5: Actual | E5: Actual | F5: Actual | G5: Forecast | H5: Forecast | I5: Forecast | J5: Forecast | K5: Forecast | L5: Forecast
C6: =BS!B9 -> Current Assets:
C7: =BS!B10 -> Cash and Cash Equivalents | D7: =BS!D10 -> 7.082 | E7: =BS!E10 -> 10.073 | F7: =BS!F10 -> 5.006 | G7: =BS!G10 -> 30.094 | H7: =BS!H10 -> 70.094 | I7: =BS!I10 -> 168.66345 | J7: =BS!J10 -> 293.81621 | K7: =BS!K10 -> 445.54292 | L7: =BS!L10 -> 622.87718
C8: =BS!B11 -> Accounts Receivable, Net | D8: =BS!D11 -> 27.292 | E8: =BS!E11 -> 27.004 | F8: =BS!F11 -> 31.499 | G8: =BS!G11 -> 44.755178 | H8: =BS!H11 -> 67.132767 | I8: =BS!I11 -> 83.488992 | J8: =BS!J11 -> 104.64716 | K8: =BS!K11 -> 125.57659 | L8: =BS!L11 -> 144.41308
C9: =BS!B12 -> Unbilled Receivables, Net | D9: =BS!D12 -> 2.505 | E9: =BS!E12 -> 3.794 | F9: =BS!F12 -> 13.533 | G9: =BS!G12 -> 13.163288 | H9: =BS!H12 -> 19.744932 | I9: =BS!I12 -> 25.046698 | J9: =BS!J12 -> 31.394149 | K9: =BS!K12 -> 37.672978 | L9: =BS!L12 -> 43.323925
C10: =BS!B13 -> Inventory, Net | D10: =BS!D13 -> 8.834 | E10: =BS!E13 -> 15.121 | F10: =BS!F13 -> 38.368 | G10: =BS!G13 -> 52.804932 | H10: =BS!H13 -> 74.043493 | I10: =BS!I13 -> 62.616744 | J10: =BS!J13 -> 78.799313 | K10: =BS!K13 -> 94.935905 | L10: =BS!L13 -> 109.60953
C11: =BS!B14 -> Other Current Assets | D11: =BS!D14 -> 0.798 | E11: =BS!E14 -> 0.155 | F11: =BS!F14 -> 5.042 | G11: =BS!G14 -> 7.2069 | H11: =BS!H14 -> 10.81035 | I11: =BS!I14 -> 18.334183 | J11: =BS!J14 -> 22.917728 | K11: =BS!K14 -> 27.501274 | L11: =BS!L14 -> 31.626465
C12: =BS!B15 -> Total Current Assets | D12: =BS!D15 -> 46.511 | E12: =BS!E15 -> 56.147 | F12: =BS!F15 -> 93.448 | G12: =BS!G15 -> 148.0243 | H12: =BS!H15 -> 241.82554 | I12: =BS!I15 -> 358.15007 | J12: =BS!J15 -> 531.57456 | K12: =BS!K15 -> 731.22968 | L12: =BS!L15 -> 951.85018
C14: =BS!B17 -> Property, Plant and Equipment, Net | D14: =BS!D17 -> 10.947 | E14: =BS!E17 -> 12.763 | F14: =BS!F17 -> 15.574 | G14: =BS!G17 -> 16.056186 | H14: =BS!H17 -> 15.86486 | I14: =BS!I17 -> 16.00261 | J14: =BS!J17 -> 16.293144 | K14: =BS!K17 -> 16.430893 | L14: =BS!L17 -> 17.102968
C15: =BS!B18 -> Goodwill | D15: =BS!D18 -> 50.176 | E15: =BS!E18 -> 50.176 | F15: =BS!F18 -> 69.436 | G15: =BS!G18 -> 69.941 | H15: =BS!H18 -> 69.941 | I15: =BS!I18 -> 69.941 | J15: =BS!J18 -> 69.941 | K15: =BS!K18 -> 69.941 | L15: =BS!L18 -> 69.941
C16: =BS!B19 -> Intangible Assets, Net | D16: =BS!D19 -> 79.973 | E16: =BS!E19 -> 71.988 | F16: =BS!F19 -> 65.236 | G16: =BS!G19 -> 56.576 | H16: =BS!H19 -> 48.658 | I16: =BS!I19 -> 41.073 | J16: =BS!J19 -> 33.488 | K16: =BS!K19 -> 25.903 | L16: =BS!L19 -> 18.318
C17: =BS!B20 -> Deferred Tax Asset | D17: =BS!D20 -> 0 | E17: =BS!E20 -> 0 | F17: =BS!F20 -> 176.958 | G17: =BS!G20 -> 175.059 | H17: =BS!H20 -> 175.059 | I17: =BS!I20 -> 175.059 | J17: =BS!J20 -> 175.059 | K17: =BS!K20 -> 175.059 | L17: =BS!L20 -> 175.059
C18: =BS!B21 -> Other Assets | D18: =BS!D21 -> 0 | E18: =BS!E21 -> 4.236 | F18: =BS!F21 -> 5.762 | G18: =BS!G21 -> 17.771 | H18: =BS!H21 -> 17.771 | I18: =BS!I21 -> 17.771 | J18: =BS!J21 -> 17.771 | K18: =BS!K21 -> 17.771 | L18: =BS!L21 -> 17.771
C19: =BS!B22 -> Total Assets | D19: =BS!D22 -> 187.607 | E19: =BS!E22 -> 195.31 | F19: =BS!F22 -> 426.414 | G19: =BS!G22 -> 483.42748 | H19: =BS!H22 -> 569.1194 | I19: =BS!I22 -> 677.99668 | J19: =BS!J22 -> 844.12671 | K19: =BS!K22 -> 1036.3346 | L19: =BS!L22 -> 1250.0422
C21: =BS!B24 -> Liabilities & Equity:
C23: =BS!B26 -> Current Liabilities:
C24: =BS!B27 -> Accounts Payable | D24: =BS!D27 -> 10.383 | E24: =BS!E27 -> 14.634 | F24: =BS!F27 -> 19.985 | G24: =BS!G27 -> 17.601644 | H24: =BS!H27 -> 24.681164 | I24: =BS!I27 -> 41.744496 | J24: =BS!J27 -> 52.532875 | K24: =BS!K27 -> 63.290603 | L24: =BS!L27 -> 73.07302
C25: =BS!B28 -> Accrued Expenses | D25: =BS!D28 -> 1.264 | E25: =BS!E28 -> 5.967 | F25: =BS!F28 -> 9.569 | G25: =BS!G28 -> 16.0615 | H25: =BS!H28 -> 22.521562 | I25: =BS!I28 -> 55.002548 | J25: =BS!J28 -> 68.753185 | K25: =BS!K28 -> 82.503822 | L25: =BS!L28 -> 94.879396
C26: =BS!B29 -> Payable pursuant to TRA | D26: =BS!D29 -> 0 | E26: =BS!E29 -> 0 | F26: =BS!F29 -> 0 | G26: =BS!G29 -> 3.583 | H26: =BS!H29 -> 3.583 | I26: =BS!I29 -> 3.583 | J26: =BS!J29 -> 3.583 | K26: =BS!K29 -> 3.583 | L26: =BS!L29 -> 3.583
C27: =BS!B30 -> Long-Term Debt - Current Portion | D27: =BS!D30 -> 12.894 | E27: =BS!E30 -> 3.5 | F27: =BS!F30 -> 2 | G27: =BS!G30 -> 2 | H27: =BS!H30 -> 2 | I27: =BS!I30 -> 2 | J27: =BS!J30 -> 2 | K27: =BS!K30 -> 2 | L27: =BS!L30 -> 2
C28: =BS!B31 -> Total Current Liabilities | D28: =BS!D31 -> 24.541 | E28: =BS!E31 -> 24.101 | F28: =BS!F31 -> 31.554 | G28: =BS!G31 -> 39.246144 | H28: =BS!H31 -> 52.785727 | I28: =BS!I31 -> 102.33004 | J28: =BS!J31 -> 126.86906 | K28: =BS!K31 -> 151.37743 | L28: =BS!L31 -> 173.53542
C30: =BS!B33 -> Revolving Line of Credit | D30: =BS!D33 -> 0 | E30: =BS!E33 -> 20 | F30: =BS!F33 -> 55.14 | G30: =BS!G33 -> 66.185077 | H30: =BS!H33 -> 54.263244 | I30: =BS!I33 -> 0 | J30: =BS!J33 -> 0 | K30: =BS!K33 -> 0 | L30: =BS!L33 -> 0
C31: =BS!B34 -> Long-Term Debt, Less Current Portion | D31: =BS!D34 -> 13.16 | E31: =BS!E34 -> 335.332 | F31: =BS!F34 -> 189.913 | G31: =BS!G34 -> 189.515 | H31: =BS!H34 -> 189.515 | I31: =BS!I34 -> 189.515 | J31: =BS!J34 -> 189.515 | K31: =BS!K34 -> 189.515 | L31: =BS!L34 -> 189.515
C32: =BS!B35 -> TRA Liability | D32: =BS!D35 -> 0 | E32: =BS!E35 -> 0 | F32: =BS!F35 -> 156.374 | G32: =BS!G35 -> 153.591 | H32: =BS!H35 -> 153.591 | I32: =BS!I35 -> 153.591 | J32: =BS!J35 -> 153.591 | K32: =BS!K35 -> 153.591 | L32: =BS!L35 -> 153.591
C33: =BS!B36 -> Other Long-term Liabilities | D33: =BS!D36 -> 0 | E33: =BS!E36 -> 0 | F33: =BS!F36 -> 0.931 | G33: =BS!G36 -> 4.793 | H33: =BS!H36 -> 4.793 | I33: =BS!I36 -> 4.793 | J33: =BS!J36 -> 4.793 | K33: =BS!K36 -> 4.793 | L33: =BS!L36 -> 4.793
C34: =BS!B37 -> $100.0M Revolver | D34: =BS!D37 -> 0 | E34: =BS!E37 -> 0 | F34: =BS!F37 -> 0 | G34: =BS!G37 -> 0 | H34: =BS!H37 -> 0 | I34: =BS!I37 -> 0 | J34: =BS!J37 -> 0 | K34: =BS!K37 -> 0 | L34: =BS!L37 -> 0
C35: =BS!B38 -> Term Loan | D35: =BS!D38 -> 0 | E35: =BS!E38 -> 0 | F35: =BS!F38 -> 0 | G35: =BS!G38 -> 0 | H35: =BS!H38 -> 0 | I35: =BS!I38 -> 0 | J35: =BS!J38 -> 0 | K35: =BS!K38 -> 0 | L35: =BS!L38 -> 0
C36: =BS!B39 -> Total Liabilities | D36: =BS!D39 -> 37.701 | E36: =BS!E39 -> 379.433 | F36: =BS!F39 -> 433.912 | G36: =BS!G39 -> 453.33022 | H36: =BS!H39 -> 454.94797 | I36: =BS!I39 -> 450.22904 | J36: =BS!J39 -> 474.76806 | K36: =BS!K39 -> 499.27643 | L36: =BS!L39 -> 521.43442
C38: =BS!B41 -> Equity:
C39: =BS!B42 -> Paid-in Capital | D39: =BS!D42 -> 0 | E39: =BS!E42 -> 0 | F39: =BS!F42 -> 95.684 | G39: =BS!G42 -> 101.243 | H39: =BS!H42 -> 101.243 | I39: =BS!I42 -> 101.243 | J39: =BS!J42 -> 101.243 | K39: =BS!K42 -> 101.243 | L39: =BS!L42 -> 101.243
C40: =BS!B43 -> Other Stockholders Equity | D40: =BS!D43 -> 149.906 | E40: =BS!E43 -> -184.123 | F40: =BS!F43 -> -93.133 | G40: =BS!G43 -> -64.433738 | H40: =BS!H43 -> 19.640432 | I40: =BS!I43 -> 133.23664 | J40: =BS!J43 -> 274.82764 | K40: =BS!K43 -> 442.52714 | L40: =BS!L43 -> 634.07673
C41: =BS!B44 -> Total Equity | D41: =BS!D44 -> 149.906 | E41: =BS!E44 -> -184.123 | F41: =BS!F44 -> 2.551 | G41: =BS!G44 -> 36.809262 | H41: =BS!H44 -> 120.88343 | I41: =BS!I44 -> 234.47964 | J41: =BS!J44 -> 376.07064 | K41: =BS!K44 -> 543.77014 | L41: =BS!L44 -> 735.31973
C43: =BS!B46 -> Non-Controlling Interest | D43: =BS!D46 -> 0 | E43: =BS!E46 -> 0 | F43: =BS!F46 -> -10.051 | G43: =BS!G46 -> -6.714 | H43: =BS!H46 -> -6.714 | I43: =BS!I46 -> -6.714 | J43: =BS!J46 -> -6.714 | K43: =BS!K46 -> -6.714 | L43: =BS!L46 -> -6.714
C45: =BS!B48 -> Total Liabilities & Equity | D45: =BS!D48 -> 187.607 | E45: =BS!E48 -> 195.31 | F45: =BS!F48 -> 426.412 | G45: =BS!G48 -> 483.42548 | H45: =BS!H48 -> 569.1174 | I45: =BS!I48 -> 677.99468 | J45: =BS!J48 -> 844.12471 | K45: =BS!K48 -> 1036.3326 | L45: =BS!L48 -> 1250.0402
D50: 2019 | E50: 2020 | F50: 2021 | G50: 2022 | H50: 2023 | I50: =H50+1 -> 2024 | J50: =I50+1 -> 2025 | K50: =J50+1 -> 2026 | L50: =K50+1 -> 2027
D51: 43818 | E51: =D51+365 -> 44183 | F51: =E51+365 -> 44548 | G51: =F51+365 -> 44913 | H51: =G51+365 -> 45278 | I51: =H51+365 -> 45643 | J51: =I51+365 -> 46008 | K51: =J51+365 -> 46373 | L51: =K51+365 -> 46738
D52: Actual | E52: Actual | F52: Actual | G52: Forecast | H52: Forecast | I52: Forecast | J52: Forecast | K52: Forecast | L52: Forecast
C54: =IS!B9 -> Total Revenue | D54: =IS!E9 -> 144.496 | E54: =IS!F9 -> 175.518 | F54: =IS!G9 -> 213.212 | G54: =IS!H9 -> 303.295 | H54: =IS!I9 -> 470.10725 | I54: =IS!J9 -> 611.13943 | J54: =IS!K9 -> 763.92428 | K54: =IS!L9 -> 916.70914 | L54: =IS!M9 -> 1054.2155
C55: =IS!B10 -> Growth % | D55: =IS!E10 -> 0.39273253 | E55: =IS!F10 -> 0.21469106 | F55: =IS!G10 -> 0.2147586 | G55: =IS!H10 -> 0.42250436 | H55: =IS!I10 -> 0.55 | I55: =IS!J10 -> 0.3 | J55: =IS!K10 -> 0.25 | K55: =IS!L10 -> 0.2 | L55: =IS!M10 -> 0.15
C57: =IS!B12 -> Cost of Revenue | D57: =IS!E12 -> 100.284 | E57: =IS!F12 -> 108.972 | F57: =IS!G12 -> 130.567 | G57: =IS!H12 -> 187.72412 | H57: =IS!I12 -> 293.81703 | I57: =IS!J12 -> 381.96214 | J57: =IS!K12 -> 479.36249 | K57: =IS!L12 -> 577.52676 | L57: =IS!M12 -> 666.79131
C58: =IS!B13 -> % of Revenue | D58: =IS!E13 -> 0.69402613 | E58: =IS!F13 -> 0.6208594 | F58: =IS!G13 -> 0.6123811 | G58: =IS!H13 -> 0.61894896 | H58: =IS!I13 -> 0.625 | I58: =IS!J13 -> 0.625 | J58: =IS!K13 -> 0.6275 | K58: =IS!L13 -> 0.63 | L58: =IS!M13 -> 0.6325
C60: =IS!B15 -> Gross Profit | D60: =IS!E15 -> 44.212 | E60: =IS!F15 -> 66.546 | F60: =IS!G15 -> 82.645 | G60: =IS!H15 -> 115.57088 | H60: =IS!I15 -> 176.29022 | I60: =IS!J15 -> 229.17728 | J60: =IS!K15 -> 284.56179 | K60: =IS!L15 -> 339.18238 | L60: =IS!M15 -> 387.4242
C61: =IS!B16 -> Gross Margin % | D61: =IS!E16 -> 0.30597387 | E61: =IS!F16 -> 0.3791406 | F61: =IS!G16 -> 0.3876189 | G61: =IS!H16 -> 0.38105104 | H61: =IS!I16 -> 0.375 | I61: =IS!J16 -> 0.375 | J61: =IS!K16 -> 0.3725 | K61: =IS!L16 -> 0.37 | L61: =IS!M16 -> 0.3675
C63: =IS!B18 -> Operating Expenses:
C64: =IS!B19 -> Selling, General & Administrative | D64: =IS!E19 -> 9.065 | E64: =IS!F19 -> 21.008 | F64: =IS!G19 -> 37.893 | G64: =IS!H19 -> 55.06225 | H64: =IS!I19 -> 70.907858 | I64: =IS!J19 -> 90.652366 | J64: =IS!K19 -> 111.40565 | K64: =IS!L19 -> 131.395 | L64: =IS!M19 -> 148.46872
C65: =IS!B20 -> Depreciation & Amortization | D65: =IS!E20 -> 8.217 | E65: =IS!F20 -> 8.262 | F65: =IS!G20 -> 8.52 | G65: =IS!H20 -> 11.943104 | H65: =IS!I20 -> 12.810398 | I65: =IS!J20 -> 13.558645 | J65: =IS!K20 -> 14.933709 | K65: =IS!L20 -> 16.614342 | L65: =IS!M20 -> 17.45508
C66: =IS!B21 -> Total Operating Expenses | D66: =IS!E21 -> 17.282 | E66: =IS!F21 -> 29.27 | F66: =IS!G21 -> 46.413 | G66: =IS!H21 -> 67.005354 | H66: =IS!I21 -> 83.718256 | I66: =IS!J21 -> 104.21101 | J66: =IS!K21 -> 126.33936 | K66: =IS!L21 -> 148.00935 | L66: =IS!M21 -> 165.9238
C68: =IS!B27 -> EBIT | D68: =IS!E27 -> 26.93 | E68: =IS!F27 -> 37.276 | F68: =IS!G27 -> 36.232 | G68: =IS!H27 -> 48.565521 | H68: =IS!I27 -> 92.571963 | I68: =IS!J27 -> 124.96627 | J68: =IS!K27 -> 158.22244 | K68: =IS!L27 -> 191.17304 | L68: =IS!M27 -> 221.5004
C69: =IS!B28 -> Interest Income / (Expense) | D69: =IS!E28 -> -1.787 | E69: =IS!F28 -> -3.51 | F69: =IS!G28 -> -14.549 | G69: =IS!H28 -> -17.491516 | H69: =IS!I28 -> -19.048398 | I69: =IS!J28 -> -14.073042 | J69: =IS!K28 -> -11.89275 | K69: =IS!L28 -> -11.794625 | L69: =IS!M28 -> -11.932
C70: =IS!B29 -> Tax Receivable agreement liability adjustment | D70: =IS!E29 -> 0 | E70: =IS!F29 -> 0 | F70: =IS!G29 -> -1.663 | G70: =IS!H29 -> 0 | H70: =IS!I29 -> 0 | I70: =IS!J29 -> 0 | J70: =IS!K29 -> 0 | K70: =IS!L29 -> 0 | L70: =IS!M29 -> 0
C71: =IS!B30 -> Loss on debt repayment | D71: =IS!E30 -> 0 | E71: =IS!F30 -> 0 | F71: =IS!G30 -> -15.99 | G71: =IS!H30 -> 0 | H71: =IS!I30 -> 0 | I71: =IS!J30 -> 0 | J71: =IS!K30 -> 0 | K71: =IS!L30 -> 0 | L71: =IS!M30 -> 0
C72: =IS!B31 -> Income Before Taxes | D72: =IS!E31 -> 25.143 | E72: =IS!F31 -> 33.766 | F72: =IS!G31 -> 4.03 | G72: =IS!H31 -> 31.074005 | H72: =IS!I31 -> 73.523565 | I72: =IS!J31 -> 110.89323 | J72: =IS!K31 -> 146.32969 | K72: =IS!L31 -> 179.37841 | L72: =IS!M31 -> 209.5684
C74: =IS!B33 -> Provision for Income Tax | D74: =IS!E33 -> 0 | E74: =IS!F33 -> 0 | F74: =IS!G33 -> -0.086 | G74: =IS!H33 -> -6.4116911 | H74: =IS!I33 -> -15.439949 | I74: =IS!J33 -> -23.287579 | J74: =IS!K33 -> -30.729235 | K74: =IS!L33 -> -37.669466 | L74: =IS!M33 -> -44.009365
C75: =IS!B34 -> Net After-Tax Income | D75: =IS!E34 -> 25.143 | E75: =IS!F34 -> 33.766 | F75: =IS!G34 -> 3.944 | G75: =IS!H34 -> 24.662314 | H75: =IS!I34 -> 58.083616 | I75: =IS!J34 -> 87.605653 | J75: =IS!K34 -> 115.60045 | K75: =IS!L34 -> 141.70894 | L75: =IS!M34 -> 165.55904
C77: =IS!B36 -> Tax Rate | D77: =IS!E36 -> 0 | E77: =IS!F36 -> 0 | F77: =IS!G36 -> -0.02133995 | G77: =IS!H36 -> -0.20633617 | H77: =IS!I36 -> -0.21 | I77: =IS!J36 -> -0.21 | J77: =IS!K36 -> -0.21 | K77: =IS!L36 -> -0.21 | L77: =IS!M36 -> -0.21
C79: =IS!B38 -> Less: Net income (loss) attributable to NCI | D79: =IS!E38 -> 0 | E79: =IS!F38 -> 0 | F79: =IS!G38 -> 1.596 | G79: =IS!H38 -> 10.712 | H79: =IS!I38 -> 11.604 | I79: =IS!J38 -> 11.604 | J79: =IS!K38 -> 11.604 | K79: =IS!L38 -> 11.604 | L79: =IS!M38 -> 11.604
C80: =IS!B39 -> Net Income to Shoals | D80: =IS!E39 -> 25.143 | E80: =IS!F39 -> 33.766 | F80: =IS!G39 -> 2.348 | G80: =IS!H39 -> 13.950314 | H80: =IS!I39 -> 46.479616 | I80: =IS!J39 -> 76.001653 | J80: =IS!K39 -> 103.99645 | K80: =IS!L39 -> 130.10494 | L80: =IS!M39 -> 153.95504
C82: =IS!B41 -> Adj. EBITDA Calculation
C83: =IS!B42 -> Net Income as reported | D83: =IS!E42 -> 25.143 | E83: =IS!F42 -> 33.766 | F83: =IS!G42 -> 3.944 | G83: =IS!H42 -> 24.662314 | H83: =IS!I42 -> 58.083616 | I83: =IS!J42 -> 87.605653 | J83: =IS!K42 -> 115.60045 | K83: =IS!L42 -> 141.70894 | L83: =IS!M42 -> 165.55904
C84: =IS!B43 -> Plus: Interest Expense, net | D84: =IS!E43 -> 1.787 | E84: =IS!F43 -> 3.51 | F84: =IS!G43 -> 14.549 | G84: =IS!H43 -> 17.491516 | H84: =IS!I43 -> 19.048398 | I84: =IS!J43 -> 14.073042 | J84: =IS!K43 -> 11.89275 | K84: =IS!L43 -> 11.794625 | L84: =IS!M43 -> 11.932
C85: =IS!B44 -> Plus: Provision for Income Tax | D85: =IS!E44 -> 0 | E85: =IS!F44 -> 0 | F85: =IS!G44 -> 0.086 | G85: =IS!H44 -> 6.4116911 | H85: =IS!I44 -> 15.439949 | I85: =IS!J44 -> 23.287579 | J85: =IS!K44 -> 30.729235 | K85: =IS!L44 -> 37.669466 | L85: =IS!M44 -> 44.009365
C86: =IS!B45 -> Plus: Depreciation Expense | D86: =IS!E45 -> 1.179 | E86: =IS!F45 -> 1.42 | F86: =IS!G45 -> 1.701 | G86: =IS!H45 -> 3.286104 | H86: =IS!I45 -> 4.8923983 | I86: =IS!J45 -> 5.9736449 | J86: =IS!K45 -> 7.3487086 | K86: =IS!L45 -> 9.0293421 | L86: =IS!M45 -> 9.8700797
C87: =IS!B46 -> Plus: Amortization of Intangibles | D87: =IS!E46 -> 7.984 | E87: =IS!F46 -> 7.985 | F87: =IS!G46 -> 8.352 | G87: =IS!H46 -> 8.659 | H87: =IS!I46 -> 7.918 | I87: =IS!J46 -> 7.585 | J87: =IS!K46 -> 7.585 | K87: =IS!L46 -> 7.585 | L87: =IS!M46 -> 7.585
C88: =IS!B47 -> Plus: Amortization of Deferred Financing Costs | D88: =IS!E47 -> 0.038 | E88: =IS!F47 -> 0.351 | F88: =IS!G47 -> 5.969 | G88: =IS!H47 -> 0.684 | H88: =IS!I47 -> 0 | I88: =IS!J47 -> 0 | J88: =IS!K47 -> 0 | K88: =IS!L47 -> 0 | L88: =IS!M47 -> 0
C89: =IS!B48 -> Plus: Tax rececivable agreement liability adjustment | D89: =IS!E48 -> 0 | E89: =IS!F48 -> 0 | F89: =IS!G48 -> 1.663 | G89: =IS!H48 -> 0 | H89: =IS!I48 -> 0 | I89: =IS!J48 -> 0 | J89: =IS!K48 -> 0 | K89: =IS!L48 -> 0 | L89: =IS!M48 -> 0
C90: =IS!B49 -> Plus: Loss on debt repayment | D90: =IS!E49 -> 0 | E90: =IS!F49 -> 0 | F90: =IS!G49 -> 15.99 | G90: =IS!H49 -> 0 | H90: =IS!I49 -> 0 | I90: =IS!J49 -> 0 | J90: =IS!K49 -> 0 | K90: =IS!L49 -> 0 | L90: =IS!M49 -> 0
C91: =IS!B50 -> Plus: Equity-Based Compensation | D91: =IS!E50 -> 0 | E91: =IS!F50 -> 8.251 | F91: =IS!G50 -> 11.286 | G91: =IS!H50 -> 16.840948 | H91: =IS!I50 -> 25.990553 | I91: =IS!J50 -> 25.990553 | J91: =IS!K50 -> 25.990553 | K91: =IS!L50 -> 25.990553 | L91: =IS!M50 -> 25.990553
C92: =IS!B51 -> Plus: Acquisition-related expenses | D92: =IS!E51 -> 0 | E92: =IS!F51 -> 0 | F92: =IS!G51 -> 2.349 | G92: =IS!H51 -> 0.012 | H92: =IS!I51 -> 0 | I92: =IS!J51 -> 0 | J92: =IS!K51 -> 0 | K92: =IS!L51 -> 0 | L92: =IS!M51 -> 0
C93: =IS!B52 -> Plus: COVID-19 Expenses | D93: =IS!E52 -> 0 | E93: =IS!F52 -> 2.89 | F93: =IS!G52 -> 0.339 | G93: =IS!H52 -> 0 | H93: =IS!I52 -> 0 | I93: =IS!J52 -> 0 | J93: =IS!K52 -> 0 | K93: =IS!L52 -> 0 | L93: =IS!M52 -> 0
C94: =IS!B53 -> Plus: Non-recurring and Other Expenses | D94: =IS!E53 -> 0.686 | E94: =IS!F53 -> 3.077 | F94: =IS!G53 -> 2.598 | G94: =IS!H53 -> 0 | H94: =IS!I53 -> 0 | I94: =IS!J53 -> 0 | J94: =IS!K53 -> 0 | K94: =IS!L53 -> 0 | L94: =IS!M53 -> 0
C95: =IS!B54 -> Total Adjusted EBITDA | D95: =IS!E54 -> 36.817 | E95: =IS!F54 -> 61.25 | F95: =IS!G54 -> 68.826 | G95: =IS!H54 -> 78.047573 | H95: =IS!I54 -> 131.37291 | I95: =IS!J54 -> 164.51547 | J95: =IS!K54 -> 199.1467 | K95: =IS!L54 -> 233.77793 | L95: =IS!M54 -> 264.94604
D97: 2019 | E97: 2020 | F97: 2021 | G97: 2022 | H97: 2023 | I97: =H97+1 -> 2024 | J97: =I97+1 -> 2025 | K97: =J97+1 -> 2026 | L97: =K97+1 -> 2027
D98: 43818 | E98: =D98+365 -> 44183 | F98: =E98+365 -> 44548 | G98: =F98+365 -> 44913 | H98: =G98+365 -> 45278 | I98: =H98+365 -> 45643 | J98: =I98+365 -> 46008 | K98: =J98+365 -> 46373 | L98: =K98+365 -> 46738
D99: Actual | E99: Actual | F99: Actual | G99: Forecast | H99: Forecast | I99: Forecast | J99: Forecast | K99: Forecast | L99: Forecast
C101: =IS!B56 -> GAAP Net Income | D101: =IS!E56 -> 25.143 | E101: =IS!F56 -> 33.766 | F101: =IS!G56 -> 3.944 | G101: =IS!H56 -> 24.662314 | H101: =IS!I56 -> 58.083616 | I101: =IS!J56 -> 87.605653 | J101: =IS!K56 -> 115.60045 | K101: =IS!L56 -> 141.70894 | L101: =IS!M56 -> 165.55904
C102: =IS!B57 -> Margin % | D102: =IS!E57 -> 0.17400482 | E102: =IS!F57 -> 0.19237913 | F102: =IS!G57 -> 0.018498021 | G102: =IS!H57 -> 0.081314608 | H102: =IS!I57 -> 0.12355397 | I102: =IS!J57 -> 0.14334806 | J102: =IS!K57 -> 0.15132449 | K102: =IS!L57 -> 0.15458441 | L102: =IS!M57 -> 0.15704478
C104: =IS!B59 -> Adj. Net Income Schedule
C105: =IS!B60 -> Net income attributable to Shoals | D105: =IS!E60 -> 25.143 | E105: =IS!F60 -> 33.766 | F105: =IS!G60 -> 2.348 | G105: =IS!H60 -> 13.950314 | H105: =IS!I60 -> 46.479616 | I105: =IS!J60 -> 76.001653 | J105: =IS!K60 -> 103.99645 | K105: =IS!L60 -> 130.10494 | L105: =IS!M60 -> 153.95504
C106: =IS!B61 -> Net income impact from pro forma conversion of Class B common stock to Class A common stock | D106: =IS!E61 -> 0 | E106: =IS!F61 -> 0 | F106: =IS!G61 -> 1.596 | G106: =IS!H61 -> 4.91 | H106: =IS!I61 -> 0 | I106: =IS!J61 -> 0 | J106: =IS!K61 -> 0 | K106: =IS!L61 -> 0 | L106: =IS!M61 -> 0
C107: =IS!B62 -> Adjustment to the provision for income tax | D107: =IS!E62 -> -5.456 | E107: =IS!F62 -> -7.327 | F107: =IS!G62 -> -0.456 | G107: =IS!H62 -> -1.161 | H107: =IS!I62 -> 0 | I107: =IS!J62 -> 0 | J107: =IS!K62 -> 0 | K107: =IS!L62 -> 0 | L107: =IS!M62 -> 0
C108: =IS!B63 -> Tax effected net income | D108: =IS!E63 -> 19.687 | E108: =IS!F63 -> 26.439 | F108: =IS!G63 -> 3.488 | G108: =IS!H63 -> 17.699314 | H108: =IS!I63 -> 46.479616 | I108: =IS!J63 -> 76.001653 | J108: =IS!K63 -> 103.99645 | K108: =IS!L63 -> 130.10494 | L108: =IS!M63 -> 153.95504
C110: =IS!B65 -> Amortization of intangibles | D110: =IS!E65 -> 7.984 | E110: =IS!F65 -> 7.985 | F110: =IS!G65 -> 8.352 | G110: =IS!H65 -> 8.659 | H110: =IS!I65 -> 7.918 | I110: =IS!J65 -> 7.585 | J110: =IS!K65 -> 7.585 | K110: =IS!L65 -> 7.585 | L110: =IS!M65 -> 7.585
C111: =IS!B66 -> Amortization of deferred financing costs | D111: =IS!E66 -> 0.038 | E111: =IS!F66 -> 0.351 | F111: =IS!G66 -> 1.23 | G111: =IS!H66 -> 0.684 | H111: =IS!I66 -> 0 | I111: =IS!J66 -> 0 | J111: =IS!K66 -> 0 | K111: =IS!L66 -> 0 | L111: =IS!M66 -> 0
C112: =IS!B67 -> Payable pursuant to the TRA adjustment | D112: =IS!E67 -> 0 | E112: =IS!F67 -> 0 | F112: =IS!G67 -> 1.663 | G112: =IS!H67 -> 0 | H112: =IS!I67 -> 0 | I112: =IS!J67 -> 0 | J112: =IS!K67 -> 0 | K112: =IS!L67 -> 0 | L112: =IS!M67 -> 0
C113: =IS!B68 -> Loss on debt repayment | D113: =IS!E68 -> 0 | E113: =IS!F68 -> 0 | F113: =IS!G68 -> 15.99 | G113: =IS!H68 -> 0 | H113: =IS!I68 -> 0 | I113: =IS!J68 -> 0 | J113: =IS!K68 -> 0 | K113: =IS!L68 -> 0 | L113: =IS!M68 -> 0
C114: =IS!B69 -> Equity-based compensation | D114: =IS!E69 -> 0 | E114: =IS!F69 -> 8.251 | F114: =IS!G69 -> 11.286 | G114: =IS!H69 -> 16.840948 | H114: =IS!I69 -> 25.990553 | I114: =IS!J69 -> 25.990553 | J114: =IS!K69 -> 25.990553 | K114: =IS!L69 -> 25.990553 | L114: =IS!M69 -> 25.990553
C115: =IS!B70 -> Acquisition-related expenses | D115: =IS!E70 -> 0 | E115: =IS!F70 -> 0 | F115: =IS!G70 -> 2.349 | G115: =IS!H70 -> 0.012 | H115: =IS!I70 -> 0 | I115: =IS!J70 -> 0 | J115: =IS!K70 -> 0 | K115: =IS!L70 -> 0 | L115: =IS!M70 -> 0
C116: =IS!B71 -> COVID-19 expenses | D116: =IS!E71 -> 0 | E116: =IS!F71 -> 2.89 | F116: =IS!G71 -> 0.339 | G116: =IS!H71 -> 0 | H116: =IS!I71 -> 0 | I116: =IS!J71 -> 0 | J116: =IS!K71 -> 0 | K116: =IS!L71 -> 0 | L116: =IS!M71 -> 0
C117: =IS!B72 -> Non-recurring and other expenses | D117: =IS!E72 -> 0.686 | E117: =IS!F72 -> 3.077 | F117: =IS!G72 -> 2.598 | G117: =IS!H72 -> 0 | H117: =IS!I72 -> 0 | I117: =IS!J72 -> 0 | J117: =IS!K72 -> 0 | K117: =IS!L72 -> 0 | L117: =IS!M72 -> 0
... C119: =IS!B74 -> Adjusted Net Income | D119: =IS!E74 -> 26.586 | E119: =IS!F74 -> 45.889 | F119: =IS!G74 -> 35.914 | G119: =IS!H74 -> 38.048693 | H119: =IS!I74 -> 73.267373 | I119: =IS!J74 -> 102.52634 | J119: =IS!K74 -> 130.52114 | K119: =IS!L74 -> 156.62963 | L119: =IS!M74 -> 180.47973
D124: 2019 | E124: 2020 | F124: 2021 | G124: 2022 | H124: 2023 | I124: =H124+1 -> 2024 | J124: =I124+1 -> 2025 | K124: =J124+1 -> 2026 | L124: =K124+1 -> 2027
D125: 43818 | E125: =D125+365 -> 44183 | F125: =E125+365 -> 44548 | G125: =F125+365 -> 44913 | H125: =G125+365 -> 45278 | I125: =H125+365 -> 45643 | J125: =I125+365 -> 46008 | K125: =J125+365 -> 46373 | L125: =K125+365 -> 46738
D126: Actual | E126: Actual | F126: Actual | G126: Forecast | H126: Forecast | I126: Forecast | J126: Forecast | K126: Forecast | L126: Forecast
C128: =CF!B7 -> Cash Flow From Operating Activities:
C129: =CF!B8 -> GAAP Net Income | D129: =CF!D8 -> 25.143 | E129: =CF!E8 -> 33.766 | F129: =CF!F8 -> 3.944 | G129: =CF!G8 -> 24.662314 | H129: =CF!H8 -> 58.083616 | I129: =CF!I8 -> 87.605653 | J129: =CF!J8 -> 115.60045 | K129: =CF!K8 -> 141.70894 | L129: =CF!L8 -> 165.55904
C130: =CF!B9 -> Depreciation & Amortization | D130: =CF!D9 -> 9.163 | E130: =CF!E9 -> 9.405 | F130: =CF!F9 -> 10.053 | G130: =CF!G9 -> 11.945104 | H130: =CF!H9 -> 12.810398 | I130: =CF!I9 -> 13.558645 | J130: =CF!J9 -> 14.933709 | K130: =CF!K9 -> 16.614342 | L130: =CF!L9 -> 17.45508
C131: =CF!B10 -> Amortization of Deferred Financing Fees | D131: =CF!D10 -> 0.038 | E131: =CF!E10 -> 0.351 | F131: =CF!F10 -> 5.969 | G131: =CF!G10 -> 0.684 | H131: =CF!H10 -> 0 | I131: =CF!I10 -> 0 | J131: =CF!J10 -> 0 | K131: =CF!K10 -> 0 | L131: =CF!L10 -> 0
...

Sheet Market Share Output
F6: 2021A | G6: 2025E | H6: 2030E
E7: US Solar TAM | F7: ='TAM Builds'!H51 -> 595 | G7: ='TAM Builds'!P51 -> 870.31695 | H7: ='TAM Builds'!U51 -> 1400
E8: Shoals Revenue | F8: ='TAM Builds'!H53 -> 213.212 | G8: ='TAM Builds'!P53 -> 532.78188 | H8: ='TAM Builds'!U53 -> 768.60007
E9: Implied US Solar MS% | F9: =F8/F7 -> 0.3583395 | G9: =G8/G7 -> 0.61216995 | H9: =H8/H7 -> 0.54900005
E11: US Battery Storage TAM | F11: ='TAM Builds'!H66 -> 136 | G11: ='TAM Builds'!P66 -> 198.92959 | H11: ='TAM Builds'!U66 -> 320
E12: Shoals Revenue | G12: ='TAM Builds'!P68 -> 32.42844 | H12: ='TAM Builds'!U68 -> 73.979406
E13: Implied Storage MS% | F13: =F12/F11 -> 0 | G13: =G12/G11 -> 0.16301466 | H13: =H12/H11 -> 0.23118564
E15: US EV TAM | F15: ='TAM Builds'!H80 -> 300 | G15: ='TAM Builds'!P80 -> 1422.6753 | H15: ='TAM Builds'!U80 -> 2006.3003
E16: Shoals Revenue | G16: ='TAM Builds'!P82 -> 21.12 | H16: ='TAM Builds'!U82 -> 48.18132
E17: Implied EV MS% | F17: =F16/F15 -> 0 | G17: =G16/G15 -> 0.01484527 | H17: =H16/H15 -> 0.024015009

Sheet Comps>>

Sheet Comparables Analysis
A1: Price as of: | B1: =Cover!$B$35 -> 44862
I3: Revenue | R3: Gross Margin | AA3: EBITDA | AJ3: CapEx | AS3: EBITDA - CapEx | BB3: EV / Revenue | BH3: EV / EBITDA | BN3: GAAP Net Income | BS3: Revenue CAGR ''21A→'24E | BU3: Gross Margin % | CD3: Avg. GM% | CF3: EBITDA Margin % | CO3: Avg. GM% | CW3: Avg. EBITDA Margin
C4: Company | D4: Price | E4: FDSO | F4: FD Market Cap | G4: Enterprise Value | I4: 2018 | J4: =I4+1 -> 2019 | K4: =J4+1 -> 2020 | L4: =K4+1 -> 2021 | M4: =L4+1 -> 2022 | N4: =M4+1 -> 2023 | O4: =N4+1 -> 2024 | P4: =O4+1 -> 2025 | R4: 2018 | S4: =R4+1 -> 2019 | T4: =S4+1 -> 2020 | U4: =T4+1 -> 2021 | V4: =U4+1 -> 2022 | W4: =V4+1 -> 2023 | X4: =W4+1 -> 2024 | Y4: =X4+1 -> 2025 | AA4: 2018 | AB4: =AA4+1 -> 2019 | AC4: =AB4+1 -> 2020 | AD4: =AC4+1 -> 2021 | AE4: =AD4+1 -> 2022 | AF4: =AE4+1 -> 2023 | AG4: =AF4+1 -> 2024 | AH4: =AG4+1 -> 2025 | AJ4: 2018 | AK4: =AJ4+1 -> 2019 | AL4: =AK4+1 -> 2020 | AM4: =AL4+1 -> 2021 | AN4: =AM4+1 -> 2022 | AO4: =AN4+1 -> 2023 | AP4: =AO4+1 -> 2024 | AQ4: =AP4+1 -> 2025 | AS4: 2018 | AT4: =AS4+1 -> 2019 | AU4: =AT4+1 -> 2020 | AV4: =AU4+1 -> 2021 | AW4: =AV4+1 -> 2022 | AX4: =AW4+1 -> 2023 | AY4: =AX4+1 -> 2024 | AZ4: =AY4+1 -> 2025 | BB4: 2021 | BC4: 2022 | BD4: 2023 | BE4: 2024 | BF4: 2025 | BH4: 2021 | BI4: 2022 | BJ4: 2023 | BK4: 2024 | BL4: 2025 | BN4: 2022 | BO4: =BN4+1 -> 2023 | BP4: =BO4+1 -> 2024 | BQ4: =BP4+1 -> 2025 | BS4: 2022 | BU4: 2018 | BV4: =BU4+1 -> 2019 | BW4: =BV4+1 -> 2020 | BX4: =BW4+1 -> 2021 | BY4: =BX4+1 -> 2022 | BZ4: =BY4+1 -> 2023 | CA4: =BZ4+1 -> 2024 | CB4: =CA4+1 -> 2025 | CD4: '21→'24E | CF4: 2018 | CG4: =CF4+1 -> 2019 | CH4: =CG4+1 -> 2020 | CI4: =CH4+1 -> 2021 | CJ4: =CI4+1 -> 2022 | CK4: =CJ4+1 -> 2023 | CL4: =CK4+1 -> 2024 | CM4: =CL4+1 -> 2025 | CO4: '21→'24E | CW4: 2021→2023E
C6: Shoals | D6: ='TSM (SHLS)'!C6 -> 22.21 | E6: ='TSM (SHLS)'!L15 -> 169.25536 | F6: =D6*E6 -> 3759.1615 | G6: ='TSM (SHLS)'!L20 -> 4019.0085 | I6: =IS!D9 -> 103.75 | J6: =IS!E9 -> 144.496 | K6: 176 | L6: 213 | M6: 313 | N6: 502 | O6: 692 | P6: 873 | R6: =IS!D15 -> 28.168 | S6: =IS!E15 -> 44.212 | T6: 58 | U6: 74 | V6: 121 | W6: 195 | X6: 261 | Y6: 350 | AA6: =IS!D54 -> 21.168 | AB6: =IS!E54 -> 36.817 | AC6: 47 | AD6: 49 | AE6: 83 | AF6: 155 | AG6: 233 | AH6: 296 | AJ6: =IS!D54 -> 21.168 | AK6: =CF!D49 -> 1.719 | AL6: 3 | AM6: 8 | AN6: 6 | AO6: 8 | AP6: 9 | AQ6: #N/A | AS6: =AA6-AJ6 -> 0 | AT6: =AB6-AK6 -> 35.098 | AU6: =AC6-AL6 -> 44 | AV6: =AD6-AM6 -> 41 | AW6: =AE6-AN6 -> 77 | AX6: =AF6-AO6 -> 147 | AY6: =AG6-AP6 -> 224 | AZ6: =AH6-AQ6 -> #N/A | BB6: =$G6/L6 -> 18.868584 | BC6: =$G6/M6 -> 12.840283 | BD6: =$G6/N6 -> 8.005993 | BE6: =$G6/O6 -> 5.8078157 | BF6: =$G6/P6 -> 4.6036752 | BH6: =$G6/AD6 -> 82.020581 | BI6: =$G6/AE6 -> 48.421789 | BJ6: =$G6/AF6 -> 25.929087 | BK6: =$G6/AG6 -> 17.248963 | BL6: =$G6/AH6 -> 13.577731 | BN6: 32 | BO6: 93 | BP6: 150 | BQ6: 196 | BS6: =RATE(3,,-L6,O6) -> 0.4810697 | BU6: =R6/I6 -> 0.2714988 | BV6: =S6/J6 -> 0.30597387 | BW6: =T6/K6 -> 0.32954545 | BX6: =U6/L6 -> 0.34741784 | BY6: =V6/M6 -> 0.38658147 | BZ6: =W6/N6 -> 0.38844622 | CA6: =X6/O6 -> 0.37716763 | CB6: =Y6/P6 -> 0.40091638 | CD6: =AVERAGE(BX6:CA6) -> 0.37490329 | CF6: =AA6/I6 -> 0.20402892 | CG6: =AB6/J6 -> 0.25479598 | CH6: =AC6/K6 -> 0.26704545 | CI6: =AD6/L6 -> 0.23004695 | CJ6: =AE6/M6 -> 0.26517572 | CK6: =AF6/N6 -> 0.30876494 | CL6: =AG6/O6 -> 0.3367052 | CM6: =AH6/P6 -> 0.33906071 | CO6: =AVERAGE(CI6:CL6) -> 0.2851732 | CW6: {=av} -> #NAME?
C8: Solar Trackers
C9: Arctech | D9: ='TSM (Arctech)'!C6 -> 14.97 | E9: ='TSM (Arctech)'!L15 -> 135.7 | F9: =D9*E9 -> 2031.429 | G9: ='TSM (Arctech)'!L22 -> 2035.259 | I9: 285 | J9: 313 | K9: 430 | L9: 332 | M9: 547 | N9: 974 | O9: 1184 | P9: #N/A | R9: 57 | S9: 74 | T9: 87 | U9: 36 | V9: 93 | W9: 177 | X9: 230 | Y9: #N/A | AA9: 18 | AB9: 28 | AC9: 49 | AD9: -2 | AE9: 25 | AF9: 71 | AG9: 95 | AH9: #N/A | AJ9: 6 | AK9: 7 | AL9: 6 | AM9: 47 | AN9: 32 | AO9: 36 | AP9: 36 | AQ9: #N/A | AS9: =AA9-AJ9 -> 12 | AT9: =AB9-AK9 -> 21 | AU9: =AC9-AL9 -> 43 | AV9: =AD9-AM9 -> -49 | AW9: =AE9-AN9 -> -7 | AX9: =AF9-AO9 -> 35 | AY9: =AG9-AP9 -> 59 | AZ9: =AH9-AQ9 -> #N/A | BB9: =$G9/L9 -> 6.1302982 | BC9: =$G9/M9 -> 3.720766 | BD9: =$G9/N9 -> 2.0895883 | BE9: =$G9/O9 -> 1.7189688 | BF9: =$G9/P9 -> #N/A | BH9: =$G9/AD9 -> -1017.6295 | BI9: =$G9/AE9 -> 81.41036 | BJ9: =$G9/AF9 -> 28.66562 | BK9: =$G9/AG9 -> 21.423779 | BL9: =$G9/AH9 -> #N/A | BN9: 21 | BO9: 55 | BP9: 79 | BQ9: #N/A | BS9: =RATE(3,,-L9,O9) -> 0.52781654 | BU9: =R9/I9 -> 0.2 | BV9: =S9/J9 -> 0.23642173 | BW9: =T9/K9 -> 0.20232558 | BX9: =U9/L9 -> 0.10843373 | BY9: =V9/M9 -> 0.17001828 | BZ9: =W9/N9 -> 0.18172485 | CA9: =X9/O9 -> 0.19425676 | CB9: =Y9/P9 -> #N/A | CD9: =AVERAGE(BX9:CA9) -> 0.1636084 | CF9: =AA9/I9 -> 0.063157895 | CG9: =AB9/J9 -> 0.089456869 | CH9: =AC9/K9 -> 0.11395349 | CI9: =AD9/L9 -> -0.0060240964 | CJ9: =AE9/M9 -> 0.045703839 | CK9: =AF9/N9 -> 0.072895277 | CL9: =AG9/O9 -> 0.080236486 | CM9: =AH9/P9 -> #N/A | CO9: =AVERAGE(CI9:CL9) -> 0.048202877 | CW9: =RATE(3,,-N9,Q9) -> -0.99999974
C10: Array | D10: ='TSM (ARRY)'!C6 -> 16.03 | E10: ='TSM (ARRY)'!L15 -> 152.07916 | F10: =D10*E10 -> 2437.829 | G10: ='TSM (ARRY)'!L22 -> 3644.444 | I10: 291 | J10: 648 | K10: 873 | L10: 853 | M10: 1472 | N10: 1838 | O10: 2139 | P10: #N/A | R10: -15 | S10: 125 | T10: 177 | U10: 59 | V10: 209 | W10: 361 | X10: 460 | Y10: #N/A | AA10: -33 | AB10: 114 | AC10: 151 | AD10: 4 | AE10: 120 | AF10: 273 | AG10: 349 | AH10: #N/A | AJ10: 6 | AK10: 2 | AL10: 1 | AM10: 3 | AN10: 7 | AO10: 5 | AP10: 7 | AQ10: #N/A | AS10: =AA10-AJ10 -> -39 | AT10: =AB10-AK10 -> 112 | AU10: =AC10-AL10 -> 150 | AV10: =AD10-AM10 -> 1 | AW10: =AE10-AN10 -> 113 | AX10: =AF10-AO10 -> 268 | AY10: =AG10-AP10 -> 342 | AZ10: =AH10-AQ10 -> #N/A | BB10: =$G10/L10 -> 4.2725017 | BC10: =$G10/M10 -> 2.4758451 | BD10: =$G10/N10 -> 1.9828313 | BE10: =$G10/O10 -> 1.7038074 | BF10: =$G10/P10 -> #N/A | BH10: =$G10/AD10 -> 911.111 | BI10: =$G10/AE10 -> 30.370367 | BJ10: =$G10/AF10 -> 13.349612 | BK10: =$G10/AG10 -> 10.442533 | BL10: =$G10/AH10 -> #N/A | BN10: -54 | BO10: 55 | BP10: 109 | BQ10: #N/A | BS10: =RATE(3,,-L10,O10) -> 0.35858636 | BU10: =R10/I10 -> -0.051546392 | BV10: =S10/J10 -> 0.19290123 | BW10: =T10/K10 -> 0.20274914 | BX10: =U10/L10 -> 0.069167644 | BY10: =V10/M10 -> 0.1419837 | BZ10: =W10/N10 -> 0.19640914 | CA10: =X10/O10 -> 0.21505376 | CB10: =Y10/P10 -> #N/A | CD10: =AVERAGE(BX10:CA10) -> 0.15565356 | CF10: =AA10/I10 -> -0.11340206 | CG10: =AB10/J10 -> 0.17592593 | CH10: =AC10/K10 -> 0.17296678 | CI10: =AD10/L10 -> 0.0046893318 | CJ10: =AE10/M10 -> 0.081521739 | CK10: =AF10/N10 -> 0.14853101 | CL10: =AG10/O10 -> 0.16316036 | CM10: =AH10/P10 -> #N/A | CO10: =AVERAGE(CI10:CL10) -> 0.09947561 | CW10: =RATE(3,,-N10,Q10) -> -0.99999974
C11: Soltec | D11: ='TSM (Soltec)'!C6 -> 4.18 | E11: ='TSM (Soltec)'!L15 -> 90.95 | F11: =D11*E11 -> 380.171 | G11: ='TSM (Soltec)'!L22 -> 480.431 | I11: #N/A | J11: 355 | K11: 234 | L11: 345 | M11: 520 | N11: 610 | O11: 674 | P11: 775 | R11: #N/A | S11: 61 | T11: 18 | U11: 73 | V11: 188 | W11: 248 | X11: 290 | Y11: #N/A | AA11: #N/A | AB11: 18 | AC11: -22 | AD11: -24 | AE11: 18 | AF11: 56 | AG11: 85 | AH11: 109 | AJ11: #N/A | AK11: 5 | AL11: 6 | AM11: 103 | AN11: 127 | AO11: 140 | AP11: 163 | AQ11: 177 | AS11: =AA11-AJ11 -> #N/A | AT11: =AB11-AK11 -> 13 | AU11: =AC11-AL11 -> -28 | AV11: =AD11-AM11 -> -127 | AW11: =AE11-AN11 -> -109 | AX11: =AF11-AO11 -> -84 | AY11: =AG11-AP11 -> -78 | AZ11: =AH11-AQ11 -> -68 | BB11: =$G11/L11 -> 1.3925536 | BC11: =$G11/M11 -> 0.92390577 | BD11: =$G11/N11 -> 0.7875918 | BE11: =$G11/O11 -> 0.71280564 | BF11: =$G11/P11 -> 0.61991097 | BH11: =$G11/AD11 -> -20.017958 | BI11: =$G11/AE11 -> 26.690611 | BJ11: =$G11/AF11 -> 8.579125 | BK11: =$G11/AG11 -> 5.6521294 | BL11: =$G11/AH11 -> 4.4076239 | BN11: 2 | BO11: 23 | BP11: 33 | BQ11: 47 | BS11: =RATE(3,,-L11,O11) -> 0.25010627 | BU11: =R11/I11 -> #N/A | BV11: =S11/J11 -> 0.17183099 | BW11: =T11/K11 -> 0.076923077 | BX11: =U11/L11 -> 0.2115942 | BY11: =V11/M11 -> 0.36153846 | BZ11: =W11/N11 -> 0.40655738 | CA11: =X11/O11 -> 0.43026706 | CB11: =Y11/P11 -> #N/A | CD11: =AVERAGE(BX11:CA11) -> 0.35248928 | CF11: =AA11/I11 -> #N/A | CG11: =AB11/J11 -> 0.050704225 | CH11: =AC11/K11 -> -0.094017094 | CI11: =AD11/L11 -> -0.069565217 | CJ11: =AE11/M11 -> 0.034615385 | CK11: =AF11/N11 -> 0.091803279 | CL11: =AG11/O11 -> 0.12611276 | CM11: =AH11/P11 -> 0.14064516 | CO11: =AVERAGE(CI11:CL11) -> 0.045741551 | CW11: =RATE(3,,-N11,Q11) -> -0.99999974
C13: Solar Inverters
C14: Enphase | D14: ='TSM (ENPH)'!C6 -> 305.25 | E14: ='TSM (ENPH)'!L15 -> 142.19966 | F14: =D14*E14 -> 43406.445 | G14: ='TSM (ENPH)'!L23 -> 43170.255 | I14: 316 | J14: 624 | K14: 774 | L14: 1382 | M14: 2309 | N14: 3157 | O14: 3901 | P14: 4625 | R14: 94 | S14: 221 | T14: 344 | U14: 554 | V14: 957 | W14: 1282 | X14: 1614 | Y14: 1855 | AA14: 16 | AB14: 119 | AC14: 205 | AD14: 247 | AE14: 711 | AF14: 964 | AG14: 1171 | AH14: 1446 | AJ14: 4 | AK14: 15 | AL14: 21 | AM14: 51 | AN14: 43 | AO14: 56 | AP14: 66 | AQ14: 92 | AS14: =AA14-AJ14 -> 12 | AT14: =AB14-AK14 -> 104 | AU14: =AC14-AL14 -> 184 | AV14: =AD14-AM14 -> 196 | AW14: =AE14-AN14 -> 668 | AX14: =AF14-AO14 -> 908 | AY14: =AG14-AP14 -> 1105 | AZ14: =AH14-AQ14 -> 1354 | BB14: =$G14/L14 -> 31.237522 | BC14: =$G14/M14 -> 18.696516 | BD14: =$G14/N14 -> 13.674455 | BE14: =$G14/O14 -> 11.066459 | BF14: =$G14/P14 -> 9.3341093 | BH14: =$G14/AD14 -> 174.77836 | BI14: =$G14/AE14 -> 60.717659 | BJ14: =$G14/AF14 -> 44.782423 | BK14: =$G14/AG14 -> 36.866145 | BL14: =$G14/AH14 -> 29.854948 | BN14: 349 | BO14: 493 | BP14: 669 | BQ14: 751 | BS14: =RATE(3,,-L14,O14) -> 0.41326185 | BU14: =R14/I14 -> 0.29746835 | BV14: =S14/J14 -> 0.35416667 | BW14: =T14/K14 -> 0.44444444 | BX14: =U14/L14 -> 0.40086831 | BY14: =V14/M14 -> 0.41446514 | BZ14: =W14/N14 -> 0.40608172 | CA14: =X14/O14 -> 0.41374007 | CB14: =Y14/P14 -> 0.40108108 | CD14: =AVERAGE(BX14:CA14) -> 0.40878881 | CF14: =AA14/I14 -> 0.050632911 | CG14: =AB14/J14 -> 0.19070513 | CH14: =AC14/K14 -> 0.26485788 | CI14: =AD14/L14 -> 0.17872648 | CJ14: =AE14/M14 -> 0.30792551 | CK14: =AF14/N14 -> 0.30535318 | CL14: =AG14/O14 -> 0.30017944 | CM14: =AH14/P14 -> 0.31264865 | CO14: =AVERAGE(CI14:CL14) -> 0.27304615 | CW14: =RATE(3,,-N14,Q14) -> -0.99999974
C15: Generac | D15: ='TSM (GNRC)'!C6 -> 116.7 | E15: ='TSM (GNRC)'!L15 -> 64.798669 | F15: =D15*E15 -> 7562.0047 | G15: ='TSM (GNRC)'!L23 -> 8546.2617 | I15: 2023 | J15: 2241 | K15: 2522 | L15: 3774 | M15: 4668 | N15: 4568 | O15: 4975 | P15: 5824 | R15: 704 | S15: 769 | T15: 923 | U15: 1310 | V15: 1616 | W15: 1660 | X15: 1611 | Y15: 1988 | AA15: 405 | AB15: 433 | AC15: 546 | AD15: 828 | AE15: 888 | AF15: 921 | AG15: 1041 | AH15: 1364 | AJ15: 48 | AK15: 61 | AL15: 62 | AM15: 110 | AN15: 112 | AO15: 124 | AP15: 137 | AQ15: 164 | AS15: =AA15-AJ15 -> 357 | AT15: =AB15-AK15 -> 372 | AU15: =AC15-AL15 -> 484 | AV15: =AD15-AM15 -> 718 | AW15: =AE15-AN15 -> 776 | AX15: =AF15-AO15 -> 797 | AY15: =AG15-AP15 -> 904 | AZ15: =AH15-AQ15 -> 1200 | BB15: =$G15/L15 -> 2.2645103 | BC15: =$G15/M15 -> 1.8308187 | BD15: =$G15/N15 -> 1.8708979 | BE15: =$G15/O15 -> 1.7178416 | BF15: =$G15/P15 -> 1.4674213 | BH15: =$G15/AD15 -> 10.321572 | BI15: =$G15/AE15 -> 9.6241686 | BJ15: =$G15/AF15 -> 9.2793287 | BK15: =$G15/AG15 -> 8.2096654 | BL15: =$G15/AH15 -> 6.2655878 | BN15: 471 | BO15: 499 | BP15: 547 | BQ15: 714 | BS15: =RATE(3,,-L15,O15) -> 0.096470781 | BU15: =R15/I15 -> 0.34799802 | BV15: =S15/J15 -> 0.34315038 | BW15: =T15/K15 -> 0.36597938 | BX15: =U15/L15 -> 0.34711182 | BY15: =V15/M15 -> 0.3461868 | BZ15: =W15/N15 -> 0.36339755 | CA15: =X15/O15 -> 0.3238191 | CB15: =Y15/P15 -> 0.34134615 | CD15: =AVERAGE(BX15:CA15) -> 0.34512882 | CF15: =AA15/I15 -> 0.20019773 | CG15: =AB15/J15 -> 0.19321731 | CH15: =AC15/K15 -> 0.21649485 | CI15: =AD15/L15 -> 0.21939587 | CJ15: =AE15/M15 -> 0.19023136 | CK15: =AF15/N15 -> 0.20161996 | CL15: =AG15/O15 -> 0.20924623 | CM15: =AH15/P15 -> 0.2342033 | CO15: =AVERAGE(CI15:CL15) -> 0.20512336 | CW15: =RATE(3,,-N15,Q15) -> -0.99999974
C16: SMA | D16: ='TSM (SMTGY)'!C6 -> 50.84 | E16: ='TSM (SMTGY)'!L15 -> 34.7 | F16: =D16*E16 -> 1764.148 | G16: ='TSM (SMTGY)'!L23 -> 1582.258 | I16: 757 | J16: 910 | K16: 1021 | L16: 979 | M16: 1012 | N16: 1200 | O16: 1384 | P16: 1662 | R16: 93 | S16: 161 | T16: 162 | U16: 170 | V16: 188 | W16: 242 | X16: 300 | Y16: 296 | AA16: 7 | AB16: 29 | AC16: 17 | AD16: 30 | AE16: 56 | AF16: 94 | AG16: 136 | AH16: 194 | AJ16: 40 | AK16: 27 | AL16: 39 | AM16: 56 | AN16: 52 | AO16: 56 | AP16: 56 | AQ16: 62 | AS16: =AA16-AJ16 -> -33 | AT16: =AB16-AK16 -> 2 | AU16: =AC16-AL16 -> -22 | AV16: =AD16-AM16 -> -26 | AW16: =AE16-AN16 -> 4 | AX16: =AF16-AO16 -> 38 | AY16: =AG16-AP16 -> 80 | AZ16: =AH16-AQ16 -> 132 | BB16: =$G16/L16 -> 1.6161982 | BC16: =$G16/M16 -> 1.563496 | BD16: =$G16/N16 -> 1.3185483 | BE16: =$G16/O16 -> 1.14325 | BF16: =$G16/P16 -> 0.95202046 | BH16: =$G16/AD16 -> 52.741933 | BI16: =$G16/AE16 -> 28.254607 | BJ16: =$G16/AF16 -> 16.832532 | BK16: =$G16/AG16 -> 11.63425 | BL16: =$G16/AH16 -> 8.1559691 | BN16: 13 | BO16: 36 | BP16: 63 | BQ16: 117 | BS16: =RATE(3,,-L16,O16) -> 0.12232284 | BU16: =R16/I16 -> 0.12285337 | BV16: =S16/J16 -> 0.17692308 | BW16: =T16/K16 -> 0.15866797 | BX16: =U16/L16 -> 0.17364658 | BY16: =V16/M16 -> 0.18577075 | BZ16: =W16/N16 -> 0.20166667 | CA16: =X16/O16 -> 0.21676301 | CB16: =Y16/P16 -> 0.17809868 | CD16: =AVERAGE(BX16:CA16) -> 0.19446175 | CF16: =AA16/I16 -> 0.0092470277 | CG16: =AB16/J16 -> 0.031868132 | CH16: =AC16/K16 -> 0.016650343 | CI16: =AD16/L16 -> 0.030643514 | CJ16: =AE16/M16 -> 0.055335968 | CK16: =AF16/N16 -> 0.078333333 | CL16: =AG16/O16 -> 0.098265896 | CM16: =AH16/P16 -> 0.11672684 | CO16: =AVERAGE(CI16:CL16) -> 0.065644678 | CW16: =RATE(3,,-N16,Q16) -> -0.99999974
C17: SolarEdge | D17: ='TSM (SEDG)'!C6 -> 231.72 | E17: ='TSM (SEDG)'!L15 -> 57.578006 | F17: =D17*E17 -> 13341.975 | G17: ='TSM (SEDG)'!L23 -> 12359.602 | I17: 937 | J17: 1426 | K17: 1459 | L17: 1964 | M17: 3068 | N17: 3926 | O17: 4787 | P17: 5865 | R17: 319 | S17: 479 | T17: 461 | U17: 629 | V17: 829 | W17: 1173 | X17: 1506 | Y17: 1839 | AA17: 153 | AB17: 240 | AC17: 171 | AD17: 245 | AE17: 441 | AF17: 705 | AG17: 897 | AH17: 1086 | AJ17: 39 | AK17: 73 | AL17: 127 | AM17: 149 | AN17: 154 | AO17: 141 | AP17: 127 | AQ17: 132 | AS17: =AA17-AJ17 -> 114 | AT17: =AB17-AK17 -> 167 | AU17: =AC17-AL17 -> 44 | AV17: =AD17-AM17 -> 96 | AW17: =AE17-AN17 -> 287 | AX17: =AF17-AO17 -> 564 | AY17: =AG17-AP17 -> 770 | AZ17: =AH17-AQ17 -> 954 | BB17: =$G17/L17 -> 6.2930766 | BC17: =$G17/M17 -> 4.0285536 | BD17: =$G17/N17 -> 3.1481412 | BE17: =$G17/O17 -> 2.5819099 | BF17: =$G17/P17 -> 2.1073491 | BH17: =$G17/AD17 -> 50.447357 | BI17: =$G17/AE17 -> 28.026309 | BJ17: =$G17/AF17 -> 17.531351 | BK17: =$G17/AG17 -> 13.778821 | BL17: =$G17/AH17 -> 11.380849 | BN17: 173 | BO17: 421 | BP17: 595 | BQ17: 760 | BS17: =RATE(3,,-L17,O17) -> 0.34577973 | BU17: =R17/I17 -> 0.34044824 | BV17: =S17/J17 -> 0.33590463 | BW17: =T17/K17 -> 0.31596984 | BX17: =U17/L17 -> 0.32026477 | BY17: =V17/M17 -> 0.2702086 | BZ17: =W17/N17 -> 0.29877738 | CA17: =X17/O17 -> 0.31460205 | CB17: =Y17/P17 -> 0.31355499 | CD17: =AVERAGE(BX17:CA17) -> 0.3009632 | CF17: =AA17/I17 -> 0.16328709 | CG17: =AB17/J17 -> 0.16830295 | CH17: =AC17/K17 -> 0.11720356 | CI17: =AD17/L17 -> 0.12474542 | CJ17: =AE17/M17 -> 0.14374185 | CK17: =AF17/N17 -> 0.17957208 | CL17: =AG17/O17 -> 0.18738249 | CM17: =AH17/P17 -> 0.18516624 | CO17: =AVERAGE(CI17:CL17) -> 0.15886046 | CW17: =RATE(3,,-N17,Q17) -> -0.99999974
C19: Solar Module Manufacturers
C20: Canadian Solar | D20: ='TSM (CSIQ)'!C6 -> 31.93 | E20: ='TSM (CSIQ)'!L15 -> 67.732968 | F20: =D20*E20 -> 2162.7137 | G20: ='TSM (CSIQ)'!L22 -> 3661.2337 | I20: 3745 | J20: 3201 | K20: 3476 | L20: 5277 | M20: 7748 | N20: 9210 | O20: 9993 | P20: 11069 | R20: 775 | S20: 718 | T20: 690 | U20: 909 | V20: 1243 | W20: 1680 | X20: 1828 | Y20: #N/A | AA20: 449 | AB20: 427 | AC20: 412 | AD20: 441 | AE20: 532 | AF20: 843 | AG20: 1013 | AH20: 1117 | AJ20: 316 | AK20: 291 | AL20: 378 | AM20: 401 | AN20: 846 | AO20: 1185 | AP20: 744 | AQ20: 900 | AS20: =AA20-AJ20 -> 133 | AT20: =AB20-AK20 -> 136 | AU20: =AC20-AL20 -> 34 | AV20: =AD20-AM20 -> 40 | AW20: =AE20-AN20 -> -314 | AX20: =AF20-AO20 -> -342 | AY20: =AG20-AP20 -> 269 | AZ20: =AH20-AQ20 -> 217 | BB20: =$G20/L20 -> 0.69380968 | BC20: =$G20/M20 -> 0.47253919 | BD20: =$G20/N20 -> 0.39752808 | BE20: =$G20/O20 -> 0.36637983 | BF20: =$G20/P20 -> 0.33076463 | BH20: =$G20/AD20 -> 8.3021171 | BI20: =$G20/AE20 -> 6.8820182 | BJ20: =$G20/AF20 -> 4.3431004 | BK20: =$G20/AG20 -> 3.6142484 | BL20: =$G20/AH20 -> 3.2777383 | BN20: 155 | BO20: 342 | BP20: 353 | BQ20: 493 | BS20: =RATE(3,,-L20,O20) -> 0.23718961 | BU20: =R20/I20 -> 0.20694259 | BV20: =S20/J20 -> 0.2243049 | BW20: =T20/K20 -> 0.19850403 | BX20: =U20/L20 -> 0.17225696 | BY20: =V20/M20 -> 0.1604285 | BZ20: =W20/N20 -> 0.18241042 | CA20: =X20/O20 -> 0.18292805 | CB20: =Y20/P20 -> #N/A | CD20: =AVERAGE(BX20:CA20) -> 0.17450598 | CF20: =AA20/I20 -> 0.11989319 | CG20: =AB20/J20 -> 0.13339581 | CH20: =AC20/K20 -> 0.11852704 | CI20: =AD20/L20 -> 0.08357021 | CJ20: =AE20/M20 -> 0.068662881 | CK20: =AF20/N20 -> 0.091530945 | CL20: =AG20/O20 -> 0.10137096 | CM20: =AH20/P20 -> 0.10091246 | CO20: =AVERAGE(CI20:CL20) -> 0.086283749 | CW20: =RATE(3,,-N20,Q20) -> -0.99999974
C21: First Solar | D21: ='TSM (FSLR)'!C6 -> 132.67 | E21: ='TSM (FSLR)'!L15 -> 107.92247 | F21: =D21*E21 -> 14318.074 | G21: ='TSM (FSLR)'!L23 -> 12650.538 | I21: 2246 | J21: 3063 | K21: 2711 | L21: 2923 | M21: 2627 | N21: 3417 | O21: 4473 | P21: 5237 | R21: 394 | S21: 548 | T21: 681 | U21: 730 | V21: 123 | W21: 622 | X21: 1320 | Y21: 1827 | AA21: 267 | AB21: 451 | AC21: 597 | AD21: 720 | AE21: 300 | AF21: 818 | AG21: 1517 | AH21: 2317 | AJ21: 740 | AK21: 669 | AL21: 464 | AM21: 540 | AN21: 899 | AO21: 807 | AP21: 723 | AQ21: 437 | AS21: =AA21-AJ21 -> -473 | AT21: =AB21-AK21 -> -218 | AU21: =AC21-AL21 -> 133 | AV21: =AD21-AM21 -> 180 | AW21: =AE21-AN21 -> -599 | AX21: =AF21-AO21 -> 11 | AY21: =AG21-AP21 -> 794 | AZ21: =AH21-AQ21 -> 1880 | BB21: =$G21/L21 -> 4.3279296 | BC21: =$G21/M21 -> 4.8155836 | BD21: =$G21/N21 -> 3.7022353 | BE21: =$G21/O21 -> 2.8281999 | BF21: =$G21/P21 -> 2.4156078 | BH21: =$G21/AD21 -> 17.570192 | BI21: =$G21/AE21 -> 42.16846 | BJ21: =$G21/AF21 -> 15.465205 | BK21: =$G21/AG21 -> 8.3391813 | BL21: =$G21/AH21 -> 5.4598783 | BN21: -50 | BO21: 517 | BP21: 1112 | BQ21: 1653 | BS21: =RATE(3,,-L21,O21) -> 0.15236492 | BU21: =R21/I21 -> 0.17542297 | BV21: =S21/J21 -> 0.17890957 | BW21: =T21/K21 -> 0.25119882 | BX21: =U21/L21 -> 0.24974341 | BY21: =V21/M21 -> 0.046821469 | BZ21: =W21/N21 -> 0.18203102 | CA21: =X21/O21 -> 0.29510396 | CB21: =Y21/P21 -> 0.34886385 | CD21: =AVERAGE(BX21:CA21) -> 0.19342497 | CF21: =AA21/I21 -> 0.11887801 | CG21: =AB21/J21 -> 0.14724127 | CH21: =AC21/K21 -> 0.22021394 | CI21: =AD21/L21 -> 0.24632227 | CJ21: =AE21/M21 -> 0.11419871 | CK21: =AF21/N21 -> 0.23939128 | CL21: =AG21/O21 -> 0.33914599 | CM21: =AH21/P21 -> 0.44242887 | CO21: =AVERAGE(CI21:CL21) -> 0.23476456 | CW21: =RATE(3,,-N21,Q21) -> -0.99999974
C22: JinkoSolar | D22: ='TSM (JKS)'!C6 -> 45.94 | E22: ='TSM (JKS)'!L15 -> 50.12 | F22: =D22*E22 -> 2302.5128 | G22: ='TSM (JKS)'!L23 -> 7586.0828 | I22: 3785 | J22: 4305 | K22: 5090 | L22: 6330 | M22: 10875 | N22: 14125 | O22: 14906 | P22: #N/A | R22: 531 | S22: 786 | T22: 894 | U22: 1032 | V22: 1680 | W22: 2612 | X22: 2910 | Y22: #N/A | AA22: 222 | AB22: 389 | AC22: 466 | AD22: 485 | AE22: 428 | AF22: 986 | AG22: 1127 | AH22: #N/A | AJ22: 392 | AK22: 538 | AL22: 435 | AM22: 1043 | AN22: 2085 | AO22: 819 | AP22: 713 | AQ22: #N/A | AS22: =AA22-AJ22 -> -170 | AT22: =AB22-AK22 -> -149 | AU22: =AC22-AL22 -> 31 | AV22: =AD22-AM22 -> -558 | AW22: =AE22-AN22 -> -1657 | AX22: =AF22-AO22 -> 167 | AY22: =AG22-AP22 -> 414 | AZ22: =AH22-AQ22 -> #N/A | BB22: =$G22/L22 -> 1.1984333 | BC22: =$G22/M22 -> 0.69757083 | BD22: =$G22/N22 -> 0.53706781 | BE22: =$G22/O22 -> 0.50892814 | BF22: =$G22/P22 -> #N/A | BH22: =$G22/AD22 -> 15.641408 | BI22: =$G22/AE22 -> 17.724493 | BJ22: =$G22/AF22 -> 7.6937959 | BK22: =$G22/AG22 -> 6.7312181 | BL22: =$G22/AH22 -> #N/A | BN22: 42 | BO22: 298 | BP22: 338 | BQ22: #N/A | BS22: =RATE(3,,-L22,O22) -> 0.33041092 | BU22: =R22/I22 -> 0.14029062 | BV22: =S22/J22 -> 0.1825784 | BW22: =T22/K22 -> 0.17563851 | BX22: =U22/L22 -> 0.16303318 | BY22: =V22/M22 -> 0.15448276 | BZ22: =W22/N22 -> 0.18492035 | CA22: =X22/O22 -> 0.1952234 | CB22: =Y22/P22 -> #N/A | CD22: =AVERAGE(BX22:CA22) -> 0.17441492 | CF22: =AA22/I22 -> 0.058652576 | CG22: =AB22/J22 -> 0.090360046 | CH22: =AC22/K22 -> 0.091552063 | CI22: =AD22/L22 -> 0.076619273 | CJ22: =AE22/M22 -> 0.039356322 | CK22: =AF22/N22 -> 0.06980531 | CL22: =AG22/O22 -> 0.075607138 | CM22: =AH22/P22 -> #N/A | CO22: =AVERAGE(CI22:CL22) -> 0.065347011 | CW22: =RATE(3,,-N22,Q22) -> -0.99999974
C23: Maxeon | D23: ='TSM (MAXN)'!C6 -> 16.65 | E23: ='TSM (MAXN)'!L15 -> 45.112252 | F23: =D23*E23 -> 751.119 | G23: ='TSM (MAXN)'!L23 -> 823.038 | I23: 912 | J23: 1198 | K23: 845 | L23: 783 | M23: 1063 | N23: 1580 | O23: 1631 | P23: #N/A | R23: -104 | S23: -8 | T23: -13 | U23: -31 | V23: -58 | W23: 140 | X23: 194 | Y23: #N/A | AA23: -131 | AB23: -81 | AC23: -85 | AD23: -122 | AE23: -128 | AF23: 46 | AG23: 86 | AH23: #N/A | AJ23: 40 | AK23: 42 | AL23: 28 | AM23: 154 | AN23: 116 | AO23: 51 | AP23: 36 | AQ23: #N/A | AS23: =AA23-AJ23 -> -171 | AT23: =AB23-AK23 -> -123 | AU23: =AC23-AL23 -> -113 | AV23: =AD23-AM23 -> -276 | AW23: =AE23-AN23 -> -244 | AX23: =AF23-AO23 -> -5 | AY23: =AG23-AP23 -> 50 | AZ23: =AH23-AQ23 -> #N/A | BB23: =$G23/L23 -> 1.0511341 | BC23: =$G23/M23 -> 0.77425964 | BD23: =$G23/N23 -> 0.52091012 | BE23: =$G23/O23 -> 0.5046217 | BF23: =$G23/P23 -> #N/A | BH23: =$G23/AD23 -> -6.7462131 | BI23: =$G23/AE23 -> -6.4299843 | BJ23: =$G23/AF23 -> 17.89213 | BK23: =$G23/AG23 -> 9.5702093 | BL23: =$G23/AH23 -> #N/A | BN23: -253 | BO23: -75 | BP23: -57 | BQ23: #N/A | BS23: =RATE(3,,-L23,O23) -> 0.27711714 | BU23: =R23/I23 -> -0.11403509 | BV23: =S23/J23 -> -0.0066777963 | BW23: =T23/K23 -> -0.015384615 | BX23: =U23/L23 -> -0.039591315 | BY23: =V23/M23 -> -0.054562559 | BZ23: =W23/N23 -> 0.088607595 | CA23: =X23/O23 -> 0.11894543 | CB23: =Y23/P23 -> #N/A | CD23: =AVERAGE(BX23:CA23) -> 0.028349788 | CF23: =AA23/I23 -> -0.14364035 | CG23: =AB23/J23 -> -0.067612688 | CH23: =AC23/K23 -> -0.10059172 | CI23: =AD23/L23 -> -0.15581098 | CJ23: =AE23/M23 -> -0.12041392 | CK23: =AF23/N23 -> 0.029113924 | CL23: =AG23/O23 -> 0.052728387 | CM23: =AH23/P23 -> #N/A | CO23: =AVERAGE(CI23:CL23) -> -0.048595649 | CW23: =RATE(3,,-N23,Q23) -> -0.99999974
C25: Interconnects / Industrial Tech Comps
C26: Amphenol | D26: ='TSM (APH)'!C6 -> 76.43 | E26: ='TSM (APH)'!L15 -> 623.04578 | F26: =D26*E26 -> 47619.389 | G26: ='TSM (APH)'!L23 -> 51198.589 | I26: 8202 | J26: 8225 | K26: 8599 | L26: 10876 | M26: 12484 | N26: 12726 | O26: 13825 | P26: 14178 | R26: 2655 | S26: 2616 | T26: 2664 | U26: 3402 | V26: 3973 | W26: 4073 | X26: 4477 | Y26: 4498 | AA26: 1995 | AB26: 1957 | AC26: 1958 | AD26: 2571 | AE26: 2963 | AF26: 3087 | AG26: 3338 | AH26: 3460 | AJ26: 311 | AK26: 295 | AL26: 274 | AM26: 359 | AN26: 381 | AO26: 416 | AP26: 473 | AQ26: #N/A | AS26: =AA26-AJ26 -> 1684 | AT26: =AB26-AK26 -> 1662 | AU26: =AC26-AL26 -> 1684 | AV26: =AD26-AM26 -> 2212 | AW26: =AE26-AN26 -> 2582 | AX26: =AF26-AO26 -> 2671 | AY26: =AG26-AP26 -> 2865 | AZ26: =AH26-AQ26 -> #N/A | BB26: =$G26/L26 -> 4.7074833 | BC26: =$G26/M26 -> 4.1011366 | BD26: =$G26/N26 -> 4.0231486 | BE26: =$G26/O26 -> 3.7033337 | BF26: =$G26/P26 -> 3.6111291 | BH26: =$G26/AD26 -> 19.913881 | BI26: =$G26/AE26 -> 17.279308 | BJ26: =$G26/AF26 -> 16.585225 | BK26: =$G26/AG26 -> 15.338103 | BL26: =$G26/AH26 -> 14.79728 | BN26: 1841 | BO26: 1878 | BP26: 2079 | BQ26: 2107 | BS26: =RATE(3,,-L26,O26) -> 0.083258188 | BU26: =R26/I26 -> 0.32370154 | BV26: =S26/J26 -> 0.31805471 | BW26: =T26/K26 -> 0.30980347 | BX26: =U26/L26 -> 0.31279882 | BY26: =V26/M26 -> 0.31824736 | BZ26: =W26/N26 -> 0.32005343 | CA26: =X26/O26 -> 0.32383363 | CB26: =Y26/P26 -> 0.31725208 | CD26: =AVERAGE(BX26:CA26) -> 0.31873331 | CF26: =AA26/I26 -> 0.24323336 | CG26: =AB26/J26 -> 0.23793313 | CH26: =AC26/K26 -> 0.2277009 | CI26: =AD26/L26 -> 0.23639206 | CJ26: =AE26/M26 -> 0.2373438 | CK26: =AF26/N26 -> 0.24257426 | CL26: =AG26/O26 -> 0.24144665 | CM26: =AH26/P26 -> 0.24404006 | CO26: =AVERAGE(CI26:CL26) -> 0.23943919 | CW26: =RATE(3,,-N26,Q26) -> -0.99999974
C27: Eaton | D27: ='TSM (ETN)'!C6 -> 150.28 | E27: ='TSM (ETN)'!L15 -> 401.38281 | F27: =D27*E27 -> 60319.808 | G27: ='TSM (ETN)'!L23 -> 69431.808 | I27: 21609 | J27: 21390 | K27: 17858 | L27: 19628 | M27: 20683 | N27: 21753 | O27: 22850 | P27: 24364 | R27: 7114 | S27: 7052 | T27: 5445 | U27: 6315 | V27: 7195 | W27: 7665 | X27: 8513 | Y27: 8868 | AA27: 3885 | AB27: 3945 | AC27: 3132 | AD27: 3792 | AE27: 4182 | AF27: 4629 | AG27: 4884 | AH27: 5228 | AJ27: 565 | AK27: 587 | AL27: 400 | AM27: 575 | AN27: 640 | AO27: 661 | AP27: 726 | AQ27: 800 | AS27: =AA27-AJ27 -> 3320 | AT27: =AB27-AK27 -> 3358 | AU27: =AC27-AL27 -> 2732 | AV27: =AD27-AM27 -> 3217 | AW27: =AE27-AN27 -> 3542 | AX27: =AF27-AO27 -> 3968 | AY27: =AG27-AP27 -> 4158 | AZ27: =AH27-AQ27 -> 4428 | BB27: =$G27/L27 -> 3.5373858 | BC27: =$G27/M27 -> 3.3569505 | BD27: =$G27/N27 -> 3.1918268 | BE27: =$G27/O27 -> 3.0385912 | BF27: =$G27/P27 -> 2.8497705 | BH27: =$G27/AD27 -> 18.310076 | BI27: =$G27/AE27 -> 16.602537 | BJ27: =$G27/AF27 -> 14.99931 | BK27: =$G27/AG27 -> 14.216177 | BL27: =$G27/AH27 -> 13.280759 | BN27: 3029 | BO27: 3290 | BP27: 3464 | BQ27: 3651 | BS27: =RATE(3,,-L27,O27) -> 0.051970073 | BU27: =R27/I27 -> 0.32921468 | BV27: =S27/J27 -> 0.32968677 | BW27: =T27/K27 -> 0.30490536 | BX27: =U27/L27 -> 0.32173426 | BY27: =V27/M27 -> 0.34787023 | BZ27: =W27/N27 -> 0.35236519 | CA27: =X27/O27 -> 0.37256018 | CB27: =Y27/P27 -> 0.36397964 | CD27: =AVERAGE(BX27:CA27) -> 0.34863246 | CF27: =AA27/I27 -> 0.1797862 | CG27: =AB27/J27 -> 0.18443198 | CH27: =AC27/K27 -> 0.17538358 | CI27: =AD27/L27 -> 0.1931934 | CJ27: =AE27/M27 -> 0.20219504 | CK27: =AF27/N27 -> 0.21279823 | CL27: =AG27/O27 -> 0.21374179 | CM27: =AH27/P27 -> 0.21457889 | CO27: =AVERAGE(CI27:CL27) -> 0.20548212 | CW27: =RATE(3,,-N27,Q27) -> -0.99999974
C28: TE Connectivity | D28: ='TSM (TEL)'!C6 -> 122.65 | E28: ='TSM (TEL)'!L15 -> 322.81883 | F28: =D28*E28 -> 39593.729 | G28: ='TSM (TEL)'!L23 -> 43078.729 | I28: 13999 | J28: 13269 | K28: 12526 | L28: 15219 | M28: 16237 | N28: 16815 | O28: 17863 | P28: #N/A | R28: 4591 | S28: 4310 | T28: 3836 | U28: 4891 | V28: 5338 | W28: 5604 | X28: 5973 | Y28: #N/A | AA28: 3029 | AB28: 2867 | AC28: 2626 | AD28: 3434 | AE28: 3794 | AF28: 3955 | AG28: 4160 | AH28: #N/A | AJ28: 908 | AK28: 715 | AL28: 585 | AM28: 685 | AN28: 732 | AO28: 757 | AP28: #N/A | AQ28: #N/A | AS28: =AA28-AJ28 -> 2121 | AT28: =AB28-AK28 -> 2152 | AU28: =AC28-AL28 -> 2041 | AV28: =AD28-AM28 -> 2749 | AW28: =AE28-AN28 -> 3062 | AX28: =AF28-AO28 -> 3198 | AY28: =AG28-AP28 -> #N/A | AZ28: =AH28-AQ28 -> #N/A | BB28: =$G28/L28 -> 2.8305887 | BC28: =$G28/M28 -> 2.6531212 | BD28: =$G28/N28 -> 2.5619226 | BE28: =$G28/O28 -> 2.4116178 | BF28: =$G28/P28 -> #N/A | BH28: =$G28/AD28 -> 12.544767 | BI28: =$G28/AE28 -> 11.354436 | BJ28: =$G28/AF28 -> 10.89222 | BK28: =$G28/AG28 -> 10.355464 | BL28: =$G28/AH28 -> #N/A | BN28: 2373 | BO28: 2477 | BP28: 2693 | BQ28: #N/A | BS28: =RATE(3,,-L28,O28) -> 0.054846891 | BU28: =R28/I28 -> 0.327952 | BV28: =S28/J28 -> 0.32481724 | BW28: =T28/K28 -> 0.30624301 | BX28: =U28/L28 -> 0.3213746 | BY28: =V28/M28 -> 0.32875531 | BZ28: =W28/N28 -> 0.33327386 | CA28: =X28/O28 -> 0.33437832 | CB28: =Y28/P28 -> #N/A | CD28: =AVERAGE(BX28:CA28) -> 0.32944552 | CF28: =AA28/I28 -> 0.2163726 | CG28: =AB28/J28 -> 0.21606753 | CH28: =AC28/K28 -> 0.20964394 | CI28: =AD28/L28 -> 0.225639 | CJ28: =AE28/M28 -> 0.23366385 | CK28: =AF28/N28 -> 0.23520666 | CL28: =AG28/O28 -> 0.23288361 | CM28: =AH28/P28 -> #N/A | CO28: =AVERAGE(CI28:CL28) -> 0.23184828 | CW28: =RATE(3,,-N28,Q28) -> -0.99999974

Sheet Broker Estimates
C3: Broker Estimates
D4: Estimate Date | E4: Revenue | H4: EBITDA
C5: Broker | E5: 2022 | F5: 2023 | G5: Growth | H5: 2022 | I5: 2023 | J5: Growth | L5: Price
C7: Truist Securities | D7: 17 Oct '22 | E7: 315.3 | F7: 509.2 | G7: =F7/E7-1 -> 0.61496987 | H7: 84.3 | I7: 161.6 | J7: =I7/H7-1 -> 0.91696323 | L7: 30
C8: Piper Sandler Companies | D8: 14 Oct '22 | E8: 304.1 | F8: 508.2 | G8: =F8/E8-1 -> 0.6711608 | H8: 80.6 | I8: 166.3 | J8: =I8/H8-1 -> 1.0632754 | L8: 28
C9: Roth Capital Partners | D9: 29 Sep '22 | E9: 301.5 | F9: 426.8 | G9: =F9/E9-1 -> 0.41558872 | H9: 79.1 | I9: 118 | J9: =I9/H9-1 -> 0.49178255 | L9: 40
C10: Cowen & Company | D10: 15 Sep '22 | E10: 302.4 | F10: 478.8 | G10: =F10/E10-1 -> 0.58333333 | H10: 67.7 | I10: 136.5 | J10: =I10/H10-1 -> 1.0162482 | L10: 37.5
C11: Oppenheimer | D11: 16 Aug '22 | E11: 315.2 | F11: 520.4 | G11: =F11/E11-1 -> 0.65101523 | H11: 82.6 | I11: 156.9 | J11: =I11/H11-1 -> 0.89951574 | L11: 40
C12: Consensus | E12: ='Comparables Analysis'!M6 -> 313 | F12: ='Comparables Analysis'!N6 -> 502 | G12: =F12/E12-1 -> 0.60383387 | H12: ='Comparables Analysis'!AE6 -> 83 | I12: ='Comparables Analysis'!AF6 -> 155 | J12: =I12/H12-1 -> 0.86746988
C18: Broker | D18: Target Price
C19: Current | D19: ='TSM (SHLS)'!C6 -> 22.21
C21: =C7 -> Truist Securities | D21: =L7 -> 30
C22: =C8 -> Piper Sandler Companies | D22: =L8 -> 28
C23: =C9 -> Roth Capital Partners | D23: =L9 -> 40
C24: =C10 -> Cowen & Company | D24: =L10 -> 37.5
C25: =C11 -> Oppenheimer | D25: =L11 -> 40

Sheet Comps Charts
E3: Valuation Benchmarking | U3: Operational Benchmarking | AC3: Operational Benchmarking | AN3: Operational Benchmarking
